Workbook

Sheet RREO_Jun_2021
A1: Prefeitura Municipal de Cacapava do Sul - RS
A2: Relatório Resumido da Execução Orçamentária
A3: Demonstrativo Simplificado do Relatório Resumido da Execução Orçamentária
A4: Orçamentos Fiscal e da Seguridade Social
A5: Janeiro a Junho 2021/Bimestre Maio-Junho
A6: RREO - Anexo 14 (LRF, Art. 48) | F6: Em Reais
A7: BALANÇO ORÇAMENTÁRIO | D7: Até o bimestre
A8: RECEITAS
B9: Previsão Inicial | D9: 1.4036171e+08
B10: Previsão Atualizada | D10: 1.4311255e+08
B11: Receitas Realizadas | D11: 69783992
B12: Déficit Orçamentário | D12: -
B13: Saldos de Exercícios Anteriores(Utilizados para Créditos Adicionais) | D13: 3035789
A14: DESPESAS
B15: Dotação Inicial | D15: 1.3739269e+08
B16: Dotação Atualizada | D16: 143642569
B17: Despesas Empenhadas | D17: 68392937
B18: Despesas Liquidadas | D18: 62521744
B19: Despesas Pagas | D19: 58396882
B20: Superávit Orçamentário | D20: 7262248.4
A22: DESPESAS POR FUNÇÃO/SUBFUNÇÃO | D22: Até o bimestre
A23: Despesas Empenhadas | D23: 68392937
A24: Despesas Liquidadas | D24: 62521744
A26: RECEITA CORRENTE LÍQUIDA - RCL | D26: Até o bimestre
A27: Receita Corrente Líquida | D27: =103790631.47 -> 1.0379063e+08
A28: Receita Corrente Líquida Ajustada para Cálculo dos Limites de Endividamento | D28: =110065662.63+100000 -> 1.1016566e+08
A29: Receita Corrente Líquida Ajustada para Cálculo dos Limites da Despesa com Pessoal | D29: =110065662.63+100000 -> 1.1016566e+08
A31: RECEITAS E DESPESAS DO REGIME PRÓPRIO DE PREVIDÊNCIA DOS SERVIDORES | D31: Até o bimestre
A32: Regime Próprio de Previdência Social dos Servidores - PLANO PREVIDENCIÁRIO
B33: Receitas Previdenciárias Realizadas | D33: 8071340.2
B34: Despesas Previdenciárias Empenhadas | D34: 11148031
B35: Despesas Previdenciárias Liquidadas | D35: 11148031
B36: Resultado Previdenciário | D36: -3076691.2
A37: Regime Próprio de Previdência Social dos Servidores - PLANO FINANCEIRO
B38: Receitas Previdenciárias Realizadas | D38: 0
B39: Despesas Previdenciárias Empenhadas | D39: 0
B40: Despesas Previdenciárias Liquidadas | D40: 0
B41: Resultado Previdenciário | D41: 0
A43: RESULTADOS PRIMÁRIO E NOMINAL | D43: Meta Fixada no | E43: Resultado Apurado | F43: % em Relação à Meta
D44: Anexo de Metas | E44: Até o Bimestre
D45: Fiscais da LDO
D46: (a) | E46: (b) | F46: (b/a)
A47: Resultado Primário | D47: 0 | E47: 4386316.8
A48: Resultado Nominal | D48: 0 | E48: 4858152.4
A50: RESTOS A PAGAR POR PODER E MINISTÉRIO PÚBLICO | D50: Inscrição | E50: Cancelamento | F50: Pagamento | G50: Saldo
E51: Até o bimestre | F51: Até o bimestre | G51: a Pagar
B52: RESTOS A PAGAR PROCESSADOS | D52: 26684024 | E52: 6449.51 | F52: 5667324.2 | G52: 21010250
C53: Poder Executivo | D53: 26681873 | E53: 6449.51 | F53: 5665173.3 | G53: 21010250
C54: Poder Legislativo | D54: 2150.91 | E54: 0 | F54: 2150.91 | G54: 0
B55: RESTOS A PAGAR NÃO-PROCESSADOS | D55: 2756615.1 | E55: 3746.79 | F55: 1023275.1 | G55: 1729593.2
C56: Poder Executivo | D56: 2756615.1 | E56: 3746.79 | F56: 1023275.1 | G56: 1729593.2
C57: Poder Legislativo | D57: 0 | E57: 0 | F57: 0 | G57: 0
A58: TOTAL | D58: 29440639 | E58: 10196.3 | F58: 6690599.4 | G58: 22739844
E60: Limites Constitucionais Anuais
A61: DESPESAS COM MANUTENÇÃO E DESENVOLVIMENTO DO ENSINO | D61: Valor Apurado | E61: % Mínimo a | F61: % Aplicado Até o
D62: Até o Bimestre | E62: Aplicar no Exercício | F62: Bimestre
A63: Mínimo Anual de 25% das Receitas de Impostos na Manutenção e Desenvolvimento do Ensino | D63: =6302879.71 -> 6302879.7 | E63: 0.25 | F63: 16.23
A64: Mínimo Anual de 70% do FUNDEB na Remuneração dos Profissionais da Educação Básica | D64: 0 | E64: 0.7 | F64: 0
A65: Percentual de 50% da Complementação da União ao FUNDEB (VAAT) na Educação Infantil | D65: 0 | E65: 0.5 | F65: 0
A66: Mínimo de 15% da Complementação da União ao FUNDEB (VAAT) em Despesas de Capital | D66: 0 | E66: 0.15 | F66: 0
D68: Valor Apurado | E68: Limite Constitucional Anual
A69: DESPESAS COM AÇÕES E SERVIÇOS PÚBLICOS DE SAÚDE | D69: Até o Bimestre | E69: % Mínimo a | F69: % Aplicado Até o Bimestre
E70: Aplicar no exercicio
A71: Despesas com Ações e Serviços Públicos de Saúde executadas com recursos de impostos | D71: =8228214.15 -> 8228214.2 | E71: 0.15 | F71: 21.18
A73: DESPESAS DE CARÁTER CONTINUADO DERIVADAS DE PPP | D73: Valor Apurado no Exercício Corrente
A74: Total das Despesas/RCL (%) | D74: 0
A75: FONTE: GOVBR RF - Responsabilidade Fiscal, SECRETARIA DE MUNICÍPIO DA FAZENDA, 28/Jul/2021, 09h e 13m.
C81: Giovani Amestoy da Silva | D81: Ihoko Nakashima Mota | G81: Arlei Lopes Souza
C82: Prefeito Municipal | D82: Secret. de Município da Fazenda | F82: Contador - CRC/RS: 068452/O-6

Sheet BalOrç
A1: Prefeitura Municipal de Cacapava do Sul-RS | Q1: Página 1 de 3
A2: Relatório Resumido da Execução Orçamentária
A3: Balanço Orçamentário
A4: Orçamento Fiscal e da Seguridade Social
A5: Janeiro a Junho 2021/Bimestre Maio-Junho
A7: RREO - Anexo 1 (LRF, Art. 52, inciso I, alineas "a" e "b" do inciso II e §1º) | O7: R$ 1,00
A8: RECEITAS | B8: PREVISÃO INICIAL | D8: PREVISÃO ATUALIZADA (a) | E8: RECEITAS REALIZADAS | K8: SALDO (a-c)
E9: No Bimestre (b) | F9: % (b/a) | G9: Até o Bimestre (c) | J9: % (c/a)
A10: RECEITAS (EXCETO INTRAORÇAMENTÁRIAS) (I) | B10: 122.816.285,74 | D10: 125.567.125,12 | E10: 19.149.437,34 | F10: 15,25 | G10: 56.662.156,57 | J10: 45,12 | K10: 68.904.968,55
A11: Receitas Correntes | B11: 121.126.571,23 | D11: 123.877.410,61 | E11: 18.802.777,72 | F11: 15,18 | G11: 56.312.408,96 | J11: 45,46 | K11: 67.565.001,65
A12: Impostos, Taxas e Contribuições de Melhoria | B12: 16.660.976,72 | D12: 16.660.976,72 | E12: 2.021.546,81 | F12: 12,13 | G12: 6.964.815,71 | J12: 41,80 | K12: 9.696.161,01
A13: Impostos | B13: 14.327.900,03 | D13: 14.327.900,03 | E13: 1.962.688,49 | F13: 13,70 | G13: 6.607.780,34 | J13: 46,12 | K13: 7.720.119,69
A14: Taxas | B14: 1.336.827,53 | D14: 1.336.827,53 | E14: 58.858,24 | F14: 4,40 | G14: 357.035,12 | J14: 26,71 | K14: 979.792,41
A15: Contribuição de Melhoria | B15: 996.249,16 | D15: 996.249,16 | E15: 0,08 | F15: - | G15: 0,25 | J15: - | K15: 996.248,91
A16: Contribuições | B16: 6.515.567,25 | D16: 6.515.567,25 | E16: 1.224.700,91 | F16: 18,80 | G16: 3.746.498,07 | J16: 57,50 | K16: 2.769.069,18
A17: Contribuições Sociais | B17: 5.583.836,41 | D17: 5.583.836,41 | E17: 1.054.800,17 | F17: 18,89 | G17: 3.232.771,31 | J17: 57,90 | K17: 2.351.065,10
A18: Contribuição para o Custeio do Serviço de Iluminação Pública | B18: 931.730,84 | D18: 931.730,84 | E18: 169.900,74 | F18: 18,23 | G18: 513.726,76 | J18: 55,14 | K18: 418.004,08
A19: Receita Patrimonial | B19: 6.420.844,14 | D19: 6.420.844,14 | E19: 219.241,76 | F19: 3,41 | G19: 491.344,87 | J19: 7,65 | K19: 5.929.499,27
A20: Exploração do Patrimônio Imobiliário do Estado | B20: 156.935,38 | D20: 156.935,38 | E20: 1.280,80 | F20: 0,82 | G20: 5.075,63 | J20: 3,23 | K20: 151.859,75
A21: Valores Mobiliários | B21: 6.263.908,76 | D21: 6.263.908,76 | E21: 217.960,96 | F21: 3,48 | G21: 486.269,24 | J21: 7,76 | K21: 5.777.639,52
... A28: Transferências dos Municípios e de suas Entidades | B28: 3.100.000,00 | D28: 3.100.000,00 | E28: 5.608,14 | F28: 0,18 | G28: 16.824,42 | J28: 0,54 | K28: 3.083.175,58
A29: Transferências de Instituições Privadas | B29: 4 | D29: 4,00 | E29: - | F29: - | G29: - | J29: - | K29: 4,00
A30: Transferências de Outras Instituições Públicas | B30: 19.076.280,00 | D30: 21.827.119,38 | E30: 4.289.388,59 | F30: 19,65 | G30: 12.865.617,64 | J30: 58,94 | K30: 8.961.501,74
A31: Transferências de Pessoas Físicas | B31: 300.000,00 | D31: 300.000,00 | E31: 2.450,00 | F31: 0,82 | G31: 3.850,00 | J31: 1,28 | K31: 296.150,00
A32: Outras Receitas Correntes | B32: 6.877.380,05 | D32: 6.877.380,05 | E32: 348.561,82 | F32: 5,07 | G32: 936.095,53 | J32: 13,61 | K32: 5.941.284,52
A33: Multas Administrativas, Contratuais e Judiciais | B33: 80.000,00 | D33: 80.000,00 | E33: 18.101,94 | F33: 22,63 | G33: 31.764,33 | J33: 39,71 | K33: 48.235,67
A34: Indenizações, Restituições e Ressarcimentos | B34: 3.720.664,90 | D34: 3.720.664,90 | E34: 7.322,34 | F34: 0,20 | G34: 33.764,22 | J34: 0,91 | K34: 3.686.900,68
A35: Demais Receitas Correntes | B35: 3.076.715,15 | D35: 3.076.715,15 | E35: 323.137,54 | F35: 10,50 | G35: 870.566,98 | J35: 28,30 | K35: 2.206.148,17
A36: Receitas de Capital | B36: 1.689.714,51 | D36: 1.689.714,51 | E36: 346.659,62 | F36: 20,52 | G36: 349.747,61 | J36: 20,70 | K36: 1.339.966,90
A37: Amortização de Empréstimos | B37: 60.000,00 | D37: 60.000,00 | E37: 263,85 | F37: 0,44 | G37: 351,80 | J37: 0,59 | K37: 59.648,20
A38: Transferências de Capital | B38: 1.618.818,66 | D38: 1.618.818,66 | E38: 340.066,03 | F38: 21,01 | G38: 340.066,03 | J38: 21,01 | K38: 1.278.752,63
A39: Transferências da União e de suas Entidades | B39: 1.598.818,66 | D39: 1.598.818,66 | E39: 290.066,03 | F39: 18,14 | G39: 290.066,03 | J39: 18,14 | K39: 1.308.752,63
A40: Transf dos Estados e do Distrito Federal e de suas Entidades | B40: 20.000,00 | D40: 20.000,00 | E40: 50.000,00 | F40: 250,00 | G40: 50.000,00 | J40: 250,00 | K40: (30.000,00)
A41: Outras Receitas de Capital | B41: 10.895,85 | D41: 10.895,85 | E41: 6.329,74 | F41: 58,09 | G41: 9.329,78 | J41: 85,63 | K41: 1.566,07
... A47: OPERAÇÕES DE CRÉDITO / REFINANCIAMENTO (IV) | B47: - | D47: - | E47: - | F47: - | G47: - | J47: - | K47: -
A49: Prefeitura Municipal de Cacapava do Sul-RS | Q49: Página 2 de 3
A50: Relatório Resumido da Execução Orçamentária
A51: Balanço Orçamentário
A52: Orçamento Fiscal e da Seguridade Social
A53: Janeiro a Junho 2021/Bimestre Maio-Junho
A55: RREO - Anexo 1 (LRF, Art. 52, inciso I, alineas "a" e "b" do inciso II e §1º) | O55: R$ 1,00
A56: RECEITAS | B56: PREVISÃO INICIAL | D56: PREVISÃO ATUALIZADA (a) | E56: RECEITAS REALIZADAS | K56: SALDO (a-c)
E57: No Bimestre (b) | F57: % (b/a) | G57: Até o Bimestre (c) | J57: % (c/a)
A58: Operações de Crédito - Mercado Interno | B58: - | D58: - | E58: - | F58: - | G58: - | J58: - | K58: -
A59: Operações de Crédito - Mercado Externo | B59: - | D59: - | E59: - | F59: - | G59: - | J59: - | K59: -
A60: TOTAL DAS RECEITAS (V) = (III + IV) | B60: 140.361.710,27 | D60: 143.112.549,65 | E60: 23.261.959,84 | F60: 16,25 | G60: 69.783.992,23 | J60: 48,76 | K60: 73.328.557,42
A61: DÉFICIT (VI)¹ | B61: - | D61: - | E61: - | F61: - | G61: - | J61: - | K61: -
A62: TOTAL COM DÉFICIT (VII) = (V + VI) | B62: 140.361.710,27 | D62: 143.112.549,65 | E62: 23.261.959,84 | F62: 16,25 | G62: 69.783.992,23 | J62: 48,76 | K62: 73.328.557,42
A63: SALDOS DE EXERCÍCIOS ANTERIORES | B63: - | D63: 3.035.789,01 | E63: - | F63: - | G63: 3.035.789,01 | J63: - | K63: -
A64: Superávit Financeiro Utilizado para Créditos Adicionais | B64: - | D64: 3.035.789,01 | E64: - | F64: - | G64: 3.035.789,01 | J64: - | K64: -
A66: DESPESAS | B66: DOTAÇÃO INICIAL (d) | D66: DOTAÇÃO ATUALIZADA (e) | E66: DESPESAS EMPENHADAS | I66: SALDO (g)=(e-f) | K66: DESPESAS LIQUIDADAS | N66: SALDO (i)=(e-h) | O66: DESPESAS PAGAS ATÉ O BIMESTRE (j) | P66: INSCRITAS EM RESTOS A PAGAR NÃO PROCESSADOS (k)
E67: No Bimestre | F67: Até o Bimestre (f) | K67: No Bimestre | M67: Até o Bimestre (h)
A68: DESPESAS (EXCETO INTRAORÇAMENTÁRIAS) (VIII) | B68: 110.886.712,01 | D68: 116.423.501,40 | E68: 16.140.534,95 | F68: 57.106.629,54 | I68: 59.316.871,86 | K68: 17.950.321,79 | M68: 51.235.435,92 | N68: 65.188.065,48 | O68: 48.910.795,48 | P68: -
A69: DESPESAS CORRENTES | B69: 106.197.640,80 | D69: 111.741.220,26 | E69: 15.932.543,84 | F69: 56.606.227,05 | I69: 55.134.993,21 | K69: 17.807.831,84 | M69: 51.033.992,29 | N69: 60.707.227,97 | O69: 48.730.002,75 | P69: -
A70: PESSOAL E ENCARGOS SOCIAIS | B70: 73.555.477,31 | D70: 75.671.705,27 | E70: 11.244.680,38 | F70: 34.813.979,37 | I70: 40.857.725,90 | K70: 11.261.959,07 | M70: 34.723.063,18 | N70: 40.948.642,09 | O70: 34.267.746,83 | P70: -
A71: JUROS E ENCARGOS DA DÍVIDA | B71: 48.629,00 | D71: 48.629,00 | E71: - | F71: 39.053,84 | I71: 9.575,16 | K71: 16.737,36 | M71: 33.474,72 | N71: 15.154,28 | O71: 33.474,72 | P71: -
A72: OUTRAS DESPESAS CORRENTES | B72: 32.593.534,49 | D72: 36.020.885,99 | E72: 4.687.863,46 | F72: 21.753.193,84 | I72: 14.267.692,15 | K72: 6.529.135,41 | M72: 16.277.454,39 | N72: 19.743.431,60 | O72: 14.428.781,20 | P72: -
A73: DESPESAS DE CAPITAL | B73: 3.375.300,70 | D73: 4.673.296,96 | E73: 207.991,11 | F73: 500.402,49 | I73: 4.172.894,47 | K73: 142.489,95 | M73: 201.443,63 | N73: 4.471.853,33 | O73: 180.792,73 | P73: -
A74: INVESTIMENTOS | B74: 3.113.464,32 | D74: 4.511.350,58 | E74: 207.991,11 | F74: 500.402,49 | I74: 4.010.948,09 | K74: 142.489,95 | M74: 201.443,63 | N74: 4.309.906,95 | O74: 180.792,73 | P74: -
A75: INVERSÕES FINANCEIRAS | B75: 12.563,00 | D75: 12.573,00 | E75: - | F75: - | I75: 12.573,00 | K75: - | M75: - | N75: 12.573,00 | O75: - | P75: -
A76: AMORTIZAÇÃO DA DÍVIDA | B76: 249.273,38 | D76: 149.373,38 | E76: - | F76: - | I76: 149.373,38 | K76: - | M76: - | N76: 149.373,38 | O76: - | P76: -
A77: RESERVA DE CONTINGÊNCIA | B77: 1.313.770,51 | D77: 8.984,18 | E77: - | F77: - | I77: 8.984,18 | K77: - | M77: - | N77: 8.984,18 | O77: - | P77: -
A78: DESPESAS (INTRAORÇAMENTÁRIAS) (IX) | B78: 26.505.978,60 | D78: 27.219.067,60 | E78: 3.706.028,88 | F78: 11.286.307,87 | I78: 15.932.759,73 | K78: 3.706.028,88 | M78: 11.286.307,87 | N78: 15.932.759,73 | O78: 9.486.086,03 | P78: -
A79: SUBTOTAL DAS DESPESAS (X) = (VIII + IX) | B79: 137.392.690,61 | D79: 143.642.569,00 | E79: 19.846.563,83 | F79: 68.392.937,41 | I79: 75.249.631,59 | K79: 21.656.350,67 | M79: 62.521.743,79 | N79: 81.120.825,21 | O79: 58.396.881,51 | P79: -
... A86: RESERVA DO RPPS | B86: 2.985.119,66 | D86: 2.985.119,66 | E86: - | F86: - | I86: 2.985.119,66 | K86: - | M86: - | N86: 2.985.119,66 | O86: - | P86: -
A90: Prefeitura Municipal de Cacapava do Sul-RS | Q90: Página 3 de 3
A91: Relatório Resumido da Execução Orçamentária
A92: Balanço Orçamentário
A93: Orçamento Fiscal e da Seguridade Social
A94: Janeiro a Junho 2021/Bimestre Maio-Junho
A96: RREO - Anexo 1 (LRF, Art. 52, inciso I, alineas "a" e "b" do inciso II e §1º) | O96: R$ 1,00
A97: RECEITAS INTRAORÇAMENTÁRIAS | B97: PREVISÃO INICIAL | D97: PREVISÃO ATUALIZADA (a) | E97: RECEITAS REALIZADAS | K97: SALDO (a-c)
E98: No Bimestre (b) | F98: % (b/a) | G98: Até o Bimestre (c) | J98: % (c/a)
A99: RECEITAS (INTRAORÇAMENTÁRIAS) (II) | B99: 17.545.424,53 | D99: 17.545.424,53 | E99: 4.112.522,50 | F99: 23,44 | G99: 13.121.835,66 | J99: - | K99: 4.423.588,87
A100: Receitas Correntes Intraorçamentárias | B100: 17.003.424,53 | D100: 17.003.424,53 | E100: 4.112.522,50 | F100: 24,19 | G100: 13.105.507,45 | J100: - | K100: 3.897.917,08
A101: Contribuições | B101: 7.617.038,59 | D101: 7.617.038,59 | E101: 1.665.122,99 | F101: 21,86 | G101: 5.958.155,73 | J101: - | K101: 1.658.882,86
A102: Contribuições Sociais | B102: 7.617.038,59 | D102: 7.617.038,59 | E102: 1.665.122,99 | F102: 21,86 | G102: 5.958.155,73 | J102: - | K102: 1.658.882,86
A103: Outras Receitas Correntes | B103: 9.386.385,94 | D103: 9.386.385,94 | E103: 2.447.399,51 | F103: 26,07 | G103: 7.147.351,72 | J103: - | K103: 2.239.034,22
A104: Demais Receitas Correntes | B104: 9.386.385,94 | D104: 9.386.385,94 | E104: 2.447.399,51 | F104: 26,07 | G104: 7.147.351,72 | J104: - | K104: 2.239.034,22
A105: Receitas de Capital Intraorçamentárias | B105: 542.000,00 | D105: 542.000,00 | E105: - | F105: - | G105: 16.328,21 | J105: - | K105: 525.671,79
A106: Amortização de Empréstimos | B106: 542.000,00 | D106: 542.000,00 | E106: - | F106: - | G106: 16.328,21 | J106: - | K106: 525.671,79
A108: DESPESAS INTRAORÇAMENTÁRIAS | B108: DOTAÇÃO INICIAL (d) | D108: DOTAÇÃO ATUALIZADA (e) | E108: DESPESAS EMPENHADAS | I108: SALDO (g)=(e-f) | K108: DESPESAS LIQUIDADAS | N108: SALDO (i)=(e-h) | O108: DESPESAS PAGAS ATÉ O BIMESTRE (j) | P108: INSCRITAS EM RESTOS A PAGAR NÃO PROCESSADOS (k)
E109: No Bimestre | F109: Até o Bimestre (f) | K109: No Bimestre | M109: Até o Bimestre (h)
A110: DESPESAS (INTRAORÇAMENTÁRIAS) (IX) | B110: 26.505.978,60 | D110: 27.219.067,60 | E110: 3.706.028,88 | F110: 11.286.307,87 | I110: 15.932.759,73 | K110: 3.706.028,88 | M110: 11.286.307,87 | N110: 15.932.759,73 | O110: 9.486.086,03 | P110: -
A111: DESPESAS CORRENTES | B111: 26.505.934,60 | D111: 27.219.023,60 | E111: 3.706.028,88 | F111: 11.286.307,87 | I111: 15.932.715,73 | K111: 3.706.028,88 | M111: 11.286.307,87 | N111: 15.932.715,73 | O111: 9.486.086,03 | P111: -
A112: PESSOAL E ENCARGOS SOCIAIS | B112: 24.634.803,56 | D112: 25.320.892,56 | E112: 3.440.438,39 | F112: 10.489.593,83 | I112: 14.831.298,73 | K112: 3.440.438,39 | M112: 10.489.593,83 | N112: 14.831.298,73 | O112: 8.821.454,36 | P112: -
A113: JUROS E ENCARGOS DA DÍVIDA | B113: 2 | D113: 2,00 | E113: - | F113: - | I113: 2,00 | K113: - | M113: - | N113: 2,00 | O113: - | P113: -
A114: OUTRAS DESPESAS CORRENTES | B114: 1.871.129,04 | D114: 1.898.129,04 | E114: 265.590,49 | F114: 796.714,04 | I114: 1.101.415,00 | K114: 265.590,49 | M114: 796.714,04 | N114: 1.101.415,00 | O114: 664.631,67 | P114: -
A115: DESPESAS DE CAPITAL | B115: 44 | D115: 44,00 | E115: - | F115: - | I115: 44,00 | K115: - | M115: - | N115: 44,00 | O115: - | P115: -
A116: AMORTIZAÇÃO DA DÍVIDA | B116: 44 | D116: 44,00 | E116: - | F116: - | I116: 44,00 | K116: - | M116: - | N116: 44,00 | O116: - | P116: -
A117: FONTE: GOVBR RF - Responsabilidade Fiscal, SECRETARIA DE MUNICÍPIO DA FAZENDA, 28/Jul/2021, 13h e 20m.
A118: 1 O déficit será apurado pela diferença entre a receita realizada e a despesa liquidada nos cinco primeiros bimestres e a despesa empenhada no último bimestre.

Sheet SubFunç
A1: Prefeitura Municipal de Cacapava do Sul - RS
A2: Relatório Resumido de Execução Orçamentária
A3: Demonstrativo da Execução das Despesas por Função/Subfunção
A4: Orçamento Fiscal e da Seguridade Social
A5: Janeiro a Junho 2021/Bimestre Maio-Junho
A7: RREO - ANEXO 2 (LRF, Art. 52, inciso II, alínea 'c') | L7: R$ 1,00
A8: FUNÇÃO/SUBFUNÇÃO | C8: Dotação | D8: Dotação | E8: Despesas Empenhadas | H8: SALDO | I8: Despesas Liquidadas | L8: Saldo
C9: Inicial | D9: Atualizada | E9: No Bimestre | F9: Até o Bimestre | G9: % | I9: No Bimestre | J9: Até o Bimestre | K9: %
D10: (a) | F10: (b) | G10: (b/total b) | H10: (c)=(a-b) | J10: (d) | K10: (d/Total d) | L10: (e)=(a-d)
A12: DESPESAS(EXCETO INTRAORÇAMENTÁRIAS)(I) | C12: 1.1088671e+08 | D12: 1.164235e+08 | E12: 16140535 | F12: 57106630 | G12: 83.5 | H12: 59316872 | I12: 17950322 | J12: 51235436 | K12: 81.95 | L12: 65188065
A13: Legislativa | C13: 3687000 | D13: 3687000 | E13: 506594.83 | F13: 1780660.6 | G13: 2.6 | H13: 1906339.4 | I13: 547205.28 | J13: 1587044.4 | K13: 2.54 | L13: 2099955.6
B14: Ação Legislativa | C14: 3329000 | D14: 3329000 | E14: 455592.86 | F14: 1627268.8 | G14: 2.38 | H14: 1701731.2 | I14: 496203.31 | J14: 1433652.5 | K14: 2.29 | L14: 1895347.5
B15: Previdência Básica | C15: 358000 | D15: 358000 | E15: 51001.97 | F15: 153391.89 | G15: 0.22 | H15: 204608.11 | I15: 51001.97 | J15: 153391.89 | K15: 0.25 | L15: 204608.11
A16: Essencial à Justiça | C16: 11713 | D16: 11713 | E16: 0 | F16: 1878.83 | G16: 0 | H16: 9834.17 | I16: 349 | J16: 1878.83 | K16: 0 | L16: 9834.17
B17: Representação Judicial e Extrajudicial | C17: 11713 | D17: 11713 | E17: 0 | F17: 1878.83 | G17: 0 | H17: 9834.17 | I17: 349 | J17: 1878.83 | K17: 0 | L17: 9834.17
A18: Administração | C18: 17377147 | D18: 17378846 | E18: 2352663.2 | F18: 8719320.2 | G18: 12.75 | H18: 8659526.1 | I18: 2591710.3 | J18: 7627847 | K18: 12.2 | L18: 9750999.2
B19: Administração Geral | C19: 14371289 | D19: 14367357 | E19: 1902133.3 | F19: 7222069.4 | G19: 10.56 | H19: 7145287.6 | I19: 2147282.9 | J19: 6289424.7 | K19: 10.06 | L19: 8077932.3
B20: Administração Financeira | C20: 54000 | D20: 54000 | E20: 0 | F20: 0 | G20: 0 | H20: 54000 | I20: 0 | J20: 0 | K20: 0 | L20: 54000
B21: Controle Interno | C21: 5000 | D21: 5000 | E21: 0 | F21: 0 | G21: 0 | H21: 5000 | I21: 0 | J21: 0 | K21: 0 | L21: 5000
B22: Normatização e Fiscalização | C22: 1000 | D22: 1000 | E22: 0 | F22: 0 | G22: 0 | H22: 1000 | I22: 0 | J22: 0 | K22: 0 | L22: 1000
B23: Tecnologia da Informação | C23: 107999 | D23: 107999 | E23: 50415.49 | F23: 70433.56 | G23: 0.1 | H23: 37565.44 | I23: 20018.07 | J23: 40036.14 | K23: 0.06 | L23: 67962.86
B24: Formação de Recursos Humanos | C24: 21778.45 | D24: 21881.05 | E24: 1253.55 | F24: 4101.55 | G24: 0.01 | H24: 17779.5 | I24: 1253.55 | J24: 1643.55 | K24: 0 | L24: 20237.5
B25: Administração de Receitas | C25: 30100 | D25: 30100 | E25: 0 | F25: 0 | G25: 0 | H25: 30100 | I25: 0 | J25: 0 | K25: 0 | L25: 30100
B26: Comunicação Social | C26: 5000 | D26: 5000 | E26: 1360 | F26: 1519 | G26: 0 | H26: 3481 | I26: 329 | J26: 329 | K26: 0 | L26: 4671
B27: Previdência Básica | C27: 352480.47 | D27: 356199.47 | E27: 54418.41 | F27: 159425.9 | G27: 0.23 | H27: 196773.57 | I27: 54418.41 | J27: 159425.9 | K27: 0.25 | L27: 196773.57
B28: Proteção e Benefícios ao Trabalhador | C28: 2137592 | D28: 2136692 | E28: 341394.45 | F28: 1199553.7 | G28: 1.75 | H28: 937138.28 | I28: 360116.58 | J28: 1099878.5 | K28: 1.76 | L28: 1036813.5
B29: Turismo | C29: 290908.32 | D29: 293617.76 | E29: 1688 | F29: 62217.08 | G29: 0.09 | H29: 231400.68 | I29: 8291.83 | J29: 37109.21 | K29: 0.06 | L29: 256508.55
A30: Segurança Pública | C30: 225919.9 | D30: 254419.9 | E30: 27085.2 | F30: 78760.87 | G30: 0.12 | H30: 175659.03 | I30: 32214.8 | J30: 49566.54 | K30: 0.08 | L30: 204853.36
B31: Defesa Terrestre | C31: 600 | D31: 600 | E31: 0 | F31: 0 | G31: 0 | H31: 600 | I31: 0 | J31: 0 | K31: 0 | L31: 600
B32: Defesa Civil | C32: 90815.2 | D32: 90815.2 | E32: 2957 | F32: 46925.49 | G32: 0.07 | H32: 43889.71 | I32: 25178.78 | J32: 40156.67 | K32: 0.06 | L32: 50658.53
B33: Serviços Urbanos | C33: 134504.7 | D33: 163004.7 | E33: 24128.2 | F33: 31835.38 | G33: 0.05 | H33: 131169.32 | I33: 7036.02 | J33: 9409.87 | K33: 0.02 | L33: 153594.83
A34: Assistência Social | C34: 3350447.4 | D34: 3618097 | E34: 482298.98 | F34: 1809520.5 | G34: 2.65 | H34: 1808576.4 | I34: 473262.38 | J34: 1569830.7 | K34: 2.51 | L34: 2048266.2
B35: Administração Geral | C35: 2121390 | D35: 2045418.1 | E35: 283303.26 | F35: 991797.01 | G35: 1.45 | H35: 1053621 | I35: 284987.3 | J35: 945901.73 | K35: 1.51 | L35: 1099516.3
B36: Assistência ao Idoso | C36: 55423 | D36: 50423 | E36: 0 | F36: 0 | G36: 0 | H36: 50423 | I36: 0 | J36: 0 | K36: 0 | L36: 50423
B37: Assistência ao Portador de Deficiência | C37: 55111 | D37: 57865.66 | E37: 0 | F37: 0 | G37: 0 | H37: 57865.66 | I37: 0 | J37: 0 | K37: 0 | L37: 57865.66
B38: Assistência à Criança e ao Adolescente | C38: 394680.21 | D38: 515687.25 | E38: 119781.31 | F38: 365498.37 | G38: 0.53 | H38: 150188.88 | I38: 65017.28 | J38: 242281.12 | K38: 0.39 | L38: 273406.13
B39: Assistência Comunitária | C39: 511883.18 | D39: 736743.03 | E39: 45165.14 | F39: 351899.31 | G39: 0.51 | H39: 384843.72 | I39: 89208.53 | J39: 281322.03 | K39: 0.45 | L39: 455421
B40: Previdência Básica | C40: 117654.01 | D40: 117654.01 | E40: 19679.03 | F40: 59909.53 | G40: 0.09 | H40: 57744.48 | I40: 19679.03 | J40: 59909.53 | K40: 0.1 | L40: 57744.48
B41: Proteção e Benefícios ao Trabalhador | C41: 94305.95 | D41: 94305.95 | E41: 14370.24 | F41: 40416.3 | G41: 0.06 | H41: 53889.65 | I41: 14370.24 | J41: 40416.3 | K41: 0.06 | L41: 53889.65
A42: Previdência Social | C42: 26301031 | D42: 27242317 | E42: 4786273.9 | F42: 15056075 | G42: 22.01 | H42: 12186243 | I42: 4845209.2 | J42: 14238535 | K42: 22.77 | L42: 13003782
B43: Previdência do Regime Estatutário | C43: 22825581 | D43: 22825581 | E43: 3713176.6 | F43: 11166822 | G43: 16.33 | H43: 11658759 | I43: 3724549.2 | J43: 11162076 | K43: 17.85 | L43: 11663504
B44: Assistência Hospitalar e Ambulatorial | C44: 3475450 | D44: 4416736.3 | E44: 1073097.3 | F44: 3889253.1 | G44: 5.69 | H44: 527483.26 | I44: 1120660 | J44: 3076458.8 | K44: 4.92 | L44: 1340277.6
A45: Saúde | C45: 22152216 | D45: 24480753 | E45: 3793278.1 | F45: 13206175 | G45: 19.31 | H45: 11274577 | I45: 4502180.2 | J45: 11925568 | K45: 19.07 | L45: 12555185
B46: Administração Geral | C46: 1181996.3 | D46: 1306666.5 | E46: 125728.68 | F46: 566831.15 | G46: 0.83 | H46: 739835.31 | I46: 179712.91 | J46: 444314.45 | K46: 0.71 | L46: 862352.01
B47: Tecnologia da Informação | C47: 100003 | D47: 100003 | E47: 0 | F47: 53788.42 | G47: 0.08 | H47: 46214.58 | I47: 20640.16 | J47: 53788.42 | K47: 0.09 | L47: 46214.58
B48: Assistência à Criança e ao Adolescente | C48: 196.52 | D48: 196.52 | E48: 0 | F48: 0 | G48: 0 | H48: 196.52 | I48: 0 | J48: 0 | K48: 0 | L48: 196.52
B49: Previdência Básica | C49: 288916.26 | D49: 294916.26 | E49: 49201.92 | F49: 138593.01 | G49: 0.2 | H49: 156323.25 | I49: 49201.92 | J49: 138593.01 | K49: 0.22 | L49: 156323.25
B50: Atenção Básica | C50: 7676180.5 | D50: 8394736.3 | E50: 1260368.9 | F50: 3882531.2 | G50: 5.68 | H50: 4512205 | I50: 1331662.8 | J50: 3761551.1 | K50: 6.02 | L50: 4633185.2
B51: Assistência Hospitalar e Ambulatorial | C51: 10006375 | D51: 10245864 | E51: 1511888.5 | F51: 5841862 | G51: 8.54 | H51: 4404002 | I51: 2128745.4 | J51: 5123525.8 | K51: 8.19 | L51: 5122338.2
B52: Suporte Profilático e Terapêutico | C52: 890617.47 | D52: 890617.47 | E52: 222140.56 | F52: 558501.58 | G52: 0.82 | H52: 332115.89 | I52: 134041.72 | J52: 431627.44 | K52: 0.69 | L52: 458990.03
B53: Vigilância Sanitária | C53: 44010 | D53: 64010 | E53: 2735.38 | F53: 9048.78 | G53: 0.01 | H53: 54961.22 | I53: 1089.38 | J53: 7237.78 | K53: 0.01 | L53: 56772.22
B54: Vigilância Epidemiológica | C54: 1250196.9 | D54: 2470018.9 | E54: 515169.53 | F54: 1831241.2 | G54: 2.68 | H54: 638777.69 | I54: 552787.86 | J54: 1659923 | K54: 2.65 | L54: 810095.9
B55: Proteção e Benefícios ao Trabalhador | C55: 713723.63 | D55: 713723.63 | E55: 106044.62 | F55: 323777.8 | G55: 0.47 | H55: 389945.83 | I55: 104298.02 | J55: 305006.89 | K55: 0.49 | L55: 408716.74
A56: Trabalho | C56: 10000 | D56: 10000 | E56: 0 | F56: 0 | G56: 0 | H56: 10000 | I56: 0 | J56: 0 | K56: 0 | L56: 10000
B57: Proteção e Benefícios ao Trabalhador | C57: 10000 | D57: 10000 | E57: 0 | F57: 0 | G57: 0 | H57: 10000 | I57: 0 | J57: 0 | K57: 0 | L57: 10000
A58: Educação | C58: 28654315 | D58: 31398166 | E58: 3712075.7 | F58: 11877104 | G58: 17.37 | H58: 19521061 | I58: 3808160.8 | J58: 11638795 | K58: 18.62 | L58: 19759371
B59: Administração Geral | C59: 1140045 | D59: 1145478 | E59: 145107.6 | F59: 449692.73 | G59: 0.66 | H59: 695785.3 | I59: 156524.6 | J59: 447631.73 | K59: 0.72 | L59: 697846.3
B60: Previdência Básica | C60: 72840.78 | D60: 91869.78 | E60: 9194.46 | F60: 28169.85 | G60: 0.04 | H60: 63699.93 | I60: 9194.46 | J60: 28169.85 | K60: 0.05 | L60: 63699.93
B61: Proteção e Benefícios ao Trabalhador | C61: 1440467.9 | D61: 1607467.9 | E61: 224535 | F61: 675700.66 | G61: 0.99 | H61: 931767.22 | I61: 224535 | J61: 675700.66 | K61: 1.08 | L61: 931767.22
B62: Ensino Fundamental | C62: 15421592 | D62: 17005596 | E62: 2038793.2 | F62: 6433366.5 | G62: 9.41 | H62: 10572230 | I62: 2073934 | J62: 6244480.2 | K62: 9.99 | L62: 10761116
B63: Ensino Médio | C63: 1300000 | D63: 1300000 | E63: 0 | F63: 0 | G63: 0 | H63: 1300000 | I63: 0 | J63: 0 | K63: 0 | L63: 1300000
B64: Ensino Superior | C64: 80 | D64: 80 | E64: 0 | F64: 0 | G64: 0 | H64: 80 | I64: 0 | J64: 0 | K64: 0 | L64: 80
B65: Educação Infantil | C65: 7465686.6 | D65: 8387437.6 | E65: 1020936.8 | F65: 3484274.3 | G65: 5.09 | H65: 4903163.3 | I65: 1071426.7 | J65: 3438206.8 | K65: 5.5 | L65: 4949230.8
B66: Educação de Jovens e Adultos | C66: 420974.36 | D66: 429674.36 | E66: 64900.45 | F66: 197873.15 | G66: 0.29 | H66: 231801.21 | I66: 63937.87 | J66: 196578.07 | K66: 0.31 | L66: 233096.29
B67: Educação Especial | C67: 1392508.8 | D67: 1430441.8 | E67: 208608.19 | F67: 608027.31 | G67: 0.89 | H67: 822414.53 | I67: 208608.19 | J67: 608027.31 | K67: 0.97 | L67: 822414.53
B68: Preservação e Conservação Ambiental | C68: 120 | D68: 120 | E68: 0 | F68: 0 | G68: 0 | H68: 120 | I68: 0 | J68: 0 | K68: 0 | L68: 120
A69: Cultura | C69: 261033.78 | D69: 245623.24 | E69: 68269.52 | F69: 70838.52 | G69: 0.1 | H69: 174784.72 | I69: 15992.56 | J69: 15992.56 | K69: 0.03 | L69: 229630.68
B70: Patrimônio Histórico, Artístico e Arqueológico | C70: 13906.55 | D70: 13906.55 | E70: 0 | F70: 0 | G70: 0 | H70: 13906.55 | I70: 0 | J70: 0 | K70: 0 | L70: 13906.55
B71: Difusão Cultural | C71: 247127.23 | D71: 231716.69 | E71: 68269.52 | F71: 70838.52 | G71: 0.1 | H71: 160878.17 | I71: 15992.56 | J71: 15992.56 | K71: 0.03 | L71: 215724.13
A72: Direitos da Cidadania | C72: 2000 | D72: 2000 | E72: 0 | F72: 0 | G72: 0 | H72: 2000 | I72: 0 | J72: 0 | K72: 0 | L72: 2000
B73: Administração Geral | C73: 1000 | D73: 1000 | E73: 0 | F73: 0 | G73: 0 | H73: 1000 | I73: 0 | J73: 0 | K73: 0 | L73: 1000
B74: Direitos Individuais, Coletivos e Difusos | C74: 1000 | D74: 1000 | E74: 0 | F74: 0 | G74: 0 | H74: 1000 | I74: 0 | J74: 0 | K74: 0 | L74: 1000
A75: Urbanismo | C75: 4947529.4 | D75: 4713934.4 | E75: 196826.79 | F75: 2826626.8 | G75: 4.13 | H75: 1887307.6 | I75: 717237.63 | J75: 1583262.1 | K75: 2.53 | L75: 3130672.3
B76: Infra-estrutura Urbana | C76: 3119378.4 | D76: 3056283.4 | E76: 15750.38 | F76: 1235607.5 | G76: 1.81 | H76: 1820675.9 | I76: 272351.77 | J76: 639744.99 | K76: 1.02 | L76: 2416538.4
B77: Serviços Urbanos | C77: 1828151 | D77: 1657651 | E77: 181076.41 | F77: 1591019.3 | G77: 2.33 | H77: 66631.66 | I77: 444885.86 | J77: 943517.13 | K77: 1.51 | L77: 714133.87
A78: Habitação | C78: 272672.09 | D78: 344672.09 | E78: 0 | F78: 0 | G78: 0 | H78: 344672.09 | I78: 0 | J78: 0 | K78: 0 | L78: 344672.09
B79: Assistência Comunitária | C79: 4000 | D79: 4000 | E79: 0 | F79: 0 | G79: 0 | H79: 4000 | I79: 0 | J79: 0 | K79: 0 | L79: 4000
B80: Habitação Urbana | C80: 268672.09 | D80: 340672.09 | E80: 0 | F80: 0 | G80: 0 | H80: 340672.09 | I80: 0 | J80: 0 | K80: 0 | L80: 340672.09
A81: Saneamento | C81: 110876 | D81: 110876 | E81: 6600.6 | F81: 19349.66 | G81: 0.03 | H81: 91526.34 | I81: 6195.6 | J81: 18470.46 | K81: 0.03 | L81: 92405.54
B82: Saneamento Básico Rural | C82: 30329.8 | D82: 30329.8 | E82: 0 | F82: 0 | G82: 0 | H82: 30329.8 | I82: 0 | J82: 0 | K82: 0 | L82: 30329.8
B83: Saneamento Básico Urbano | C83: 80546.2 | D83: 80546.2 | E83: 6600.6 | F83: 19349.66 | G83: 0.03 | H83: 61196.54 | I83: 6195.6 | J83: 18470.46 | K83: 0.03 | L83: 62075.74
A84: Gestão Ambiental | C84: 111000 | D84: 97000 | E84: 2936.9 | F84: 43075.06 | G84: 0.06 | H84: 53924.94 | I84: 14036.77 | J84: 24458.52 | K84: 0.04 | L84: 72541.48
B85: Preservação e Conservação Ambiental | C85: 9500 | D85: 5500 | E85: 0 | F85: 0 | G85: 0 | H85: 5500 | I85: 0 | J85: 0 | K85: 0 | L85: 5500
B86: Controle Ambiental | C86: 46500 | D86: 36500 | E86: 2936.9 | F86: 2936.9 | G86: 0 | H86: 33563.1 | I86: 2454.6 | J86: 2454.6 | K86: 0 | L86: 34045.4
B87: Abastecimento | C87: 55000 | D87: 55000 | E87: 0 | F87: 40138.16 | G87: 0.06 | H87: 14861.84 | I87: 11582.17 | J87: 22003.92 | K87: 0.04 | L87: 32996.08
A88: Agricultura | C88: 417795.95 | D88: 898556.95 | E88: 84030.01 | F88: 285219.41 | G88: 0.42 | H88: 613337.54 | I88: 7578.68 | J88: 66154.77 | K88: 0.11 | L88: 832402.18
B89: Administração Geral | C89: 62930.95 | D89: 566180.95 | E89: 76085.01 | F89: 76085.01 | G89: 0.11 | H89: 490095.94 | I89: 0 | J89: 0 | K89: 0 | L89: 566180.95
B90: Abastecimento | C90: 48350 | D90: 48350 | E90: 7240 | F90: 14616 | G90: 0.02 | H90: 33734 | I90: 7240 | J90: 14616 | K90: 0.02 | L90: 33734
B91: Extensão Rural | C91: 229002 | D91: 221512 | E91: 705 | F91: 192789.4 | G91: 0.28 | H91: 28722.6 | I91: 338.68 | J91: 49809.77 | K91: 0.08 | L91: 171702.23
B92: Promoção da Produção Agropecuária | C92: 70513 | D92: 55514 | E92: 0 | F92: 0 | G92: 0 | H92: 55514 | I92: 0 | J92: 0 | K92: 0 | L92: 55514
B93: Defesa Agropecuária | C93: 7000 | D93: 7000 | E93: 0 | F93: 1729 | G93: 0 | H93: 5271 | I93: 0 | J93: 1729 | K93: 0 | L93: 5271
A94: Indústria | C94: 6001 | D94: 6001 | E94: 0 | F94: 0 | G94: 0 | H94: 6001 | I94: 0 | J94: 0 | K94: 0 | L94: 6001
B95: Promoção Industrial | C95: 6001 | D95: 6001 | E95: 0 | F95: 0 | G95: 0 | H95: 6001 | I95: 0 | J95: 0 | K95: 0 | L95: 6001
A96: Comércio e Serviços | C96: 73007 | D96: 73007 | E96: -715.05 | F96: 27443.95 | G96: 0.04 | H96: 45563.05 | I96: 4795.69 | J96: 15443.95 | K96: 0.02 | L96: 57563.05
B97: Promoção Comercial | C97: 73000 | D97: 73000 | E97: -715.05 | F97: 27443.95 | G97: 0.04 | H97: 45556.05 | I97: 4795.69 | J97: 15443.95 | K97: 0.02 | L97: 57556.05
B98: Turismo | C98: 7 | D98: 7 | E98: 0 | F98: 0 | G98: 0 | H98: 7 | I98: 0 | J98: 0 | K98: 0 | L98: 7
A99: Comunicações | C99: 35000 | D99: 35000 | E99: 0 | F99: 15669.58 | G99: 0.02 | H99: 19330.42 | I99: 5271.91 | J99: 13464.55 | K99: 0.02 | L99: 21535.45
B100: Telecomunicações | C100: 35000 | D100: 35000 | E100: 0 | F100: 15669.58 | G100: 0.02 | H100: 19330.42 | I100: 5271.91 | J100: 13464.55 | K100: 0.02 | L100: 21535.45
A101: Transporte | C101: 262643.38 | D101: 493441.38 | E101: 113425.37 | F101: 464593.19 | G101: 0.68 | H101: 28848.19 | I101: 241140.14 | J101: 464593.19 | K101: 0.74 | L101: 28848.19
B102: Transporte Rodoviário | C102: 262643.38 | D102: 493441.38 | E102: 113425.37 | F102: 464593.19 | G102: 0.68 | H102: 28848.19 | I102: 241140.14 | J102: 464593.19 | K102: 0.74 | L102: 28848.19
...

Sheet RPPS
A1: Prefeitura Municipal de Cacapava do Sul-RS | L1: Página 1 de 5
A2: RELATÓRIO RESUMIDO DA EXECUÇÃO ORÇAMENTÁRIA
A3: DEMONSTRATIVO DAS RECEITAS E DESPESAS PREVIDENCIÁRIAS E DAS RECEITAS E DESPESAS ASSOCIADAS ÀS PENSÕES E INATIVOS MILITARES
A4: ORÇAMENTO FISCAL E DA SEGURIDADE SOCIAL
A5: Janeiro a Junho 2021/Bimestre Maio-Junho
A7: RREO - Anexo 4 (LRF, Art. 53, inciso II) | H7: Em Reais
A8: REGIME PRÓPRIO DE PREVIDÊNCIA DOS SERVIDORES - RPPS
A9: FUNDO EM CAPITALIZAÇÃO (PLANO PREVIDENCIÁRIO)
A10: RECEITAS PREVIDENCIÁRIAS - RPPS (FUNDO EM CAPITALIZAÇÃO) | B10: PREVISÃO ATUALIZADA (a) | E10: RECEITAS REALIZADAS Até o Bimestre (b)
A11: RECEITAS CORRENTES (I) | B11: 25.237.106,94 | E11: 15.218.691,89
A12: Receita de Contribuições dos Segurados | B12: 3.941.823,91 | E12: 2.415.476,49
A13: Ativo | B13: 3.914.085,33 | E13: 1.839.250,57
A14: Inativo | B14: 20.075,63 | E14: 459.340,64
A15: Pensionista | B15: 7.662,95 | E15: 116.885,28
A16: Receita de Contribuições Patronais | B16: 6.266.399,10 | E16: 5.081.427,69
A17: Ativo | B17: 6.217.865,80 | E17: 4.112.268,02
A18: Inativo | B18: 34.754,23 | E18: 796.310,74
A19: Pensionista | B19: 13.779,07 | E19: 172.848,93
A20: Receita Patrimonial | B20: 5.623.474,12 | E20: 409.468,15
A21: Receitas Imobiliárias | B21: - | E21: -
... A33: TOTAL DAS RECEITAS DO FUNDO EM CAPITALIZAÇÃO - (IV) = (I+III-II) | B33: 15.850.721,00 | E33: 8.071.340,17
A35: DESPESAS PREVIDENCIÁRIAS - RPPS (FUNDO EM CAPITALIZAÇÃO) | B35: DOTAÇÃO ATUALIZADA (c) | D35: DESPESAS EMPENHADAS Até o Bimestre (d) | F35: DESPESAS LIQUIDADAS Até o Bimestre (e) | G35: DESPESAS PAGAS Até o Bimestre (f) | J35: INSCRITAS EM RESTOS A PAGAR NÃO PROCESSADOS No Exercício (g)
A36: Benefícios | B36: 22.735.580,90 | D36: 11.148.031,40 | F36: 11.148.031,40 | G36: 11.140.865,25 | J36: -
A37: Aposentadorias | B37: 20.130.620,30 | D37: 9.878.452,00 | F37: 9.878.452,00 | G37: 9.871.860,35 | J37: -
A38: Pensões por Morte | B38: 2.604.960,60 | D38: 1.269.579,40 | F38: 1.269.579,40 | G38: 1.269.004,90 | J38: -
A39: Outras Despesas Previdenciárias | B39: - | D39: - | F39: - | G39: - | J39: -
A40: Compensação Financeira entre os regimes | B40: - | D40: - | F40: - | G40: - | J40: -
A41: Demais Despesas Previdenciárias | B41: - | D41: - | F41: - | G41: - | J41: -
A42: TOTAL DAS DESPESAS DO FUNDO EM CAPITALIZAÇÃO (V) | B42: 22.735.580,90 | D42: 11.148.031,40 | F42: 11.148.031,40 | G42: 11.140.865,25 | J42: -
A43: RESULTADO PREVIDENCIÁRIO - FUNDO EM CAPITALIZAÇÃO (VI) = (IV – V)² | B43: (6.884.859,90) | D43: (3.076.691,23) | F43: (3.076.691,23) | G43: (3.069.525,08)
A45: Prefeitura Municipal de Cacapava do Sul-RS | L45: Página 2 de 5
A46: RELATÓRIO RESUMIDO DA EXECUÇÃO ORÇAMENTÁRIA
A47: DEMONSTRATIVO DAS RECEITAS E DESPESAS PREVIDENCIÁRIAS E DAS RECEITAS E DESPESAS ASSOCIADAS ÀS PENSÕES E INATIVOS MILITARES
A48: ORÇAMENTO FISCAL E DA SEGURIDADE SOCIAL
A49: Janeiro a Junho 2021/Bimestre Maio-Junho
A51: RREO - Anexo 4 (LRF, Art. 53, inciso II) | H51: Em Reais
A52: RECURSOS RPPS ARRECADADOS EM EXERCÍCIOS ANTERIORES | B52: PREVISÃO ORÇAMENTÁRIA
A53: VALOR | B53: -
A55: RESERVA ORÇAMENTÁRIA DO RPPS | B55: PREVISÃO ORÇAMENTÁRIA
A56: VALOR | B56: 2.985.119,66
A58: APORTES DE RECURSOS PARA O FUNDO EM CAPITALIZAÇÃO DO RPPS | B58: APORTES REALIZADOS
A59: Plano de Amortização - Contribuição Patronal Suplementar | B59: -
A60: Plano de Amortização - Aporte Periódico de Valores Predefinidos | B60: -
A61: Outros Aportes para o RPPS | B61: -
A62: Recursos para Cobertura de Déficit Financeiro | B62: -
A64: BENS E DIREITOS DO RPPS (FUNDO EM CAPITALIZAÇÃO) | B64: SALDO ATUAL
A65: Caixa e Equivalentes de Caixa | B65: (2.322.944,28)
A66: Investimentos e Aplicações | B66: 35.480.656,82
A67: Outros Bens e Direitos | B67: -
A73: Prefeitura Municipal de Cacapava do Sul-RS | L73: Página 3 de 5
A74: RELATÓRIO RESUMIDO DA EXECUÇÃO ORÇAMENTÁRIA
A75: DEMONSTRATIVO DAS RECEITAS E DESPESAS PREVIDENCIÁRIAS E DAS RECEITAS E DESPESAS ASSOCIADAS ÀS PENSÕES E INATIVOS MILITARES
A76: ORÇAMENTO FISCAL E DA SEGURIDADE SOCIAL
A77: Janeiro a Junho 2021/Bimestre Maio-Junho
A79: RREO - Anexo 4 (LRF, Art. 53, inciso II) | H79: Em Reais
A80: FUNDO EM REPARTIÇÃO (PLANO FINANCEIRO)
A81: RECEITAS PREVIDENCIÁRIAS - RPPS (FUNDO EM REPARTIÇÃO) | B81: PREVISÃO ATUALIZADA (a) | D81: RECEITAS REALIZADAS Até o Bimestre (b)
A82: RECEITAS CORRENTES (VII) | B82: - | D82: -
A83: Receita de Contribuições dos Segurados | B83: - | D83: -
A84: Ativo | B84: - | D84: -
A85: Inativo | B85: - | D85: -
A86: Pensionista | B86: - | D86: -
A87: Receita de Contribuições Patronais | B87: - | D87: -
A88: Ativo | B88: - | D88: -
A89: Inativo | B89: - | D89: -
A90: Pensionista | B90: - | D90: -
A91: Receita Patrimonial | B91: - | D91: -
A92: Receitas Imobiliárias | B92: - | D92: -
... A103: TOTAL DAS RECEITAS DO FUNDO EM REPARTIÇÃO (IX) = (VII + VIII) | B103: - | D103: -
A105: DESPESAS PREVIDENCIÁRIAS - RPPS (FUNDO EM REPARTIÇÃO) | B105: DOTAÇÃO ATUALIZADA (c) | D105: DESPESAS EMPENHADAS Até o Bimestre (d) | F105: DESPESAS LIQUIDADAS Até o Bimestre (e) | G105: DESPESAS PAGAS Até o Bimestre (e) | J105: INSCRITAS EM RESTOS A PAGAR NÃO PROCESSADOS No Exercício (g)
A106: Benefícios | B106: - | D106: - | F106: - | G106: - | J106: -
A107: Aposentadorias | B107: - | D107: - | F107: - | G107: - | J107: -
A108: Pensões por Morte | B108: - | D108: - | F108: - | G108: - | J108: -
A109: Outras Despesas Previdenciárias | B109: - | D109: - | F109: - | G109: - | J109: -
A110: Compensação Previdenciária entre os regimes | B110: - | D110: - | F110: - | G110: - | J110: -
A111: Demais Despesas Previdenciárias | B111: - | D111: - | F111: - | G111: - | J111: -
A112: TOTAL DAS DESPESAS DO FUNDO EM REPARTIÇÃO (X) | B112: - | D112: - | F112: - | G112: - | J112: -
A113: RESULTADO PREVIDENCIÁRIO - FUNDO EM REPARTIÇÃO (XI) = (IX – X)² | B113: - | D113: - | F113: - | G113: -
A116: Prefeitura Municipal de Cacapava do Sul-RS | L116: Página 4 de 5
A117: RELATÓRIO RESUMIDO DA EXECUÇÃO ORÇAMENTÁRIA
A118: DEMONSTRATIVO DAS RECEITAS E DESPESAS PREVIDENCIÁRIAS E DAS RECEITAS E DESPESAS ASSOCIADAS ÀS PENSÕES E INATIVOS MILITARES
A119: ORÇAMENTO FISCAL E DA SEGURIDADE SOCIAL
A120: Janeiro a Junho 2021/Bimestre Maio-Junho
A122: RREO - Anexo 4 (LRF, Art. 53, inciso II) | H122: Em Reais
A123: APORTES DE RECURSOS PARA O FUNDO EM REPARTIÇÃO DO RPPS | B123: APORTES REALIZADOS
A124: Recursos para Cobertura de Insuficiências Financeiras | B124: -
A125: Recursos para Formação de Reserva | B125: -
A127: ADMINISTRAÇÃO DO REGIME PRÓPRIO DE PREVIDÊNICA DOS SERVIDORES - RPPS
A128: RECEITAS DA ADMINISTRAÇÃO - RPPS | B128: PREVISÃO ATUALIZADA (a) | D128: RECEITAS REALIZADAS Até o Bimestre (b)
A129: Receitas Correntes | B129: 135.493,62 | D129: 81.035,70
A130: TOTAL DAS RECEITAS DA ADMINISTRAÇÃO RPPS (XII) | B130: 135.493,62 | D130: 81.035,70
A132: DESPESAS DA ADMINISTRAÇÃO - RPPS | B132: DOTAÇÃO ATUALIZADA (c) | D132: DESPESAS EMPENHADAS Até o Bimestre (d) | F132: DESPESAS LIQUIDADAS Até o Bimestre (e) | G132: DESPESAS PAGAS Até o Bimestre (f) | J132: INSCRITAS EM RESTOS A PAGAR NÃO PROCESSADOS No Exercício (g)
A133: Despesas Correntes (XIII) | B133: 71.520,00 | D133: 18.790,20 | F133: 14.045,10 | G133: 13.254,25 | J133: -
A134: Pessoal e Encargos Sociais | B134: 10 | D134: - | F134: - | G134: - | J134: -
A135: Demais Despesas Correntes | B135: 71.510,00 | D135: 18.790,20 | F135: 14.045,10 | G135: 13.254,25 | J135: -
A136: Despesas de Capital (XIV) | B136: 18.480,00 | D136: - | F136: - | G136: - | J136: -
A137: TOTAL DAS DESPESAS DA ADMINISTRAÇÃO RPPS (XV) = (XIII + XIV) | B137: 90.000,00 | D137: 18.790,20 | F137: 14.045,10 | G137: 13.254,25 | J137: -
A138: RESULTADO DA ADMINISTRAÇÃO RPPS (XVI) = (XII – XV)² | B138: 45.493,62 | D138: 62.245,50 | F138: 66.990,60 | G138: 67.781,45
A144: Prefeitura Municipal de Cacapava do Sul-RS | L144: Página 5 de 5
A145: RELATÓRIO RESUMIDO DA EXECUÇÃO ORÇAMENTÁRIA
...

Sheet MDE
A1: Prefeitura Municipal de Cacapava do Sul-RS | Q1: Página 1 de 5
A2: RELATÓRIO RESUMIDO DA EXECUÇÃO ORÇAMENTÁRIA
A3: DEMONSTRATIVO DAS RECEITAS E DESPESAS COM MANUTENÇÃO E DESENVOLVIMENTO DO ENSINO - MDE
A4: ORÇAMENTO FISCAL E DA SEGURIDADE SOCIAL
A5: Janeiro a Junho 2021/Bimestre Maio-Junho
A7: RREO - Anexo 8 (LDB,art. 72) | L7: Em Reais
A8: RECEITA RESULTANTE DE IMPOSTOS (Arts. 212 e 212-A da Constituição Federal)
A9: RECEITA RESULTANTE DE IMPOSTOS | B9: PREVISÃO ATUALIZADA (a) | H9: RECEITAS REALIZADAS Até o Bimestre (b)
A10: 1- RECEITA DE IMPOSTOS | B10: 14.327.900,03 | H10: 6.607.780,34
A11: 1.1- Receita Resultante do Imposto sobre a Propriedade Predial e Territorial Urbana – IPTU | B11: 4.037.453,83 | H11: 2.130.194,98
A12: 1.2- Receita Resultante do Imposto sobre Transmissão Inter Vivos – ITBI | B12: 1.078.358,27 | H12: 1.038.829,71
A13: 1.3- Receita Resultante do Imposto sobre Serviços de Qualquer Natureza – ISS | B13: 5.723.855,79 | H13: 1.759.748,38
A14: 1.4- Receita Resultante do Imposto de Renda Retido na Fonte – IRRF | B14: 3.488.232,14 | H14: 1.679.007,27
A15: 2- RECEITA DE TRANSFERÊNCIAS CONSTITUCIONAIS E LEGAIS | B15: 58.063.914,35 | H15: 32.234.172,37
A16: 2.1- Cota-Parte FPM | B16: 25.861.825,58 | H16: 13.921.769,64
A17: 2.1.1- Parcela referente à CF, art. 159, I, alínea b | B17: 23.564.845,20 | H17: 13.921.769,64
A18: 2.1.2- Parcela referente à CF, art. 159, I, alíneas d e e | B18: 2.296.980,38 | H18: -
A19: 2.2- Cota-Parte ICMS | B19: 28.012.287,51 | H19: 15.723.427,88
A20: 2.3- Cota-Parte IPI-Exportação | B20: 364.667,51 | H20: 194.264,53
... A27: 5- VALOR MÍNIMO A SER APLICADO EM MDE ALÉM DO VALOR DESTINADO AO FUNDEB - 5% DE ((2.1.1) + (2.2) + (2.3) + (2.4) + (2.5)) + 25% DE ((1.1) + (1.2) + (1.3) + (1.4) + (2.1.2)+ (2.6)+ (2.7)) | B27: 6.944.566,80 | H27: 3.263.653,70
A29: FUNDEB
A30: RECEITAS RECEBIDAS DO FUNDEB NO EXERCÍCIO | B30: PREVISÃO ATUALIZADA (a) | H30: RECEITAS REALIZADAS Até o Bimestre (b)
A31: 6- RECEITAS RECEBIDAS DO FUNDEB | B31: 21.827.119,38 | H31: 12.865.617,64
A32: 6.1- FUNDEB - Impostos e Transferências de Impostos | B32: 21.827.119,38 | H32: 12.865.617,64
A33: 6.1.1- Principal | B33: 21.827.119,38 | H33: 12.865.617,64
A34: 6.1.2- Rendimentos de Aplicação Financeira | B34: - | H34: -
A35: 6.2- FUNDEB - Complementação da União - VAAF | B35: - | H35: -
A36: 6.2.1- Principal | B36: - | H36: -
A37: 6.2.2- Rendimentos de Aplicação Financeira | B37: - | H37: -
A38: 6.3- FUNDEB - Complementação da União - VAAT | B38: - | H38: -
A39: 6.3.1- Principal | B39: - | H39: -
A40: 6.3.2- Rendimentos de Aplicação Financeira | B40: - | H40: -
A42: Prefeitura Municipal de Cacapava do Sul-RS | Q42: Página 2 de 5
A43: RELATÓRIO RESUMIDO DA EXECUÇÃO ORÇAMENTÁRIA
A44: DEMONSTRATIVO DAS RECEITAS E DESPESAS COM MANUTENÇÃO E DESENVOLVIMENTO DO ENSINO - MDE
A45: ORÇAMENTO FISCAL E DA SEGURIDADE SOCIAL
A46: Janeiro a Junho 2021/Bimestre Maio-Junho
A48: RREO - Anexo 8 (LDB,art. 72) | L48: Em Reais
A49: FUNDEB
A50: RECEITAS RECEBIDAS DO FUNDEB NO EXERCÍCIO | B50: PREVISÃO ATUALIZADA (a) | H50: RECEITAS REALIZADAS Até o Bimestre (b)
A51: 7- RESULTADO LÍQUIDO DAS TRANSFERÊNCIAS DO FUNDEB (6.1.1 – 4)¹ | B51: 10.673.732,59 | H51: 6.418.783,17
A53: RECURSOS RECEBIDOS EM EXERCÍCIOS ANTERIORES E NÃO UTILIZADOS (SUPERÁVIT) | B53: VALOR
A54: 8- TOTAL DOS RECURSOS DE SUPERÁVIT | B54: -
A55: 8.1- SUPERÁVIT DO EXERCÍCIO IMEDIATAMENTE ANTERIOR | B55: -
A56: 8.2- SUPERÁVIT RESIDUAL DE OUTROS EXERCÍCIOS | B56: -
A57: 9- TOTAL DOS RECURSOS DO FUNDEB DISPONÍVEIS PARA UTILIZAÇÃO (6 + 8) | B57: 12.865.617,64
A59: DESPESAS COM RECURSOS DO FUNDEB (Por Área de Atuação)⁶ | B59: DOTAÇÃO ATUALIZADA (c) | E59: DESPESAS EMPENHADAS Até o Bimestre (d) | H59: DESPESAS LIQUIDADAS Até o Bimestre (e) | J59: DESPESAS PAGAS Até o Bimestre (f) | N59: INSCRITAS EM RESTOS A PAGAR NÃO PROCESSADOS (g)
A60: 10- PROFISSIONAIS DA EDUCAÇÃO BÁSICA | B60: - | E60: - | H60: - | J60: - | N60: -
A61: 10.1- Educação Infantil | B61: - | E61: - | H61: - | J61: - | N61: -
A62: 10.1.1- Creche | B62: - | E62: - | H62: - | J62: - | N62: -
A63: 10.1.2- Pré-escola | B63: - | E63: - | H63: - | J63: - | N63: -
A64: 10.2- Ensino Fundamental | B64: - | E64: - | H64: - | J64: - | N64: -
A65: 11- OUTRAS DESPESAS | B65: - | E65: - | H65: - | J65: - | N65: -
A66: 11.1- Educação Infantil | B66: - | E66: - | H66: - | J66: - | N66: -
A67: 11.1.1- Creche | B67: - | E67: - | H67: - | J67: - | N67: -
A68: 11.1.2- Pré-escola | B68: - | E68: - | H68: - | J68: - | N68: -
A69: 11.2- Ensino Fundamental | B69: - | E69: - | H69: - | J69: - | N69: -
A70: 12- TOTAL DAS DESPESAS COM RECURSOS DO FUNDEB (10 + 11) | B70: - | E70: - | H70: - | J70: - | N70: -
A72: INDICADORES DO FUNDEB
A73: DESPESAS CUSTEADAS COM RECEITAS DO FUNDEB RECEBIDAS NO EXERCÍCIO | B73: DESPESAS EMPENHADAS Até o Bimestre (d) | E73: DESPESAS LIQUIDADAS Até o Bimestre (e) | H73: DESPESAS PAGAS Até o Bimestre (f) | J73: INSCRITAS EM RESTOS A PAGAR NÃO PROCESSADOS (g) | N73: INSCRITAS EM RESTOS A PAGAR NÃO PROCESSADOS (SEM DISPONIBILIDADE DE CAIXA)⁷ (h)
A74: 13- Total das Despesas do FUNDEB com Profissionais da Educação Básica | B74: - | E74: - | H74: - | J74: - | N74: -
A75: 14- Total das Despesas custeadas com FUNDEB - Impostos e Transferências de Impostos | B75: 11.232.672,77 | E75: 11.232.672,77 | H75: 10.446.240,76 | J75: - | N75: -
A76: 15- Total das Despesas custeadas com FUNDEB - Complementação da União - VAAF | B76: - | E76: - | H76: - | J76: - | N76: -
A77: 16- Total das Despesas custeadas com FUNDEB - Complementação da União - VAAT | B77: - | E77: - | H77: - | J77: - | N77: -
A78: 17- Total das Despesas custeadas com FUNDEB - Complementação da União - VAAT Aplicadas na Educação Infantil | B78: - | E78: - | H78: - | J78: - | N78: -
A79: 18- Total das Despesas custeadas com FUNDEB - Complementação da União - VAAT Aplicadas em Despesa de Capital | B79: - | E79: - | H79: - | J79: - | N79: -
A82: Prefeitura Municipal de Cacapava do Sul-RS | Q82: Página 3 de 5
A83: RELATÓRIO RESUMIDO DA EXECUÇÃO ORÇAMENTÁRIA
A84: DEMONSTRATIVO DAS RECEITAS E DESPESAS COM MANUTENÇÃO E DESENVOLVIMENTO DO ENSINO - MDE
A85: ORÇAMENTO FISCAL E DA SEGURIDADE SOCIAL
A86: Janeiro a Junho 2021/Bimestre Maio-Junho
A88: RREO - Anexo 8 (LDB,art. 72) | L88: Em Reais
A89: INDICADORES - Art. 212-A, inciso XI e § 3º - Constituição Federal² | B89: VALOR EXIGIDO (i) | F89: VALOR APLICADO (j) | I89: VALOR CONSIDERADO APÓS DEDUÇÕES (k) | O89: % APLICADO (l)
A90: 19- Mínimo de 70% do FUNDEB na Remuneração dos Profissionais da Educação Básica | B90: 9.005.932,35 | F90: - | I90: - | O90: -
A91: 20 - Percentual de 50% da Complementação da União ao FUNDEB (VAAT) na Educação Infantil | B91: - | F91: - | I91: - | O91: -
A92: 21- Mínimo de 15% da Complementação da União ao FUNDEB - VAAT em Despesas de Capital | B92: - | F92: - | I92: - | O92: -
A94: INDICADOR - Art.25, § 3º - Lei nº 14.113, de 2020 - (Máximo de 10% de Superávit)³ | B94: VALOR MAXIMO PERMITIDO (m) | F94: VALOR NÃO APLICADO (n) | I94: VALOR NÃO APLICADO APÓS AJUSTE (o) | O94: % NÃO APLICADO (p)
A95: 22- Total da Receita Recebida e não Aplicada no Exercício | B95: 1.286.561,76 | F95: 1.632.944,87 | I95: 1.632.944,87 | O95: 12.69
A97: INDICADOR - Art.25, § 3º - Lei nº 14.113, de 2020 - (Aplicação do Superávit de Exercício Anterior)³ | B97: VALOR DE SUPERÁVIT PERMITIDO NO EXERCÍCIO ANTERIOR (q) | C97: VALOR NÃO APLICADO NO EXERCÍCIO ANTERIOR (r) | G97: VALOR DE SUPERÁVIT APLICADO ATÉ O PRIMEIRO QUADRIMESTRE (s) | I97: VALOR APLICADO ATÉ O PRIMEIRO QUADRIMESTRE QUE INTEGRARÁ O LIMITE CONSTITUCIONAL (t) | K97: VALOR APLICADO APÓS O PRIMEIRO QUADRIMESTRE (u) | P97: VALOR NÃO APLICADO (v) = (r) - (s) - (u)
A98: 23- Total das Despesas do FUNDEB com Profissionais da Educação Básica | B98: - | C98: - | G98: - | I98: - | K98: - | P98: -
A99: 23.1- Total das Despesas custeadas com FUNDEB - Impostos e Transferências de Impostos | B99: - | C99: - | G99: - | I99: - | K99: - | P99: -
A100: 23.2- Total das Despesas custeadas com FUNDEB - Complementação da União - VAAF | B100: - | C100: - | G100: - | I100: - | K100: - | P100: -
A102: DESPESAS COM MANUTENÇÃO E DESENVOLVIMENTO DO ENSINO – MDE – CUSTEADAS COM RECEITA DE IMPOSTOS (EXCETO FUNDEB)
A103: DESPESAS COM AÇÕES TÍPICAS DE MDE - RECEITAS DE IMPOSTOS - EXCETO FUNDEB (Por Área de Atuação)⁶ | B103: DOTAÇÃO ATUALIZADA (c) | E103: DESPESAS EMPENHADAS Até o Bimestre (d) | H103: DESPESAS LIQUIDADAS Até o Bimestre (e) | J103: DESPESAS PAGAS Até o Bimestre (f) | N103: INSCRITAS EM RESTOS A PAGAR NÃO PROCESSADOS (g)
A104: 24- EDUCAÇÃO INFANTIL | B104: 4.741.945,21 | E104: 825.400,23 | H104: 796.127,00 | J104: 665.473,37 | N104: -
A105: 24.1- Creche | B105: 3.040.818,94 | E105: 539.974,86 | H105: 510.701,63 | J105: 466.776,60 | N105: -
A106: 24.2- Pré-escola | B106: 1.701.126,27 | E106: 285.425,37 | H106: 285.425,37 | J106: 198.696,77 | N106: -
A107: 25- ENSINO FUNDAMENTAL | B107: 8.256.279,47 | E107: 3.269.024,99 | H107: 3.180.425,95 | J107: 2.958.111,86 | N107: -
A108: 26- TOTAL DAS DESPESAS COM AÇÕES TÍPICAS DE MDE (24 + 25) | B108: 12.998.224,68 | E108: 4.094.425,22 | H108: 3.976.552,95 | J108: 3.623.585,23 | N108: -
A110: APURAÇÃO DAS DESPESAS PARA FINS DE LIMITE MÍNIMO CONSTITUCIONAL | N110: VALOR
A111: 27- TOTAL DAS DESPESAS DE MDE CUSTEADAS COM RECURSOS DE IMPOSTOS (FUNDEB E RECEITA DE IMPOSTOS) = (L14(d ou e) + L26(d ou e) + L23.1(t)) | N111: 15.209.225,72
A112: 28 (-) RESULTADO LÍQUIDO DAS TRANSFERÊNCIAS DO FUNDEB = (L7) | N112: 6.418.783,17
A113: 29 (-) RESTOS A PAGAR NÃO PROCESSADOS INSCRITOS NO EXERCÍCIO SEM DISPONIBILIDADE FINANCEIRA DE RECURSOS DO FUNDEB IMPOSTOS⁴ = (L14h) | N113: -
A114: 30 (-) RESTOS A PAGAR NÃO PROCESSADOS INSCRITOS NO EXERCÍCIO SEM DISPONIBILIDADE FINANCEIRA DE RECURSOS DE IMPOSTOS⁴ ᵉ ⁷ | N114: -
A115: 31 (-) CANCELAMENTO, NO EXERCÍCIO, DE RESTOS A PAGAR INSCRITOS COM DISPONIBILIDADE FINANCEIRA DE RECURSOS DE IMPOSTOS VINCULADOS AO ENSINO | N115: 7.661,99
A116: 32- TOTAL DAS DESPESAS PARA FINS DE LIMITE (27 – (28 + 29 + 30 + 31)) | N116: 8.782.780,56
A118: APURAÇÃO DO LIMITE MÍNIMO CONSTITUCIONAL² ᵉ ⁵ | B118: VALOR EXIGIDO (x) | H118: VALOR APLICADO (w) | N118: % APLICADO (y)
A119: 33- APLICAÇÃO EM MDE SOBRE A RECEITA RESULTANTE DE IMPOSTOS | B119: 9.710.488,18 | H119: 8.782.780,56 | N119: 22.61
A121: Prefeitura Municipal de Cacapava do Sul-RS | Q121: Página 4 de 5
A122: RELATÓRIO RESUMIDO DA EXECUÇÃO ORÇAMENTÁRIA
...

Sheet Saúde
A1: Prefeitura Municipal de Cacapava do Sul-RS | AH1: Página 1 de 5
A2: Relatório Resumido da Execução Orçamentária
A3: Demonstrativo das Receitas e Despesas com Ações e Serviços Públicos de Saúde
A4: Orçamento Fiscal e da Seguridade Social
A5: Janeiro a Junho 2021/Bimestre Maio-Junho
A7: RREO – ANEXO XII (LC n° 141/2012 art.35)
A8: RECEITAS RESULTANTES DE IMPOSTOS E TRANSFERÊNCIAS CONSTITUCIONAIS E LEGAIS | J8: PREVISÃO INICIAL | Q8: PREVISÃO ATUALIZADA (a) | Y8: RECEITAS REALIZADAS
Y9: Até o Bimestre (b) | AF9: % (b/a) x 100
A10: RECEITA DE IMPOSTOS (I) | J10: 14.327.900,03 | Q10: 14.327.900,03 | Y10: 6.607.780,34 | AF10: 46,12
A11: Receita Resultante do Imposto Predial e Territorial Urbano - IPTU | J11: 4.037.453,83 | Q11: 4.037.453,83 | Y11: 2.130.194,98 | AF11: 52,76
A12: IPTU | J12: 3.167.486,58 | Q12: 3.167.486,58 | Y12: 1.897.815,16 | AF12: 59,92
A13: Multas, Juros de Mora, Divida Ativa e Outros Encargos do IPTU | J13: 869.967,25 | Q13: 869.967,25 | Y13: 232.379,82 | AF13: 26,71
A14: Receita Resultante do Imposto sobre Transmissão Inter Vivos - ITBI | J14: 1.078.358,27 | Q14: 1.078.358,27 | Y14: 1.038.829,71 | AF14: 96,33
A15: ITBI | J15: 1.060.847,40 | Q15: 1.060.847,40 | Y15: 1.038.829,71 | AF15: 97,92
A16: Multas, Juros de Mora, Dívida Ativa e Outros Encargos do ITBI | J16: 17.510,87 | Q16: 17.510,87 | Y16: - | AF16: -
A17: Receita Resultante do Imposto sobre Serviços de Qualquer Natureza - ISS | J17: 5.723.855,79 | Q17: 5.723.855,79 | Y17: 1.759.748,38 | AF17: 30,74
A18: ISS | J18: 5.602.856,40 | Q18: 5.602.856,40 | Y18: 1.683.833,82 | AF18: 30,05
A19: Multas, Juros de Mora, Dívida Ativa e Outros Encargos do ISS | J19: 120.999,39 | Q19: 120.999,39 | Y19: 75.914,56 | AF19: 62,74
A20: Receita Resultante do Imposto sobre a Renda e Proventos de Qualquer Natureza Retido na Fonte – IRRF | J20: 3.488.232,14 | Q20: 3.488.232,14 | Y20: 1.679.007,27 | AF20: 48,13
A21: RECEITA DE TRANSFERÊNCIAS CONSTITUCIONAIS E LEGAIS (II) | J21: - | Q21: - | Y21: - | AF21: -
... A30: TOTAL DAS RECEITAS RESULTANTES DE IMPOSTOS E TRANFERÊNCIAS CONSTITUCIONAIS E LEGAIS - (III) = (I) + (II) | J30: 14.327.900,03 | Q30: 14.327.900,03 | Y30: 6.607.780,34 | AF30: 46,12
A32: DESPESAS COM AÇÕES E SERVIÇOS PÚBLICOS DE SAÚDE (ASPS) – POR SUBFUNÇÃO E CATEGORIA ECONÔMICA | F32: DOTAÇÃO INICIAL | H32: DOTAÇÃO ATUALIZADA (c) | M32: DESPESAS EMPENHADAS | T32: DESPESAS LIQUIDADAS | AD32: DESPESAS PAGAS
M33: Até o bimestre (d) | P33: % (d/c) x 100 | T33: Até o bimestre (e) | Z33: % (e/c) x 100 | AD33: Até o bimestre (f) | AH33: % (f/c) x 100
A34: ATENÇÃO BÁSICA (IV) | F34: 3.376.172,48 | H34: 3.458.313,08 | M34: 1.659.412,04 | P34: 47,98 | T34: 1.643.833,49 | Z34: 47,53 | AD34: 1.628.089,80 | AH34: 47,08
A35: Despesas Correntes | F35: 3.376.172,48 | H35: 3.458.313,08 | M35: 1.659.412,04 | P35: 47,98 | T35: 1.643.833,49 | Z35: 47,53 | AD35: 1.628.089,80 | AH35: 47,08
A36: Despesas de Capital | F36: - | H36: - | M36: - | P36: - | T36: - | Z36: - | AD36: - | AH36: -
A37: ASSISTÊNCIA HOSPITALAR E AMBULATORIAL (V) | F37: 8.766.284,95 | H37: 8.856.811,52 | M37: 5.045.077,30 | P37: 56,96 | T37: 4.549.938,12 | Z37: 51,37 | AD37: 4.048.642,40 | AH37: 45,71
A38: Despesas Correntes | F38: 8.766.280,95 | H38: 8.845.240,35 | M38: 5.033.509,13 | P38: 56,91 | T38: 4.549.938,12 | Z38: 51,44 | AD38: 4.048.642,40 | AH38: 45,77
A39: Despesas de Capital | F39: 4,00 | H39: 11.571,17 | M39: 11.568,17 | P39: 99,97 | T39: - | Z39: - | AD39: - | AH39: -
A40: SUPORTE PROFILÁTICO E TERAPÊUTICO (VI) | F40: 403.453,40 | H40: 403.453,40 | M40: 295.205,48 | P40: 73,17 | T40: 244.688,94 | Z40: 60,65 | AD40: 189.993,61 | AH40: 47,09
A41: Despesas Correntes | F41: 403.453,40 | H41: 403.453,40 | M41: 295.205,48 | P41: 73,17 | T41: 244.688,94 | Z41: 60,65 | AD41: 189.993,61 | AH41: 47,09
A42: Despesas de Capital | F42: - | H42: - | M42: - | P42: - | T42: - | Z42: - | AD42: - | AH42: -
A43: VIGILÂNCIA SANITÁRIA (VII) | F43: 30.008,00 | H43: 50.008,00 | M43: - | P43: - | T43: - | Z43: - | AD43: - | AH43: -
A44: Despesas Correntes | F44: 30.007,00 | H44: 50.007,00 | M44: - | P44: - | T44: - | Z44: - | AD44: - | AH44: -
A45: Despesas de Capital | F45: 1,00 | H45: 1,00 | M45: - | P45: - | T45: - | Z45: - | AD45: - | AH45: -
... A47: Despesas Correntes | F47: 432.648,90 | H47: 432.648,90 | M47: 172.295,52 | P47: 39,82 | T47: 172.295,52 | Z47: 39,82 | AD47: 171.750,56 | AH47: 39,70
A48: Prefeitura Municipal de Cacapava do Sul-RS | AH48: Página 2 de 5
A49: Relatório Resumido da Execução Orçamentária
A50: Demonstrativo das Receitas e Despesas com Ações e Serviços Públicos de Saúde
A51: Orçamento Fiscal e da Seguridade Social
A52: Janeiro a Junho 2021/Bimestre Maio-Junho
A54: RREO – ANEXO XII (LC n° 141/2012 art.35)
A55: DESPESAS COM AÇÕES E SERVIÇOS PÚBLICOS DE SAÚDE (ASPS) – POR SUBFUNÇÃO E CATEGORIA ECONÔMICA | F55: DOTAÇÃO INICIAL | H55: DOTAÇÃO ATUALIZADA (c) | M55: DESPESAS EMPENHADAS | T55: DESPESAS LIQUIDADAS | AD55: DESPESAS PAGAS
M56: Até o bimestre (d) | P56: % (d/c) x 100 | T56: Até o bimestre (e) | Z56: % (e/c) x 100 | AD56: Até o bimestre (f) | AH56: % (f/c) x 100
A57: Despesas de Capital | F57: - | H57: - | M57: - | P57: - | T57: - | Z57: - | AD57: - | AH57: -
A58: ALIMENTAÇÃO E NUTRIÇÃO (IX) | F58: - | H58: - | M58: - | P58: - | T58: - | Z58: - | AD58: - | AH58: -
A59: Despesas Correntes | F59: - | H59: - | M59: - | P59: - | T59: - | Z59: - | AD59: - | AH59: -
A60: Despesas de Capital | F60: - | H60: - | M60: - | P60: - | T60: - | Z60: - | AD60: - | AH60: -
A61: OUTRAS SUBFUNÇÕES (X) | F61: 7.143.703,20 | H61: 6.951.036,03 | M61: 3.072.496,54 | P61: 44,20 | T61: 2.938.495,25 | Z61: 42,27 | AD61: 2.481.719,36 | AH61: 35,70
A62: Despesas Correntes | F62: 6.977.226,16 | H62: 6.784.558,99 | M62: 3.072.496,54 | P62: 45,29 | T62: 2.938.495,25 | Z62: 43,31 | AD62: 2.481.719,36 | AH62: 36,58
A63: Despesas de Capital | F63: 166.477,04 | H63: 166.477,04 | M63: - | P63: - | T63: - | Z63: - | AD63: - | AH63: -
A64: TOTAL (XI) = (IV + V + VI + VII + VIII + IX + X) | F64: 20.152.270,93 | H64: 20.152.270,93 | M64: 10.244.486,88 | P64: 50,84 | T64: 9.549.251,32 | Z64: 47,39 | AD64: 8.520.195,73 | AH64: 42,28
A66: APURAÇÃO DO CUMPRIMENTO DO LIMITE MÍNIMO PARA APLICAÇÃO EM ASPS | O66: DESPESAS EMPENHADAS (d) | V66: DESPESAS LIQUIDADAS (e) | AE66: DESPESAS PAGAS (f)
A67: Total das Despesas com ASPS (XII) = (XI) | O67: 10.244.486,88 | V67: 9.549.251,32 | AE67: 8.520.195,73
A68: (-) Restos a Pagar Não Processados Inscritos Indevidamente no Exercício sem Disponibilidade Financeira (XIII)¹ | O68: - | V68: - | AE68: -
A69: (-) Despesas Custeadas com Recursos Vinculados à Parcela do Percentual Mínimo que não foi Aplicada em ASPS em Exercícios Anteriores (XIV)³ | O69: - | V69: - | AE69: -
A70: (-) Despesas Custeadas com Disponibilidade de Caixa Vinculada aos Restos a Pagar Cancelados (XV)² | O70: - | V70: - | AE70: -
A71: (=) VALOR APLICADO EM ASPS (XVI) = (XII - XIII - XIV - XV) | O71: 10.244.486,88 | V71: 9.549.251,32 | AE71: 8.520.195,73
A72: Despesa Mínima a ser Aplicada em ASPS (XVII) = (III) x 15% (LC 141/2012) | O72: 991.167,05
A73: Despesa Mínima a ser Aplicada em ASPS (XVII) = (III) x % (Lei Orgânica Municipal) | O73: 991.167,05
A74: Diferença entre o Valor Aplicado e a Despesa Mínima a ser Aplicada (XVIII) = (XVI (d ou e) - XVII)1 | O74: - | V74: 8.558.084,27 | AE74: 7.529.028,68
A75: Limite não Cumprido (XIX) = (XVIII) (Quando valor for inferior a zero) | O75: -
A76: PERCENTUAL DA RECEITA DE IMPOSTOS E TRANSFERÊNCIAS CONSTITUCIONAIS E LEGAIS APLICADO EM ASPS (XVI / III)*100 (mínimo de 15% conforme LC n° 141/2012 ou % da Lei Orgânica Municipal) | O76: - | V76: 144,52
A78: CONTROLE DO VALOR REFERENTE AO PERCENTUAL MÍNIMO NÃO CUMPRIDO EM EXERCÍCIOS ANTERIORES PARA FINS DE APLICAÇÃO DOS RECURSOS VINCULADOS CONFORME ARTIGOS 25 E 26 DA LC 141/2012 | L78: LIMITE NÃO CUMPRIDO
L79: Saldo Inicial (no exercicio atual) (h) | S79: Despesas Custeadas no Exercício de Referência | AE79: Saldo Final (não aplicado)1 (l) = (h - (i ou j))
S80: Empenhadas (i) | W80: Liquidadas (j) | AA80: Pagas (k)
A81: Diferença de limite não cumprido em 2020 | AE81: -
A82: Diferença de limite não cumprido em 2019 | L82: - | S82: - | W82: - | AA82: - | AE82: -
A83: Diferença de limite não cumprido em Exercícios Anteriores | L83: - | S83: - | W83: - | AA83: - | AE83: -
A84: TOTAL DA DIFERENÇA DE LIMITE NÃO CUMPRIDO EM EXERCÍCIOS ANTERIORES (XX) | L84: - | S84: - | W84: - | AA84: - | AE84: -
A87: Prefeitura Municipal de Cacapava do Sul-RS | AH87: Página 3 de 5
A88: Relatório Resumido da Execução Orçamentária
A89: Demonstrativo das Receitas e Despesas com Ações e Serviços Públicos de Saúde
A90: Orçamento Fiscal e da Seguridade Social
A91: Janeiro a Junho 2021/Bimestre Maio-Junho
A93: RREO – ANEXO XII (LC n° 141/2012 art.35)
A94: EXECUÇÃO DE RESTOS A PAGAR
A95: EXERCÍCIO DO EMPENHO² | C95: Valor Mínimo para aplicação em ASPS (m) | D95: Valor aplicado em ASPS no exercício (n) | E95: Valor aplicado além do limite mínimo (o) = (n - m), se < 0, então (o) = 0 | G95: Total inscrito em RP no exercício (p) | I95: RPNP Inscritos Indevidamente no Exercício sem Disponibilidade Financeira q = (XIIId) | N95: Valor inscrito em RP considerado no Limite (r) = (p - (o + q)) se < 0, então (r) = (0) | R95: Total de RP pagos (s) | W95: Total de RP a pagar (t) | AC95: Total de RP cancelados ou prescritos (u) | AG95: Diferença entre o valor aplicado além do limite e o total de RP cancelados (v) = ((o + q) - u))
A96: Empenhos de 2021 | C96: 991.167,05 | D96: 9.549.251,32 | E96: 8.558.084,27 | G96: - | I96: - | N96: - | R96: - | W96: - | AC96: - | AG96: 8.558.084,27
A97: Empenhos de 2020 | C97: - | D97: - | E97: - | G97: - | I97: - | N97: - | R97: - | W97: - | AC97: - | AG97: -
A98: Empenhos de 2019 | C98: - | D98: - | E98: - | G98: - | I98: - | N98: - | R98: - | W98: - | AC98: - | AG98: -
A99: Empenhos de 2018 | C99: - | D99: - | E99: - | G99: - | I99: - | N99: - | R99: - | W99: - | AC99: - | AG99: -
A100: Empenhos de 2017 | C100: - | D100: - | E100: - | G100: - | I100: - | N100: - | R100: - | W100: - | AC100: - | AG100: -
A101: Empenhos de 2016 | C101: - | D101: - | E101: - | G101: - | I101: - | N101: - | R101: - | W101: - | AC101: - | AG101: -
A102: Empenhos de 2015 | C102: - | D102: - | E102: - | G102: - | I102: - | N102: - | R102: - | W102: - | AC102: - | AG102: -
A103: Empenhos de 2014 | C103: - | D103: - | E103: - | G103: - | I103: - | N103: - | R103: - | W103: - | AC103: - | AG103: -
A104: Empenhos de 2013 | C104: - | D104: - | E104: - | G104: - | I104: - | N104: - | R104: - | W104: - | AC104: - | AG104: -
A106: TOTAL DOS RESTOS A PAGAR CANCELADOS OU PRESCRITOS ATÉ O FINAL DO EXERCÍCIO ATUAL QUE AFETARAM O CUMPRIMENTO DO LIMITE (XXI) | AG106: -
A107: TOTAL DOS RESTOS A PAGAR CANCELADOS OU PRESCRITOS ATÉ O FINAL DO EXERCÍCIO ANTERIOR QUE AFETARAM O CUMPRIMENTO DO LIMITE (XXII) | AG107: -
A108: TOTAL DOS RESTOS A PAGAR CANCELADOS OU PRESCRITOS NO EXERCÍCIO ATUAL QUE AFETARAM O CUMPRIMENTO DO LIMITE (XXIII) = (XXI - XXII) | AG108: -
A110: CONTROLE DE RESTOS A PAGAR CANCELADOS OU PRESCRITOS CONSIDERADOS PARA FINS DE APLICAÇÃO DA DISPONIBILIDADE DE CAIXA CONFORME ARTIGO 24§ 1º e 2º DA LC 141/2012 | K110: RESTOS A PAGAR CANCELADOS OU PRESCRITOS
K111: Saldo Inicial (w) | S111: Despesas Custeadas no Exercício de Referência | AE111: Saldo Final (não aplicado)1 (aa) = (w - (x ou y))
S112: Empenhadas (x) | W112: Liquidadas (y) | AA112: Pagas (z)
A113: Restos a pagar cancelados ou prescritos em 2020 a serem compensados (XXIV) | K113: - | S113: - | W113: - | AA113: - | AE113: -
A114: Restos a pagar cancelados ou prescritos em 2019 a serem compensados (XXV) | K114: (8.249,07) | S114: - | W114: - | AA114: - | AE114: (8.249,07)
A115: Restos a pagar cancelados ou prescritos em exercícios anteriores a serem compensados (XXVI) | K115: (196.497,12) | S115: - | W115: - | AA115: - | AE115: (196.497,12)
A116: TOTAL DE RESTOS A PAGAR CANCELADOS OU PRESCRITOS A COMPENSAR (XXVII) | K116: (204.746,19) | S116: - | W116: - | AA116: - | AE116: (204.746,19)
A118: RECEITAS ADICIONAIS PARA O FINANCIAMENTO DA SAÚDE NÃO COMPUTADAS NO CÁLCULO DO MÍNIMO | J118: PREVISÃO INICIAL | Q118: PREVISÃO ATUALIZADA (a) | Y118: RECEITAS REALIZADAS
Y119: Até o Bimestre (b) | AF119: % (b/a) x 100
A120: RECEITAS DE TRANSFERÊNCIAS PARA A SAÚDE (XXVIII) | J120: 6.366.187,44 | Q120: 6.366.187,44 | Y120: 3.176.570,65 | AF120: 49,90
...

Sheet Dívida
A2: PREFEITURA MUNICIPAL DE CACAPAVA DO SUL - RS
A3: RELATÓRIO DE GESTÃO FISCAL
A4: DEMONSTRATIVO DA DÍVIDA CONSOLIDADA LÍQUIDA
A5: ORÇAMENTOS FISCAL E DA SEGURIDADE SOCIAL
A6: JANEIRO A JUNHO DE 2021
A8: RGF - ANEXO 2 (LRF, art.55, inciso I, alínea "b") | G8: R$ 1,00
A10: DÍVIDA CONSOLIDADA | E10: SALDO DO | F10: SALDO DO EXERCÍCIO DE 2021
E11: EXERCÍCIO | F11: Até o 1º | G11: Até o 2º
E12: ANTERIOR | F12: Semestre | G12: Semestre
A13: DÍVIDA CONSOLIDADA - DC (I) | E13: 1.674.324,20 | F13: 2.477.365,75 | G13: 0,00
B14: Dívida Mobiliária | E14: 0,00 | F14: 0,00 | G14: 0,00
B15: Dívida Contratual | E15: 1.672.307,53 | F15: 2.475.349,08 | G15: 0,00
C16: Empréstimos | E16: 0,00 | F16: 0,00 | G16: 0,00
D17: Internos | E17: 0,00 | F17: 0,00 | G17: 0,00
D18: Externos | E18: 0,00 | F18: 0,00 | G18: 0,00
C19: Reestruturação da Dívida de Estados e Municípios | E19: 0,00 | F19: 0,00 | G19: 0,00
C20: Financiamentos | E20: 331.874,78 | F20: 183.322,40 | G20: 0,00
D21: Internos | E21: 331.874,78 | F21: 183.322,40 | G21: 0,00
D22: Externos | E22: 0,00 | F22: 0,00 | G22: 0,00
C23: Parcelamento e Renegociação de dívidas | E23: 710.433,13 | F23: 1.842.027,12 | G23: 0,00
D24: De Tributos | E24: 0,00 | F24: 0,00 | G24: 0,00
D25: De Contribuições Previdenciárias | E25: 295.733,47 | F25: 1.428.405,46 | G25: 0,00
D26: De Demais Contribuições Sociais | E26: 0,00 | F26: 0,00 | G26: 0,00
D27: Do FGTS | E27: 0,00 | F27: 0,00 | G27: 0,00
D28: Com Instituição Não Financeira | E28: 414.699,66 | F28: 413.621,66 | G28: 0,00
C29: Demais Dívidas Contratuais | E29: 629.999,62 | F29: 449.999,56 | G29: 0,00
B30: Precatórios Posteriores a 05/05/2000 (inclusive) - Vencidos e não pagos | E30: 2.016,67 | F30: 2.016,67 | G30: 0,00
B31: Outras Dívidas | E31: 0,00 | F31: 0,00 | G31: 0,00
A32: DEDUÇÕES (II) | E32: 636.417,72 | F32: 650.297,04 | G32: 0,00
B33: Disponibilidade de Caixa¹ | E33: 0,00 | F33: 0,00 | G33: 0,00
C34: Disponibilidade de Caixa Bruta | E34: 17.546.881,59 | F34: 17.935.760,49 | G34: 0,00
C35: (-) Restos a Pagar Processados | E35: 26.650.439,28 | F35: 20.977.819,52 | G35: 0,00
B36: Demais Haveres Financeiros | E36: 636.417,72 | F36: 650.297,04 | G36: 0,00
A37: DÍVIDA CONSOLIDADA LÍQUIDA (DCL) (III) = (I - II) | E37: 1.037.906,48 | F37: 1.827.068,71 | G37: 0,00
A38: RECEITA CORRENTE LÍQUIDA - RCL (IV)³ | E38: 103.982.991,59 | F38: 110.065.662,63 | G38: 0,00
A39: (-) Transferências obrigatórias da União relativas às emendas individuais (art. 166-A, § 1º, da CF) (V) | E39: 0,00 | F39: 100.000,00 | G39: 0,00
A40: RECEITA CORRENTE LÍQUIDA AJUSTADA PARA CÁLCULO DOS LIMITES DE ENDIVIDAMENTO (VI) = (IV - V) | E40: 103.982.991,59 | F40: 109.965.662,63 | G40: 0,00 | I40: 1.0379063e+08
A41: % da DC sobre a RCL AJUSTADA (I/VI) | E41: 1,61 | F41: 2,25 | G41: 0,00
A42: % da DCL sobre a RCL AJUSTADA (III/VI) | E42: 1,00 | F42: 1,66 | G42: 0,00
A43: LIMITE DEFINIDO POR RESOLUÇÃO DO SENADO FEDERAL - <0,00%> | E43: 0,00 | F43: 0,00 | G43: 0,00
A44: LIMITE DE ALERTA (inciso III do § 1º do art. 59 da LRF) - <0,00%> | E44: 0,00 | F44: 0,00 | G44: 0,00
A46: OUTROS VALORES NÃO INTEGRANTES DA DC | E46: SALDO DO | F46: SALDO DO EXERCÍCIO DE 2021
E47: EXERCÍCIO | F47: Até o 1º | G47: Até o 2º
E48: ANTERIOR | F48: Semestre | G48: Semestre
A49: PRECATÓRIOS ANTERIORES A 05/05/2000 | E49: 0,00 | F49: 0,00 | G49: 0,00
A50: PRECATÓRIOS POSTERIORES A 05/05/2000² (Não incluídos na DCL) | E50: 732.935,24 | F50: 718.984,87 | G50: 0,00
A51: PASSIVO ATUARIAL | E51: 40.372.812,37 | F51: 146.560.621,28 | G51: 0,00
A52: INSUFICIÊNCIA FINANCEIRA | E52: 9.103.557,69 | F52: 3.042.059,03 | G52: 0,00
A53: DEPÓSITOS E CONSIGNAÇÕES SEM CONTRAPARTIDA | E53: 1.065.132,70 | F53: 1.093.720,35 | G53: 0,00
A54: RP NÃO-PROCESSADOS | E54: 2.745.959,05 | F54: 1.729.093,24 | G54: 0,00
A55: ANTECIPAÇÕES DE RECEITA ORÇAMENTÁRIA – ARO | E55: 0,00 | F55: 0,00 | G55: 0,00
A56: DÍVIDA CONTRATUAL DE PPP | E56: 0,00 | F56: 0,00 | G56: 0,00
A57: APROPRIAÇÃO DE DEPÓSITOS JUDICIAIS | E57: 12.930,40 | F57: 12.930,40 | G57: 0,00
A58: FONTE: GOVBR RF - Responsabilidade Fiscal, SECRETARIA DE MUNICÍPIO DA FAZENDA, 28/Jul/2021, 13h e 47m.
A59: 1. Se o saldo apurado for negativo, ou seja, se o total da Disponibilidade de Caixa Bruta for menor que Restos a Pagar Processados, esse saldo negativo
A60: não deverá ser informado nessa linha, mas sim na linha da "Insuficiência Financeira", no quadro "Outros Valores não integrantes da Dívida Consolidada".
A61: Assim, quando o cálculo de Disponibilidade de Caixa for negativo, o valor dessa linha deverá ser (0) "zero".
A62: 2. Refere-se aos precatórios posteriores a 05/05/2000 que, em cumprimento ao disposto no artigo 100 da Constituição Federal, ainda não foram
A63: incluídos no orçamento ou constam no orçamento e ainda não foram pagos. Ao final do exercício em que esses precatórios foram incluídos ou que
A64: deveriam ter sido incluídos, os valores deverão compor a linha "Precatórios".
A65: 3. O valor da RCL dos doze últimos meses apurado manualmente foi de 103.790.631,47

Sheet RCL
B1: DEMONSTRATIVO DA RECEITA CORRENTE LÍQUIDA | E1: INSTRUÇÃO NORMATIVA nº 4/2021 - TCE/RS. | H1: Página: 1/2 | I1: DEMONSTRATIVO DA RECEITA CORRENTE LÍQUIDA | M1: INSTRUÇÃO NORMATIVA nº 4/2021 - TCE/RS. | U1: Página: 2/2
C2: TOTAIS: | D2: 44348 | E2: 44317 | F2: 44287 | G2: 44256 | H2: 44228 | I2: 44197 | J2: 44166 | K2: 44136 | L2: 44105 | M2: 44075 | N2: 44044 | O2: 44013
A3: Lei Complementar Federal Nº 101/2000 - Inciso I do Artigo 53 | D3: 12º Mês | E3: 11º mês | F3: 10º Mês | G3: 09º mês | H3: 08º Mês | I3: 07º mês | J3: 06º Mês | K3: 05º Mês | L3: 04º Mês | M3: 03º Mês | N3: 02º Mês | O3: 01º Mês
A4: Discriminação | B4: Códificação: | C4: =SUM(D4:O4) -> 0
A5: I - RECEITAS CORRENTES | C5: =SUM(D5:O5) -> 1.1519367e+08 | D5: =D6-D7 -> 8870336.5 | E5: =E6-E7 -> 9932379.9 | F5: =F6-F7 -> 9629502.4 | G5: =G6-G7 -> 9014518.8 | H5: =H6-H7 -> 8766516.6 | I5: =I6-I7 -> 10099076 | J5: =J6-J7 -> 13680360 | K5: =K6-K7 -> 8375628.6 | ... O5: =O6-O7 -> 10067510
A6: Receitas Correntes | B6: 1.0.0.0.0.00.00.00 | C6: =SUM(D6:O6) -> 1.2830434e+08 | D6: =9968466.03 -> 9968466 | E6: 11100660 | F6: =10680236.85 -> 10680237 | G6: 10150954 | H6: =9916523.05 -> 9916523.1 | I6: =11591995.86 -> 11591996 | J6: =15002415.79 -> 15002416 | K6: =9384652.81 -> 9384652.8 | L6: =9577007.09 -> 9577007.1 | M6: =10323528.53 -> 10323529 | N6: 9864509.5 | O6: =10743386.53 -> 10743387
A7: (R) Deduções das Receitas Correntes | B7: 9.1.0.0.0.00.0.0.00.00.00.00 | C7: =SUM(D7:O7) -> 13110670 | D7: =1098129.55 -> 1098129.6 | E7: =1168280.37 -> 1168280.4 | F7: 1050734.4 | G7: 1136435.2 | H7: 1150006.5 | I7: 1492920.3 | J7: 1322055.5 | K7: 1009024.2 | L7: 1035886.1 | M7: 1008904.7 | N7: 962415.82 | O7: 675876.81
A8: II - DEDUÇÕES | C8: =SUM(D8:O8) -> 11203035 | D8: =SUM(D9:D30) -> 698021.15 | E8: =SUM(E9:E30) -> 853276.06 | F8: =SUM(F9:F30) -> 953538.44 | G8: =SUM(G9:G30) -> 694792.87 | H8: =SUM(H9:H30) -> 654440.6 | I8: =SUM(I9:I30) -> 656940.72 | J8: =SUM(J9:J30) -> 2256707.4 | K8: =SUM(K9:K30) -> 1092407.8 | ... O8: =SUM(O9:O30) -> 1295403.1
A9: Ativos/Inativos Poder Executivo/Indiretas | B9: 1.1.1.3.03.1.1.01 | C9: =SUM(D9:O9) -> 1289286.1 | J9: 352766.44 | K9: 183242.93 | L9: =189347.68 -> 189347.68 | M9: 186650.12 | N9: =187741.33 -> 187741.33 | O9: =189537.59 -> 189537.59
A10: Ativos/Inativos Poder Legislativo | B10: 1.1.1.3.03.1.1.02 | C10: =SUM(D10:O10) -> 133998.17 | J10: 43092.75 | K10: 14989.16 | L10: =15309.8 -> 15309.8 | M10: 14773.34 | N10: =15356.85 -> 15356.85 | O10: =30476.27 -> 30476.27
A11: Contribuições para Custeio dos Sistemas Previdenciário e Assistencial
A12: Contribuições Sociais Específicas de Estados, DF e Municípios | B12: 1.2.1.8.00.0.0.00.00.00
A13: Contribuição para o RPPS do Servidor Público | B13: 1.2.1.8.01 | C13: =SUM(D13:O13) -> 4675439 | D13: =298472.38+5398.89+88625.3 -> 392496.57 | E13: =298361.17+88371.47+5398.89 -> 392131.53 | F13: =313926.32+96754.49+6252.66 -> 416933.47 | G13: =318012.38+94784+6494.53 -> 419290.91 | H13: =307814.79+84619.56+4732.59 -> 397166.94 | I13: =302663.53+89412.23+5381.31 -> 397457.07 | J13: =628085.06+173817.83+10572.17 -> 812475.06 | K13: =282880.52+1399.1+391.41 -> 284671.03 | L13: =286728.19+1399.1+391.41 -> 288518.7 | M13: =288423.7+987.22+391.41 -> 289802.33 | N13: =288915.03+987.22+391.41 -> 290293.66 | O13: =292823.14+987.22+391.41 -> 294201.77
A14: Contribuição Social para o Financiamento da Seguridade Social | B14: 1.2.1.9.99.1.1.03 e .04 | C14: =SUM(D14:O14) -> 1586132.7 | D14: =80247.08+53261.04 -> 133508.12 | E14: =79557.62+53143.65 -> 132701.27 | F14: =81236.98+55047.24 -> 136284.22 | G14: =79585.02+54161.84 -> 133746.86 | H14: =77926.13+51030.99 -> 128957.12 | I14: =90346.65+50949.34 -> 141295.99 | J14: =79963.94+50813.43 -> 130777.37 | K14: =77968.47+50840.92 -> 128809.39 | L14: =78502.35+50588.55 -> 129090.9 | M14: =80515.09+49913.41 -> 130428.5 | N14: =80079.52+49775.11 -> 129854.63 | O14: =81056.9+49621.45 -> 130678.35
A15: Compensação Previdenciária ao RPPS | C15: =SUM(D15:O15) -> 0
A16: Compensação Financeira entre o Regime Geral e os Regimes Próprios de Previdência dos Servidores | B16: 1.9.9.0.03.1.1.00.00.00 | C16: =SUM(D16:O16) -> 434036.11 | D16: 41374.67 | E16: =41257.47 -> 41257.47 | F16: 41167.85 | G16: 41167.85 | J16: 84754.98 | K16: =42377.49 -> 42377.49 | L16: =42377.49 -> 42377.49 | M16: =42377.49 -> 42377.49 | N16: =14316.72 -> 14316.72 | O16: 42864.1
A17: Receitas do RPPS - Remuneração e Outras Receitas | C17: =SUM(D17:O17) -> 0
A18: Remuneração dos Recurso do Regime Próprio de Previdências Social - RPPS | B18: 1.3.2.1.00.4.0.00.00.00 | C18: =SUM(D18:O18) -> 1702624 | D18: =48213.11-50509.62 -> -2296.51 | E18: =196118.17-25818.29 -> 170299.88 | F18: =248546.13-11575.91 -> 236970.22 | G18: =70335.98-81867.41 -> -11531.43 | H18: =7644.48 -> 7644.48 | I18: =21390.5-13008.99 -> 8381.51 | J18: 693735.59 | K18: =342515.73 -> 342515.73 | L18: =47070.51-20621.03 -> 26449.48 | M18: =14354.66-166497.39 -> -152142.73 | N18: =70689.02-179085.33 -> -108396.31 | O18: 490994.11
A19: Outras Receitas Receitas Diretamente Arrecadadas pelo RPPS (1.2.1.8.03.1.1) 326 | B19: 1.9.9.0.99.1.X.01.00.00 | C19: =SUM(D19:O19) -> 19428.88 | D19: 1981.34 | E19: 1981.34 | F19: =1981.34 -> 1981.34 | G19: =1981.34 -> 1981.34 | H19: 1437.94 | I19: 1437.94 | J19: =1437.94 -> 1437.94 | K19: 1437.94 | L19: =1437.94 -> 1437.94 | M19: 2875.88 | O19: 1437.94
A20: Receitas do Fundo de Assistência Social Social dos Servidores | B20: 1.3.2.1.00.1.1.01.10 | C20: =SUM(D20:O20) -> 0
A21: Remuneração de Depósitos Bancários de Recursos Vinculados - Fundo de Assistência Social | B21: 1.3.2.1.00.1.X.01.09
A22: Receitas Diretamente Arrecadadas pelo Fundo de Assistência Social dos Servidores | B22: 1.9.9.0.99.1.X.02.00.00 | C22: =SUM(D22:O22) -> 0
A23: Receitas do Fundo de Assistência à Saúde do Servidor | C23: =SUM(D23:O23) -> 0
A24: Remuneração de Depósito Bancários de Recursos Vínculados - Fundo de Assistência à Saúde do Servidor | B24: 1.3.2.1.00.1.X.01.10.00 | C24: =SUM(D24:O24) -> 20565.79 | D24: =3681.13 -> 3681.13 | E24: =2624.65 -> 2624.65 | F24: =390.81 -> 390.81 | G24: 1595.84 | H24: 1427.22 | I24: =1444.23 -> 1444.23 | J24: 1446.92 | K24: 1444.86 | L24: 1444.86 | M24: =1483.26 -> 1483.26 | N24: 1537.17 | O24: 2044.84
A25: Receitas Diretamente Arrecadadas pelo Fundo de Assistência à Saúde dos Servidores | B25: 1.9.9.0.99.1.X.03.00.00 | C25: =SUM(D25:O25) -> 1341524.5 | D25: =127275.83 -> 127275.83 | E25: =112279.92 -> 112279.92 | F25: =119852.53-42 -> 119810.53 | G25: =108541.5 -> 108541.5 | H25: =119962.13-2155.23 -> 117806.9 | I25: =107183.73-259.75 -> 106923.98 | J25: 136220.31 | K25: =93159.28-240 -> 92919.28 | L25: =100767.09-99.3 -> 100667.79 | M25: =103537.23 -> 103537.23 | N25: =102373.08 -> 102373.08 | O25: =113770-601.82 -> 113168.18
A26: Outras Contribuições Sociais | C26: =SUM(D26:O26) -> 0
A27: Outras Contribuições Sociais (1) | B27: 1.2.1.9.00.0.0.00.00.00 | C27: =SUM(D27:O27) -> 0
A28: ( - ) Compensação Previdenciárfia à Prefeitura Municipal | B28: (1.2.1.9.99.1.X.01.00.00) | C28: =SUM(D28:O28) -> 0
A29: ( - ) Contribuição dos Inativos e Pensionistas à Prefeitura Municipal | B29: (1.2.1.9.99.1.X.02.00.00) | C29: =SUM(D29:O29) -> 0
A30: ( R ) Todas as contas dedutoras de receita correspondentes às utilizadas acima | C30: =SUM(D30:O30) -> 0
A31: III - SUBTOTAL (III = I - II) | C31: =SUM(D31:O31) -> 1.0399063e+08 | D31: =D5-D8 -> 8172315.3 | E31: =E5-E8 -> 9079103.9 | F31: =F5-F8 -> 8675964 | G31: =G5-G8 -> 8319725.9 | H31: =H5-H8 -> 8112076 | I31: =I5-I8 -> 9442134.8 | J31: =J5-J8 -> 11423653 | K31: =K5-K8 -> 7283220.8 | ... O31: =O5-O8 -> 8772106.6
A32: IV - ( + ) Perda para o FUNDEB | C32: =SUM(D32:O32) -> 0
A33: V - RECEITA CORRENTE LÍQUIDA (V = III + V) | C33: =SUM(D33:O33) -> 1.0399063e+08 | D33: =D31+D32 -> 8172315.3 | E33: =E31+E32 -> 9079103.9 | F33: =F31+F32 -> 8675964 | G33: =G31+G32 -> 8319725.9 | H33: =H31+H32 -> 8112076 | I33: =I31+I32 -> 9442134.8 | J33: =J31+J32 -> 11423653 | K33: =K31+K32 -> 7283220.8 | ... O33: =O31+O32 -> 8772106.6
A34: VI - Valor das Emendas Parlamentares de Individuais | C34: =SUM(D34:O34) -> 200000 | J34: 100000 | O34: =100000 -> 100000
A35: VII - RECEITA CORRENTE LÍQUIDA Endividamento) (VIII = V - VI) | C35: =SUM(D35:O35) -> 1.0379063e+08 | D35: =D33-D34 -> 8172315.3 | E35: =E33-E34 -> 9079103.9 | F35: =F33-F34 -> 8675964 | G35: =G33-G34 -> 8319725.9 | H35: =H33-H34 -> 8112076 | I35: =I33-I34 -> 9442134.8 | J35: =J33-J34 -> 11323653 | K35: =K33-K34 -> 7283220.8 | ... O35: =O33-O34 -> 8672106.6
A36: VIII - Valor das Emendas Parlamentares de Bancada | C36: =SUM(D36:O36) -> 0
A37: IX - RECEITA CORRENTE LIQUIDA (Despesas com Pessoal) (IX = VII - VIII) | C37: =SUM(D37:O37) -> 1.0379063e+08 | D37: =D35-D36 -> 8172315.3 | E37: =E35-E36 -> 9079103.9 | F37: =F35-F36 -> 8675964 | G37: =G35-G36 -> 8319725.9 | H37: =H35-H36 -> 8112076 | I37: =I35-I36 -> 9442134.8 | J37: =J35-J36 -> 11323653 | K37: =K35-K36 -> 7283220.8 | ... O37: =O35-O36 -> 8672106.6
D38: =8172315.33-D37 -> 0 | E38: =9079103.88-E37 -> 0
A39: ( 1 ) A Natureza de Receita 1.2.9.99.1.0.00.00.00 - Demais Contribuições Socias deverá ser detalhada conforme a necessidade do Orgão para a contabilização das contribuições para Fundos de Assitência Médica dos Servidores Municipais.
A40: ( 2 ) Valor correspondente à Soma das Receitas Arrecadadas no período com os complementos de recurso vínculado código 3110 - transferências da União decorrentes de Emendas Pralamentares Individuais e 3410 - TransferÊncias da União decorrentes de Emndas Parlamentares Individuais - COVID-19.
A41: ( 3 ) Valor correspondente à Soma das Receitas Arrecadadas no período com os complementos de recurso vínculado código 3120 - transferências da União decorrentes de Emendas Parlamentares de bancada e 3150 - Transferências da União decorrentes de Mendas Parlamentares de Emndas Parlamentares de Bancada - COVID-19.
A44: Giovani Amestoy da Silva | C44: Ihoko Nakashima Mota | G44: Arlei Lopes Souza
A45: Prefeito Municipal | C45: Secret. de Município da Fazenda | G45: Contador - CRC/RS: 068452/O-6

Sheet DCLP
B1: Modelo 2 - Demonstrativo da Despesa com Pessoal | H1: INSTRUÇÃO NORMATIVA nº 4/2021 - TCE/RS. | K1: Página: 1/2 | M1: Modelo 2 - Demonstrativo da Despesa com Pessoal | R1: INSTRUÇÃO NORMATIVA nº 4/2021 - TCE/RS. | X1: Página: 2/2
A2: Lei Complementar Federal nº 101/2000, artigo 54 e alínea "a" do inciso I do artigo 55
A3: Despesa Líquidada | B3: 9000 - Prefeitura e Fundos: | H3: Total dos últimos | I3: =RCL!D2 -> 44348 | J3: =RCL!E2 -> 44317 | K3: =RCL!F2 -> 44287 | L3: =RCL!G2 -> 44256 | M3: =RCL!H2 -> 44228 | N3: =RCL!I2 -> 44197 | O3: =RCL!J2 -> 44166 | P3: =RCL!K2 -> 44136 | ... T3: =RCL!O2 -> 44013
A4: Discriminação | B4: Detalhamento: | G4: Codificação: | H4: 12 meses | I4: 12º Mês | J4: 11º mês | K4: 10º Mês | L4: 9º Mês | M4: 8º Mês | N4: 7º Mês | O4: 6º Mês | P4: 5º Mês | Q4: 4º Mês | R4: 3º Mês | S4: 2º Mês | T4: 1º Mês
A5: I - NATUREZA DE DESPESA | H5: =SUM(I5:T5) -> 91638062 | I5: =I6+I7 -> 7299492 | J5: =J6+J7 -> 7278817.8 | K5: =K6+K7 -> 7237452.5 | L5: =L6+L7 -> 7701416.3 | M5: =M6+M7 -> 7539150.8 | N5: =N6+N7 -> 7252406.9 | O5: =O6+O7 -> 13900533 | P5: =P6+P7 -> 6729344.3 | ... T5: =T6+T7 -> 6446621.8
A6: Pessoal e encargos sociais | G6: 3.1.00.00.00.00 | H6: =SUM(I6:T6) -> 91115178 | I6: =7170867.52 -> 7170867.5 | J6: =7046389.84 -> 7046389.8 | K6: =7237452.49 -> 7237452.5 | L6: 7577072.3 | M6: =7501662.83 -> 7501662.8 | N6: 7252406.9 | O6: 13900533 | P6: =6729344.26 -> 6729344.3 | Q6: 6738219.1 | R6: 7053664.7 | S6: 6460942.9 | T6: =6446621.82 -> 6446621.8
A7: Outras Despesas de Pessoal de Contratos de Terceirização - Substituição de mão de obra (art. 18, § 1º da LRF) | G7: 3.3.XX.34.01.00 | H7: =SUM(I7:T7) -> 522884.5 | I7: =128624.5 -> 128624.5 | J7: =232428 -> 232428 | L7: 124344 | M7: 37488
A8: II - DEDUÇÕES | H8: =SUM(I8:T8) -> 33003963 | I8: =SUM(I9:I23) -> 2015189.9 | J8: =SUM(J9:J23) -> 1893137 | K8: =SUM(K9:K23) -> 2101713.6 | L8: =SUM(L9:L23) -> 2293464.9 | M8: =SUM(M9:M23) -> 2261955 | N8: =SUM(N9:N23) -> 2206181.3 | O8: =SUM(O9:O23) -> 5453631.8 | P8: =SUM(P9:P23) -> 2792799.6 | ... T8: =SUM(T9:T23) -> 2802105.1
A9: Aposentadoria do RPPS, Reserva Remunerada e Reformas dos Militares (com recursos do RPPS) | G9: 3.1.90.01 | H9: =SUM(I9:T9) -> 20673822 | I9: =1649294.67 -> 1649294.7 | J9: =1642118.8 -> 1642118.8 | K9: =1638614.89 -> 1638614.9 | L9: =1695217.98 -> 1695218 | M9: =1674599.82 -> 1674599.8 | N9: 1578605.8 | O9: 3078459.2 | P9: 1563349 | Q9: =1561967.53 -> 1561967.5 | R9: 1553214.3 | S9: 1520439.6 | T9: 1517940.4
A10: Pensões do RPPS e do Militar (com Recursos do RPPS) | G10: 3.1.90.03 | H10: =SUM(I10:T10) -> 2638432 | I10: =210844.25 -> 210844.25 | J10: =210918.91 -> 210918.91 | K10: =209700.26 -> 209700.26 | L10: =219471.11 -> 219471.11 | M10: =222290.44 -> 222290.44 | N10: =196354.43 -> 196354.43 | O10: 388793.29 | P10: 195275.91 | Q10: 195275.91 | R10: =195374.14 -> 195374.14 | S10: 196749.29 | T10: =197384.09 -> 197384.09
A11: Ajuda de Custo | G11: 3.1.90.16.99.01 | H11: =SUM(I11:T11) -> 0
A12: Remoções | G12: 3.1.90.16.99.02 | H12: =SUM(I12:T12) -> 0
A13: Despesas de Exercícios Anteriores | G13: 3.1.90.92 | H13: =SUM(I13:T13) -> 0
A14: Indenizações e Restituições Trabalhistas | G14: 3.1.9.0.94 | H14: =SUM(I14:T14) -> 2894347.5 | I14: =155051.03 -> 155051.03 | J14: =40099.27 -> 40099.27 | K14: =253398.44 -> 253398.44 | L14: =378775.85 -> 378775.85 | M14: 365064.69 | N14: 431221.06 | O14: =127016.84 -> 127016.84 | P14: =38072.38 -> 38072.38 | Q14: 291286.79 | R14: =629429.09 -> 629429.09 | S14: =89854.36 -> 89854.36 | T14: =95077.73 -> 95077.73
A15: LICENCA PREMIO INDENIZADA | G15: 3.1.9.0.11.48 | H15: =SUM(I15:T15) -> 0
A16: OUTROS BENEFICIOS PREVIDENCIARIOS - PESSOAL INATIVO | G16: 3.1.90.05.00.02 | H16: =SUM(I16:T16) -> 97.24 | S16: 48.62 | T16: 48.62
A17: 3.3.90.08 = Outros Benefícios Previdenciários do Servidor | G17: 3.1.9.0.08 | H17: =SUM(I17:T17) -> 7315 | O17: =1045 -> 1045 | P17: 2090 | Q17: 1045 | R17: 2090 | T17: =1045 -> 1045
A18: Abono de Permanência | G18: 3.1.9.0.11.07 | H18: =SUM(I18:T18) -> 95847.07 | O18: =38202.42 -> 38202.42 | P18: 12981.52 | Q18: =10140.05 -> 10140.05 | R18: =11943.55 -> 11943.55 | S18: 11218.85 | T18: =11360.68 -> 11360.68
A19: PRECATORIOS - PENSIONISTA CIVIL | G19: 3.1.9.0.91.36 | H19: =SUM(I19:T19) -> 8015.52 | O19: =1335.92 -> 1335.92 | P19: 1335.92 | Q19: 1335.92 | R19: 1335.92 | S19: 1335.92 | T19: 1335.92
A20: Contribuições Patronais para o RPPS - Pensionista = 3.1.9.1.13.03.03 | G20: 3.1.91.13.10.02 | H20: =SUM(I20:T20) -> 26010.3 | O20: 15801.22 | P20: =8044.24 -> 8044.24 | Q20: 541.21 | R20: 541.21 | S20: =541.21 -> 541.21 | T20: 541.21
A21: 08.11.02+08.11.03 Plano de Seguridade Social do Servidor - Pessoal Ativo 3.1.9.1.13.08 = AUXILIO-SAUDE | G21: 3.3.91.08.11.01 | H21: =SUM(I21:T21) -> 784672.7 | O21: 141295.99 | P21: =128916.01 -> 128916.01 | Q21: =127878.71 -> 127878.71 | R21: =128160.22 -> 128160.22 | S21: =129497.82 -> 129497.82 | T21: =128923.95 -> 128923.95
A22: Amortização do Passivo Atuarial com RPPS - Alíquota Suplementar (20.00; 21.01 e 20.02) | G22: 3.1.91.13.20 | H22: =SUM(I22:T22) -> 4586117 | O22: =1308915.48 -> 1308915.5 | P22: =659491.72 -> 659491.72 | Q22: 646130.89 | R22: =654875.8 -> 654875.8 | S22: =657793.22 -> 657793.22 | T22: =658909.91 -> 658909.91
A23: Ativos/Inativos Poder Executivo/Indiretas | G23: 1.1.1.3.03.1.1.01 | H23: =SUM(I23:T23) -> 1289286.1 | O23: =RCL!J9 -> 352766.44 | P23: =RCL!K9 -> 183242.93 | Q23: =RCL!L9 -> 189347.68 | R23: =RCL!M9 -> 186650.12 | S23: =RCL!N9 -> 187741.33 | T23: =RCL!O9 -> 189537.59
A24: III - TOTAL DAS NATUREZAS DE DESPESA (I - II) | H24: =SUM(I24:T24) -> 58634100 | I24: =I5-I8 -> 5284302.1 | J24: =J5-J8 -> 5385680.9 | K24: =K5-K8 -> 5135738.9 | L24: =L5-L8 -> 5407951.4 | M24: =M5-M8 -> 5277195.9 | N24: =N5-N8 -> 5046225.6 | O24: =O5-O8 -> 8446901.5 | P24: =P5-P8 -> 3936544.6 | ... T24: =T5-T8 -> 3644516.7
A25: Recursos para cobertura de Insuficências Financeiras | G25: 3.5.1.3.2.01.01 | H25: =SUM(I25:T25) -> 0
A26: Recursos para cobertura de Déficit Financeiro | G26: 3.5.1.3.2.02.01 | H26: =SUM(I26:T26) -> 0
A27: IV - TOTAL DAS CONTAS PATRIMONIAIS | H27: =SUM(I27:T27) -> 0 | I27: =SUM(I25:I26) -> 0 | J27: =SUM(J25:J26) -> 0 | K27: =SUM(K25:K26) -> 0 | L27: =SUM(L25:L26) -> 0 | M27: =SUM(M25:M26) -> 0 | N27: =SUM(N25:N26) -> 0 | O27: =SUM(O25:O26) -> 0 | P27: =SUM(P25:P26) -> 0 | ... T27: =SUM(T25:T26) -> 0
A28: Cálculo Despesa c/ Pessoal 1º e 2º Quadrimestre/1º Semestre: Emp. Não Liquidados | B28: Cálculo das contas das naturezas de despesas de pessoal dos Itens I e II | H28: =SUM(I28:T28) -> 278240.19 | I28: =7154869.31-(I6+I70) -> -15998.21 | J28: =7045109.36-J6+355000-J7 -> 121291.52 | K28: =7228639.21-K6+1584-K7 -> -7229.28 | L28: =7670632.48-L6+70000-L7 -> 39216.16 | M28: =7447735.4-M6+155000-M7 -> 63584.57 | N28: =7329782.33-N6 -> 77375.43
A29: Cálculo Despesa c/ Pessoal 3º Quadrimestre/2º Semestre: Restos a Pagar Não Processados | B29: Cálculo das contas das naturezas de despesas de pessoal dos Itens I e II | H29: =SUM(I29:T29) -> 0
A30: V - TOTAL DOS EMPENHOS NÃO LÍQUIDADOS - RESTOS A PAGAR NÃO PROCESSADOS | H30: =SUM(I30:T30) -> 278240.19 | I30: =SUM(I28:I29) -> -15998.21 | J30: =SUM(J28:J29) -> 121291.52 | K30: =SUM(K28:K29) -> -7229.28 | L30: =SUM(L28:L29) -> 39216.16 | M30: =SUM(M28:M29) -> 63584.57 | N30: =SUM(N28:N29) -> 77375.43 | O30: =SUM(O28:O29) -> 0 | P30: =SUM(P28:P29) -> 0 | ... T30: =SUM(T28:T29) -> 0
B31: Informação da Execução do Consórcio p/ consolidação - maio a Dez | G31: 8.5.3.2.4.01.01 | H31: =SUM(I31:T31) -> 0
A32: Contas Aplicáveis ao 1º Quadrimestre (1) | B32: Informação da Execução do Consórcio p/ consolidação - Exercício atual - 1º Bimestre | G32: 8.5.3.2.4.02.01 | H32: =SUM(I32:T32) -> 0
B33: Informação da Execução do Consórcio p/ consolidação - Exercício atual - 2º Bimestre | G33: 8.5.3.2.4.02.02 | H33: =SUM(I33:T33) -> 0
B34: Informação da Execução do Consórcio p/ consolidação - julho a Dez | G34: 8.5.3.2.4.01.02 | H34: =SUM(I34:T34) -> 0
A35: Contas Aplicáveis ao 1º Semestre (1) | B35: Informação da Execução do Consórcio p/ consolidação - Exercício atual - 1º Bimestre | G35: 8.5.3.2.4.02.01 | H35: =SUM(I35:T35) -> 0
B36: Informação da Execução do Consórcio p/ consolidação - Exercício atual - 2º Bimestre | G36: 8.5.3.2.4.02.02 | H36: =SUM(I36:T36) -> 0
B37: Informação da Execução do Consórcio p/ consolidação - Exercício atual - 3º Bimestre | G37: 8.5.3.2.4.02.03 | H37: =SUM(I37:T37) -> 0
B38: Informação da Execução do Consórcio p/ consolidação - Setembro a Dez | G38: 8.5.3.2.4.01.03 | H38: =SUM(I38:T38) -> 0
B39: Informação da Execução do Consórcio p/ consolidação - Exercício atual - 1º Bimestre | G39: 8.5.3.2.4.02.01 | H39: =SUM(I39:T39) -> 0
A40: Contas Aplicáveis ao 2º Quadremestre (1) | B40: Informação da Execução do Consórcio p/ consolidação - Exercício atual - 2º Bimestre | G40: 8.5.3.2.4.02.02 | H40: =SUM(I40:T40) -> 0
B41: Informação da Execução do Consórcio p/ consolidação - Exercício atual - 3º Bimestre | G41: 8.5.3.2.4.02.03 | H41: =SUM(I41:T41) -> 0
B42: Informação da Execução do Consórcio p/ consolidação - Exercício atual - 4º Bimestre | G42: 8.5.3.2.4.02.04 | H42: =SUM(I42:T42) -> 0
B43: Informação da Execução do Consórcio p/ consolidação - Exercício atual - 1º Bimestre | G43: 8.5.3.2.4.02.01 | H43: =SUM(I43:T43) -> 0
B44: Informação da Execução do Consórcio p/ consolidação - Exercício atual - 2º Bimestre | G44: 8.5.3.2.4.02.02 | H44: =SUM(I44:T44) -> 0
A45: Contas Aplicáveis ao 3º Quadremestre e ao 2º Semestre (1) | B45: Informação da Execução do Consórcio p/ consolidação - Exercício atual - 3º Bimestre | G45: 8.5.3.2.4.02.03 | H45: =SUM(I45:T45) -> 0
B46: Informação da Execução do Consórcio p/ consolidação - Exercício atual - 4º Bimestre | G46: 8.5.3.2.4.02.04 | H46: =SUM(I46:T46) -> 0
B47: Informação da Execução do Consórcio p/ consolidação - Exercício atual - 5º Bimestre | G47: 8.5.3.2.4.02.05 | H47: =SUM(I47:T47) -> 0
B48: Informação da Execução do Consórcio p/ consolidação - Exercício atual - 6º Bimestre | G48: 8.5.3.2.4.02.06 | H48: =SUM(I48:T48) -> 0
A49: VI - TOTAL DAS CONTAS CONTÁBEIS DE CPONTROLE | C49: EXECUÇÃO DOS CONSÓRCIOS PÚBLICOS | H49: =SUM(I49:T49) -> 0 | I49: =SUM(I31:I48) -> 0 | J49: =SUM(J31:J48) -> 0 | K49: =SUM(K31:K48) -> 0 | L49: =SUM(L31:L48) -> 0 | M49: =SUM(M31:M48) -> 0 | N49: =SUM(N31:N48) -> 0 | O49: =SUM(O31:O48) -> 0 | P49: =SUM(P31:P48) -> 0 | ... T49: =SUM(T31:T48) -> 0
A50: VII - TOTAL DA DESPESA COM PESSOAL ATIVO / INATIVO DA ENTIDADE VII = (III + IV + V - VI) | H50: =SUM(I50:T50) -> 58634100 | I50: =I24+I27+I29-I49 -> 5284302.1 | J50: =J24+J27+J29-J49 -> 5385680.9 | K50: =K24+K27+K29-K49 -> 5135738.9 | L50: =L24+L27+L29-L49 -> 5407951.4 | M50: =M24+M27+M29-M49 -> 5277195.9 | N50: =N24+N27+N29-N49 -> 5046225.6 | O50: =O24+O27+O29-O49 -> 8446901.5 | P50: =P24+P27+P29-P49 -> 3936544.6 | ... T50: =T24+T27+T29-T49 -> 3644516.7
A51: Fonte: Demonstrativo da Despesa Orçamentária Empenhada e liquidada ao Mês
B53: Giovani Amestoy da Silva | E53: Ihoko Nakashima Mota | I53: Arlei Lopes Souza
B54: Prefeito Municipal | E54: Secret. de Município da Fazenda | I54: Contador - CRC/RS: 068452/O-6

Sheet DCLP_RCL
C2: Evolução Mensal da Despesa Liquidada com Pessoal | J2: INSTRUÇÃO NORMATIVA nº 4/2021 - TCE/RS.
D4: =DCLP!I3 -> 44348 | E4: =DCLP!J3 -> 44317 | F4: =DCLP!K3 -> 44287 | G4: =DCLP!L3 -> 44256 | H4: =DCLP!M3 -> 44228 | I4: =DCLP!N3 -> 44197 | J4: =DCLP!O3 -> 44166 | K4: =DCLP!P3 -> 44136 | ... O4: =DCLP!T3 -> 44013
B5: TOTAIS DOS ÚLTIMOS 12 MESES | D5: 12º Mês | E5: 11º mês | F5: 10º Mês | G5: 9º Mês | H5: 8º Mês | I5: 7º Mês | J5: 6º Mês | K5: 5º Mês | L5: 4º Mês | M5: 3º Mês | N5: 2º Mês | O5: 1º Mês
B6: Despesa Liquida c/ Pessoal | C6: =(SUM(D6:O6)) -> 58634100 | D6: =DCLP!I50 -> 5284302.1 | E6: =DCLP!J50 -> 5385680.9 | F6: =DCLP!K50 -> 5135738.9 | G6: =DCLP!L50 -> 5407951.4 | H6: =DCLP!M50 -> 5277195.9 | I6: =DCLP!N50 -> 5046225.6 | J6: =DCLP!O50 -> 8446901.5 | K6: =DCLP!P50 -> 3936544.6 | ... O6: =DCLP!T50 -> 3644516.7
B7: Receita Corrente Líquida | C7: =SUM(D7:O7) -> 1.0379063e+08 | D7: =RCL!D37 -> 8172315.3 | E7: =RCL!E37 -> 9079103.9 | F7: =RCL!F37 -> 8675964 | G7: =RCL!G37 -> 8319725.9 | H7: =RCL!H37 -> 8112076 | I7: =RCL!I37 -> 9442134.8 | J7: =RCL!J37 -> 11323653 | K7: =RCL!K37 -> 7283220.8 | ... O7: =RCL!O37 -> 8672106.6
B8: Índice da DCLP s/ a RCL | C8: =C6/C7 -> 0.56492671 | D8: =D6/D7 -> 0.64661015 | E8: =E6/E7 -> 0.5931952 | F8: =F6/F7 -> 0.59195023 | G8: =G6/G7 -> 0.65001557 | H8: =H6/H7 -> 0.65053581 | I8: =I6/I7 -> 0.53443693 | J8: =J6/J7 -> 0.74595199 | ... O8: =O6/O7 -> 0.42025737
B9: Limite Máximo do Índice | C9: 0.54 | D9: 0.54 | E9: 0.54 | F9: 0.54 | G9: 0.54 | H9: 0.54 | I9: 0.54 | J9: 0.54 | K9: 0.54 | L9: 0.54 | M9: 0.54 | N9: 0.54 | O9: 0.54
B53: Fonte: | C53: Demonstrativos da Receita Corrente Realizada e da Despesa Líquidada Orçamentarias.
C57: Giovani Amestoy da Silva | F57: Ihoko Nakashima Mota | J57: Arlei Lopes Souza
C58: Prefeito Municipal | F58: Secret. de Município da Fazenda | J58: Contador - CRC/RS: 068452/O-6

Sheet RGF
A2: PREFEITURA MUNICIPAL DE CACAPAVA DO SUL - RS - PODER EXECUTIVO
A3: RELATÓRIO DE GESTÃO FISCAL
A4: DEMONSTRATIVO SIMPLIFICADO DO RELATÓRIO DE GESTÃO FISCAL
A5: ORÇAMENTOS FISCAL E DA SEGURIDADE SOCIAL
A6: 1º SEMESTRE DE 2021
A8: LRF, Art. 48 - Anexo 6 | C8: R$ 1,00
A9: RECEITA CORRENTE LÍQUIDA | B9: VALOR ATÉ O QUADRIMESTRE/SEMESTRE
A10: Receita Corrente líquida | B10: 1.0379063e+08
A11: Receita Corrente Líquida Ajustada para Cálculo dos Limites de Endividamento | B11: 1.0399063e+08
A12: Receita Corrente Líquida Ajustada para Cálculo dos Limites da Despesa com Pessoal | B12: 1.0399063e+08
A14: DESPESA COM PESSOAL | B14: VALOR | C14: % SOBRE A RCL AJUSTADA
A15: Despesa Total com Pessoal DTP | B15: =58634099.9 -> 58634100 | C15: =(B15/B10)*100 -> 56.492671
A16: Limite Máximo (incisos I,II e III, art. 20 da LRF) - 54,00% | B16: =B10*0.54 -> 56046941 | C16: 54
A17: Limite Prudencial (§ único, art. 22 da LRF) - 51,30% | B17: =B10*0.513 -> 53244594 | C17: 51.3
A18: Limite de Alerta (inciso II do §1º do art. 59 da LRF) - 48,60% | B18: =B10*0.486 -> 50442247 | C18: 48.6
A20: DÍVIDA CONSOLIDADA | B20: VALOR ATÉ O SEMESTRE DE REFERÊNCIA | C20: % SOBRE A RCL AJUSTADA
A21: Dívida Consolidada Líquida | B21: 1.827.068,71 | C21: =(B21/B11)*100 -> 1.7569551
A22: Limite Definido por Resolução do Senado Federal | B22: 0 | C22: 0
A24: GARANTIAS DE VALORES | B24: VALOR ATÉ O SEMESTRE DE REFERÊNCIA | C24: % SOBRE A RCL AJUSTADA
A25: Total das Garantias Concedidas | B25: 0 | C25: 0
A26: Limite Definido por Resolução do Senado Federal | B26: 0 | C26: 0
A28: OPERAÇÕES DE CRÉDITO | B28: VALOR | C28: % SOBRE A RCL AJUSTADA
A29: Operações de Crédito Internas e Externas | B29: 0 | C29: 0
A30: Limite Definido pelo Senado Federal para Operações de
A31: Crédito Externas e Internas | B31: 0 | C31: 0
A32: Operações de Crédito por Antecipação da Receita | B32: 0 | C32: 0
A33: Limite Definido pelo Senado Federal para Operações de
A34: Crédito por Antecipação da Receita | B34: 0 | C34: 0
A35: FONTE: GOVBR RF - Responsabilidade Fiscal, SECRETARIA DE MUNICÍPIO DA FAZENDA, 28/Jul/2021, 12h e 46m.
A39: Giovani Amestoy da Silva | B39: Ihoko Nakashima Mota | C39: Arlei Lopes Souza
A40: Prefeito Municipal | B40: Secret. de Município da Fazenda | C40: Contador - CRC/RS: 068452/O-6

Sheet AcompFAPS
B2: Aliquotas vigentes em 2021 do FAPS/RPPS
B3: ENTE | C3: SEGURADO
B4: Normal | C4: Normal
B5: 0.1999 | C5: 0.1184
B6: Suplementar | C6: Média dos Segurados
B7: 0.33
E9: Período: | F9: 2021 | G9: 2022 | H9: 2023 | I9: 2024 | J9: 2025
E10: Lei Municipal Nº 4167 de 04/08/2020 - Art. 4º - Aliquota do Passivo Atuarial. | F10: 0.33 | G10: 0.5 | H10: 0.585 | I10: 0.5675 | J10: 0.4
C14: Ano: 2021 | E14: Janeiro | F14: Fevereiro | G14: Março | H14: Abril | I14: Maio | J14: Junho | K14: TOTAIS:
B15: 7.9.9.0.01.1.1 | C15: Aportes Periodicos Amortiz Deficit Atuarial | D15: 311 | E15: 646851.22 | F15: 1584309.8 | G15: 1110585.6 | H15: 1101862.1 | I15: =1041204.38 -> 1041204.4 | J15: 1041463.5 | K15: =SUM(E15:J15) -> 6526276.6 | L15: =6526276.57-K15 -> 0
B16: 7.9.9.0.01.1.3 | C16: Aportes Periodicos Amortiz Deficit Atuarial - Div Ativa | D16: 320 | E16: 40013.54 | F16: 25467.31 | G16: =43738.35 -> 43738.35 | H16: 147124.29 | I16: =167667.79 -> 167667.79 | J16: 197063.87 | K16: =SUM(E16:J16) -> 621075.15 | L16: =621075.15-K16 -> 0
C18: Receitas Totais | E18: 1821306.7 | F18: 3418373.4 | G18: 2477692 | H18: 2713144.4 | I18: =2527081.2 -> 2527081.2 | J18: 2358458.2 | K18: =SUM(E18:J18) -> 15316056 | L18: =15316055.8-K18 -> 0
C19: Total da Despesa Paga | E19: 1774960.3 | F19: 1892028.5 | G19: 1916270.8 | H19: 1847527.9 | I19: 1862823.2 | K19: =SUM(E19:I19) -> 9293610.7 | L19: =9293610.65-K19 -> 0
C20: Resultado: | D20: (- ) | E20: =E18-E19 -> 46346.42 | F20: =F18-F19 -> 1526344.8 | G20: =G18-G19 -> 561421.16 | H20: =H18-H19 -> 865616.53 | I20: =I18-I19 -> 664258.01 | J20: =J18-J19 -> 2358458.2 | K20: =SUM(E20:I20) -> 3663987
C22: Valor do déficit para cobertura do Passivo Atuarial: | D22: ( = ) | E22: =SUM(E15:E16)-E20 -> 640518.34 | F22: =SUM(F15:F16)-F20 -> 83432.26 | G22: =SUM(G15:G16)-G20 -> 592902.82 | H22: =SUM(H15:H16)-H20 -> 383369.85 | I22: =SUM(I15:I16)-I20 -> 544614.16 | J22: =SUM(J15:J16)-J20 -> -1119930.9 | K22: =SUM(E22:I22) -> 2244837.4
C23: Progressão do Déficit no período | F23: =E22+F22 -> 723950.6 | G23: =F23+G22 -> 1316853.4 | H23: =G23+H22 -> 1700223.3 | I23: =H23+I22 -> 2244837.4 | J23: =I23+J22 -> 1124906.6
C25: Rendimentos Líquidos Auferidos do Período: | E25: =21390.5-13008.99 -> 8381.51 | F25: 7644.48 | G25: =70335.98-81867.41 -> -11531.43 | H25: 236970.22 | I25: =196118.17-25818.29 -> 170299.88 | J25: =48213.11-50509.62 -> -2296.51 | K25: =SUM(E25:J25) -> 409468.15
C28: Saldo dos Valores Aplicados: | E28: 33033587 | F28: 32875957 | G28: 34457888 | H28: 35776936 | I28: 35898682 | J28: =35480656.82 -> 35480657 | K28: TOTAIS:
F29: =F28-E28 -> -157630.07 | G29: =G28-F28 -> 1581931.6 | H29: =H28-G28 -> 1319048 | I29: =I28-H28 -> 121746.14 | J29: =J28-I28 -> -418025.45 | K29: =SUM(F29:J29) -> 2447070.2 | L29: =J28-E28-K29 -> 0
D31: Percentual dos Rendimentos em relação ao Saldo: | E31: =E25/E28 -> 0.00025372691 | F31: =F25/F28 -> 0.00023252495 | G31: =G25/G28 -> -0.00033465284 | H31: =H25/H28 -> 0.0066235471 | I31: =I25/I28 -> 0.0047439034 | J31: =J25/J28 -> -6.472569e-05 | K31: =SUM(E31:J31) -> 0.011454324

Sheet Exec_Orç
C1: POSIÇÃO DAS OBRIGAÇÕES REALIZADAS ATÉ JUNHO DE 2021.
H2: Empenhos de restos a Pagar
B3: Seq. | C3: ÓRGÃOS | D3: 1. Dotações: | E3: 2. Liquidado | F3: 3. Pago: | G3: 4. A Pagar = 2 - 3 | H3: 5. Saldo Inicial | I3: 6. RAP Pago | J3: 7. A liquidar | K3: 8.Restos a Pagar=5-(6+7)
B4: 1 | C4: Câmara | D4: 4189000 | E4: =Cronogra!AE24 -> 1668806.7 | F4: =1624307.91 -> 1624307.9 | G4: =E4-F4 -> 44498.78 | H4: 2150.91 | I4: 2150.91 | J4: =H4-I4 -> 0 | K4: =H4-I4 -> 0
B5: 2 | C5: Gabinete | D5: 2311581.5 | E5: =Cronogra!AE25 -> 1032379.3 | F5: 980304.02 | G5: =E5-F5 -> 52075.29 | H5: 430609.76 | I5: 93090.95 | J5: =430609.76-430609.76 -> 0 | K5: =H5-I5 -> 337518.81 | L5: =337518.81-K5 -> 0
B6: 3 | C6: SGM | D6: 1251892.3 | E6: =Cronogra!AE26 -> 340054.54 | F6: 321713.26 | G6: =E6-F6 -> 18341.28 | H6: 247473.7 | I6: 52717.16 | J6: =282751.59-247473.7 -> 35277.89 | K6: =H6-I6 -> 194756.54 | L6: =194756.54-K6 -> 0
B7: 4 | C7: SMCP | D7: 1831204.8 | E7: =Cronogra!AE27 -> 784533.97 | F7: 732056.16 | G7: =E7-F7 -> 52477.81 | H7: 597265.67 | I7: =91279.25 -> 91279.25 | J7: =597406.07-597265.67 -> 140.4 | K7: =H7-I7 -> 505986.42 | L7: =505986.42-K7 -> 0
B8: 5 | C8: SMA | D8: 8078865.6 | E8: =Cronogra!AE28 -> 3998623.7 | F8: 3486902 | G8: =E8-F8 -> 511721.73 | H8: 5923623 | I8: =771508.15 -> 771508.15 | J8: =5985138.89-5923622.99 -> 61515.9 | K8: =H8-I8 -> 5152114.8 | L8: =5152114.84-K8 -> 0
B9: 6 | C9: SMF | D9: 3547551.9 | E9: =Cronogra!AE29 -> 1541788.4 | F9: 1418449.2 | G9: =E9-F9 -> 123339.14 | H9: 1143866.1 | I9: 233409.11 | K9: =H9-I9 -> 910456.94 | L9: =910456.94-K9 -> 0
B10: 7 | C10: SMTur | D10: 1207536.1 | E10: =Cronogra!AE30 -> 344689.66 | F10: 322943.02 | G10: =E10-F10 -> 21746.64 | H10: 220079.47 | I10: 59826.08 | J10: =220135.97-220079.47 -> 56.5 | K10: =H10-I10 -> 160253.39 | L10: =160253.39-K10 -> 0
B11: 8 | C11: SMTSUI | D11: 12448467 | E11: =Cronogra!AE31 -> 5039978 | F11: 4546477.6 | G11: =E11-F11 -> 493500.33 | H11: =5336045.92 -> 5336045.9 | I11: 1235901 | J11: =5336045.92-3904796.9 -> 1431249 | K11: =H11-(I11+J11) -> 2668895.9 | L11: =2668895.86-K11 -> 0
B12: 9 | C12: SEDUC | D12: 42368245 | E12: =Cronogra!AE32 -> 15749150 | F12: 14516985 | G12: =E12-F12 -> 1232164.8 | H12: =5866343.08 -> 5866343.1 | I12: 1426736 | J12: =5866343.08-5665852.82 -> 200490.26 | K12: =H12-(I12+J12) -> 4239116.8 | L12: =4239116.84-K12 -> 0
B13: 10 | C13: SMSMA | D13: 29327281 | E13: =Cronogra!AE33 -> 13971037 | F13: 12695817 | G13: =E13-F13 -> 1275220.2 | H13: =7766012.8 -> 7766012.8 | I13: =2175436.15 -> 2175436.1 | J13: =7766012.8-7764842.78 -> 1170.02 | K13: =H13-(I13+J13) -> 5589406.6 | L13: =5589406.63-K13 -> 0
B14: 11 | C14: SMAS | D14: 4494711.6 | E14: =Cronogra!AE34 -> 1809680.3 | F14: 1676128.7 | G14: =E14-F14 -> 133551.59 | H14: 1002924.3 | I14: 232876.01 | J14: =1003608.34-1002924.31 -> 684.03 | K14: =H14-I14 -> 770048.3 | L14: =770048.3-K14 -> 0
B15: 12 | C15: SMAIC | D15: 2313005.8 | E15: =Cronogra!AE35 -> 679523.72 | F15: 595321.17 | G15: =E15-F15 -> 84202.55 | H15: 385992.62 | I15: 90450.45 | J15: =386792.28-(385992.62+495.16) -> 304.5 | K15: =H15-I15 -> 295542.17 | L15: =295542.17-K15 -> 0
B16: 13 | C16: Encargos | D16: 3021924.3 | E16: =Cronogra!AE36 -> 1322963.6 | F16: 1307565 | G16: =E16-F16 -> 15398.54 | H16: 386792.28 | I16: 90450.45 | J16: =386792.28-385992.62 -> 799.66 | K16: =H16-(I16+J16) -> 295542.17 | L16: =295542.17-K16 -> 0
B17: 15 | C17: FAPS | D17: =25810700.56 -> 25810701 | E17: =Cronogra!AE38 -> 11162076 | F17: 11154120 | G17: =E17-F17 -> 7957 | H17: 33584.9 | I17: 654 | J17: =33584.9-33584.9 -> 0 | K17: =H17-I17 -> 32930.9 | L17: =32930.9-K17 -> 0
B18: 16 | C18: FASM | D18: =4416737.33 -> 4416737.3 | E18: =Cronogra!AE39 -> 3076458.8 | F18: 3017792.2 | G18: =E18-F18 -> 58666.56 | H18: 49278.4 | I18: 49278.4 | J18: =49278.4-49278.4 -> 0 | K18: =H18-I18 -> 0
D19: =SUM(D4:D18) -> 1.4661871e+08 | E19: =SUM(E4:E18) -> 62521744 | F19: =SUM(F4:F18) -> 58396882 | G19: =SUM(G4:G18) -> 4124862.3 | H19: =SUM(H4:H18) -> 29392043 | I19: =SUM(I4:I18) -> 6605764.1 | J19: =SUM(J4:J18) -> 1731688.2 | K19: =SUM(K4:K18) -> 21152570 | L19: =21017199.93-K19 -> -135369.88
B20: Restos Cancelados | D20: =D19+Cruz!I24-Cruz!I27 -> 0 | E20: =62521743.79-E19 -> 0 | F20: =58396881.51-F19 -> 0 | G20: =4124862.28-G19 -> 0 | H20: =H19-(29440639.33) -> -48596.47 | I20: =6690599.37-I19 -> 84835.28 | J20: =(29440639.33-27707799.3)-J19 -> 1151.85 | K20: =21017199.93-K19 -> -135369.88
C21: Fonte: Relatório da "Situacao de Empenhos de Restos a Pagar Posicão até Junho/21"
D23: 1.Receita Realizada: | E23: 2.Desp. Liquidada | F23: 3.Despesa Paga: | G23: 4.Resultado: 1-3 | H23: 5.A Pagar: 2-3
C24: Pref. | D24: =Cruz!H16 -> 52151147 | E24: =SUM(E4:E16) -> 48283209 | F24: =SUM(F4:F16) -> 44224970 | G24: =D24-F24 -> 7926176.9 | H24: =E24-F24 -> 4058238.7
C25: FAPS | D25: =Cruz!H25 -> 15316056 | E25: =E17 -> 11162076 | F25: =F17 -> 11154120 | G25: =D25-F25 -> 4161936.3 | H25: =E25-F25 -> 7957
C26: FASM | D26: =Cruz!H26 -> 2316789.7 | E26: =E18 -> 3076458.8 | F26: =F18 -> 3017792.2 | G26: =D26-F26 -> -701002.51 | H26: =E26-F26 -> 58666.56
C27: Total: | D27: =SUM(D24:D26) -> 69783992 | E27: =SUM(E24:E26) -> 62521744 | F27: =SUM(F24:F26) -> 58396882 | G27: =SUM(G24:G26) -> 11387111 | H27: =SUM(H24:H26) -> 4124862.3

Sheet DespSEDUC
A3: Data Base: | B3: 44377
C4: 09 SECRETARIA DE MUNIC. DA EDUCACAO
C5: 09.01 ENSINO FUNDAMENTAL | E5: 09.02 ENSINO INFANTIL PRE-ESCOLA | H5: 09.03 ENSINO INFANTIL - CRECHE | J5: 09.05 ENSINO ESPECIAL | M5: 09.07 ENSINO JOVENS E ADULTOS - EJA
J6: 2.021 - 367
A9: Atividades: | B9: Dotações: | C9: Emp | D9: Líq | E9: Pgtos | F9: Saldo Dotações: | G9: Atividades: | H9: Dotações: | I9: Emp | J9: Líq | K9: Pgtos | L9: Saldo Dotações:
A10: 60% - 361 - 2.013 | B10: =12636603.36 -> 12636603 | C10: =6043841.78 -> 6043841.8 | D10: =6043841.78 -> 6043841.8 | E10: =5665953.7 -> 5665953.7 | F10: =B10-C10 -> 6592761.6 | G10: 40% - 361 - 2.014 | H10: 313301 | I10: 311129.25 | J10: 311129.25 | K10: 196314.52 | L10: =H10-I10 -> 2171.75
A11: 60% - PRE - 2.015 | B11: 3284610.6 | C11: 1592784.6 | D11: 1592784.6 | E11: 1493340.2 | F11: =B11-C11 -> 1691826 | G11: 40% PRE 2.016 | H11: 540184.71 | I11: 380338.94 | J11: 380338.94 | K11: 355067.18 | L11: =H11-I11 -> 159845.77
A12: 60% CRECHE 2.017 | B12: =2188774.08 -> 2188774.1 | C12: 1072315.9 | D12: 1072315.9 | E12: 1010368.2 | F12: =B12-C12 -> 1116458.2 | G12: 40% CRECHE 2.018 | H12: =1261737.86 -> 1261737.9 | I12: 817871.03 | J12: 817871.03 | K12: 774087.23 | L12: =H12-I12 -> 443866.83
A13: 60% Especial 2.021 | B13: 1223530.4 | C13: 722487.24 | D13: 722487.24 | E13: 678732.56 | F13: =B13-C13 -> 501043.13 | L13: =H13-I13 -> 0
A14: 60% EJA 2.022 | B14: 402256.61 | C14: 216776.16 | D14: 216776.16 | E14: 201306.71 | F14: =B14-C14 -> 185480.45 | G14: 40% EJA 2.023 | H14: 149580.78 | I14: 75127.83 | J14: 75127.83 | K14: 71070.43 | L14: =H14-I14 -> 74452.95
A15: SubTotais:01 | B15: =SUM(B10:B14) -> 19735775 | C15: =SUM(C10:C14) -> 9648205.7 | D15: =SUM(D10:D14) -> 9648205.7 | E15: =SUM(E10:E14) -> 9049701.4 | F15: =SUM(F10:F14) -> 10087569 | G15: SubTotais: 03 | H15: =SUM(H10:H14) -> 2264804.4 | I15: =SUM(I10:I14) -> 1584467.1 | J15: =SUM(J10:J14) -> 1584467.1 | K15: =SUM(K10:K14) -> 1396539.4 | L15: =SUM(L10:L14) -> 680337.3
C17: 60% FUNDEB | D17: =D15 -> 9648205.7 | E17: =D17/E37 -> 0.85894123 | I17: 40% FUNDEB: | J17: =J15 -> 1584467.1 | K17: =J17/E37 -> 0.14105877
A19: 60% - 361 - 2.013 | B19: =2079867.2 -> 2079867.2 | C19: 167642.47 | D19: 167642.47 | E19: 167642.47 | F19: =B19-C19 -> 1912224.7 | G19: 40% - 361 - 2.014 | H19: 3675484.5 | I19: 2069041.9 | J19: 2069041.9 | K19: 1922056.1 | L19: =H19-I19 -> 1606442.6
A20: 60% - PRE - 2.015 | B20: 1084651.7 | C20: 217771.35 | D20: 217771.35 | E20: 131322.75 | F20: =B20-C20 -> 866880.32 | G20: 40% PRE 2.016 | H20: 606894.6 | I20: 67131.02 | J20: 67131.02 | K20: 67131.02 | L20: =H20-I20 -> 539763.58
A21: 60% CRECHE 2.017 | B21: 885868.11 | C21: 305372.41 | D21: 305372.41 | E21: 271151.1 | F21: =B21-C21 -> 580495.7 | G21: 40% CRECHE 2.018 | H21: 2029870.8 | I21: 163702.37 | J21: 163702.37 | K21: 163702.37 | L21: =H21-I21 -> 1866168.5
A22: 60% EJA 2.022 | B22: 90533.96 | F22: =B22-C22 -> 90533.96 | G22: 40%-361-2.014MDE | H22: 3561984.5 | I22: 1954787.4 | J22: 1954787.4 | K22: 1714962.2 | L22: =H22-I22 -> 1607197.1
A23: Ens.Especial2021 | B23: 388073.04 | C23: 3103.89 | D23: 3103.89 | E23: 3103.89 | F23: =B23-C23 -> 384969.15 | G23: Livre - 2.014 | H23: 1676102.7 | I23: 149769.55 | J23: 149769.55 | K23: 144422.82 | L23: =H23-I23 -> 1526333.1
A24: Ens.Especial2120 | B24: 3080 | G24: Livre - 2.248 | H24: 612189.84 | L24: =H24-I24 -> 612189.84
A25: 2245
A26: SubTotais:02 | B26: =SUM(B19:B24) -> 4532074 | C26: =SUM(C19:C24) -> 693890.12 | D26: =SUM(D19:D24) -> 693890.12 | E26: =SUM(E19:E24) -> 573220.21 | F26: =SUM(F19:F24) -> 3835103.9 | G26: SubTotais: 04 | H26: =SUM(H19:H24) -> 12162527 | I26: =SUM(I19:I24) -> 4404432.3 | J26: =SUM(J19:J24) -> 4404432.3 | K26: =SUM(K19:K24) -> 4012274.4 | L26: =SUM(L19:L24) -> 7758094.8
C28: MDE: 0020 | D28: =D26 -> 693890.12
A31: Descrição: | B31: Matrículas | C31: Proporção | D31: MDE e FUNDEB | E31: FUNDEB: Liquidada | F31: MDE+Livre: Liquidada | H31: Descrição: | I31: Emp | J31: Líq | K31: Pgtos
A32: Fundamental | B32: 2221 | C32: =B32/B37 -> 0.58217562 | D32: =C32*J34 -> 9507507.3 | E32: =D10+J10 -> 6354971 | F32: =D32-E32 -> 3152536.2 | H32: Fundeb: | I32: =C15+I15 -> 11232673 | J32: =D15+J15 -> 11232673 | K32: =E15+K15 -> 10446241
A33: Pré | B33: 648 | C33: =B33/B37 -> 0.16985583 | D33: =C33*J34 -> 2773914.8 | E33: =D11+J11 -> 1973123.6 | F33: =D33-E33 -> 800791.18 | H33: MDE: | I33: =C26+I26 -> 5098322.4 | J33: =D26+J26 -> 5098322.4 | K33: =E26+K26 -> 4585494.6
A34: Creche | B34: 480 | C34: =B34/B37 -> 0.12581913 | D34: =C34*J34 -> 2054751.7 | E34: =D12+J12 -> 1890186.9 | F34: =D34-E34 -> 164564.76 | H34: Total Geral: | I34: =I32+I33 -> 16330995 | J34: =J32+J33 -> 16330995 | K34: =K32+K33 -> 15031735
A35: EJA | B35: 143 | C35: =B35/B37 -> 0.037483617 | D35: =C35*J34 -> 612144.77 | E35: =D13+J13 -> 722487.24 | F35: =D35-E35 -> -110342.47
A36: Especial | B36: 323 | C36: =B36/B37 -> 0.084665793 | D36: =C36*J34 -> 1382676.7 | E36: =D14+J14 -> 291903.99 | F36: =D36-E36 -> 1090772.7
A37: Fonte SIOPE | B37: =SUM(B32:B36) -> 3815 | C37: =SUM(C32:C36) -> 1 | D37: =SUM(D32:D36) -> 16330995 | E37: =SUM(E32:E36) -> 11232673 | F37: =SUM(F32:F36) -> 5098322.4
D38: =SUM(E38:F38) -> 1 | E38: =E37/D37 -> 0.68781312 | F38: =F37/D37 -> 0.31218688
G39: Despesa Liquidada: | H39: Percentual s/ Total
A40: Repasses FUNDEB | B40: =Míni!D20 -> 12865618 | C40: =D17/B40 -> 0.74992169 | D40: 70,00% para as aplicaçoes mínimas no FUNDEB | G40: =D17 -> 9648205.7 | H40: =E17 -> 0.85894123
C41: =J17/B40 -> 0.12315515 | D41: 30,00% para as aplicaçoes maximas no FUNDEB | G41: =J17 -> 1584467.1 | H41: =K17 -> 0.14105877
F42: Total Liquidado do FUNDEB: | G42: =SUM(G40:G41) -> 11232673 | H42: =SUM(H40:H41) -> 1
A49: Giovani Amestoy da Silva | E49: Ihoko Nakashima Mota | J49: Arlei Lopes Souza
A50: Prefeito Municipal | E50: Secret. de Município da Fazenda | J50: Contador - CRC/RS: 068452/O-6

Sheet Míni
B1: CALCULO DOS PERCENTUAIS MÍNIMOS LEGAIS
A2: PERÍODO: | B2: 1º de Janeiro a 30 de Junho de 2021 | E2: Artigos 198 e 212 da CF/88 e E/C nº 29
A4: Análise Horizontal das Receitas em relação ao montante arrecadado no mês em uma previsão de arrecadação de um doze avos ao mês.
A5: Os valores na coluna "Excesso" entre parenteses significa que foi arrecado valor maior que um doze avos ao mês na Receita Realizada.
A7: 1. NÍVEIS: | B7: 2. RECEITAS | C7: 3. PREVISTO | D7: 4. Realizado: | E7: LIVRE: 60% Excesso/Déficit | G7: MDE:25%/5% Excesso/Déficit | I7: FUNDEB 20% Excesso/Déficit | K7: ASPS: 15% | L7: Excesso/Déficit
A8: 1.1.1.3.03.1 | B8: IRRF | C8: 3488232.1 | D8: 1679007.3 | E8: =D8*0.6 -> 1007404.4 | F8: =(((D8*0.6)/12)*6)-E8 -> -503702.18 | G8: =D8*0.25 -> 419751.82 | H8: =(((C8*0.25)/12)*6)-G8 -> 16277.2 | K8: =D8*0.15 -> 251851.09 | L8: =(((C8*0.25)/12)*6)-K8 -> 184177.93
A9: 1.1.1.8.01.1 | B9: IPTU | C9: 4037453.8 | D9: 2130195 | E9: =D9*0.6 -> 1278117 | F9: =(((D9*0.6)/12)*6)-E9 -> -639058.49 | G9: =D9*0.25 -> 532548.74 | H9: =(((C9*0.25)/12)*6)-G9 -> -27867.016 | K9: =D9*0.15 -> 319529.25 | L9: =(((C9*0.25)/12)*6)-K9 -> 185152.48
A10: 1.1.1.8.01.4 | B10: ITBI | C10: 1078358.3 | D10: 1038829.7 | E10: =D10*0.6 -> 623297.83 | F10: =(((D10*0.6)/12)*6)-E10 -> -311648.91 | G10: =D10*0.25 -> 259707.43 | H10: =(((C10*0.25)/12)*6)-G10 -> -124912.64 | K10: =D10*0.15 -> 155824.46 | L10: =(((C10*0.25)/12)*6)-K10 -> -21029.673
A11: 1.1.1.8.02.3 | B11: ISQN | C11: 5723855.8 | D11: 1759748.4 | E11: =D11*0.6 -> 1055849 | F11: =(((D11*0.6)/12)*6)-E11 -> -527924.51 | G11: =D11*0.25 -> 439937.09 | H11: =(((C11*0.25)/12)*6)-G11 -> 275544.88 | K11: =D11*0.15 -> 263962.26 | L11: =(((C11*0.25)/12)*6)-K11 -> 451519.72
A12: 1.7.1.8.01.2 | B12: FPM | C12: =18851876.16+4712969.04 -> 23564845 | D12: =11137415.83+2784353.81 -> 13921770 | E12: =D12*0.6 -> 8353061.8 | F12: =(((D12*0.6)/12)*6)-E12 -> -4176530.9 | G12: =(D12*0.05) -> 696088.48 | H12: =(((C12*0.25)/12)*6)-G12 -> 2249517.2 | I12: =-D12*0.2 -> -2784353.9 | J12: =(((C12*0.2)/12)*6)+I12 -> -427869.41 | K12: =D12*0.15 -> 2088265.4 | L12: =(((C12*0.25)/12)*6)-K12 -> 857340.2
A13: 1.7.1.8.01.3 | B13: 1% FPM | C13: =1282878.01 -> 1282878 | E13: =D13*0.6 -> 0 | F13: =(((D13*0.6)/12)*6)-E13 -> 0 | G13: =D13*0.25 -> 0 | H13: =(((C13*0.25)/12)*6)-G13 -> 160359.75 | K13: =D13*0.15 -> 0 | L13: =(((C13*0.25)/12)*6)-K13 -> 160359.75
A14: 1.7.1.8.01.4 | B14: 1% FPM | C14: =1014102.37 -> 1014102.4 | E14: =D14*0.6 -> 0 | F14: =(((D14*0.6)/12)*6)-E14 -> 0 | G14: =D14*0.25 -> 0 | H14: =(((C14*0.25)/12)*6)-G14 -> 126762.8 | K14: =D14*0.15 -> 0 | L14: =(((C14*0.25)/12)*6)-K14 -> 126762.8
A15: 1.7.1.8.01.5.1 | B15: ITR | C15: =736320+184080 -> 920400 | D15: =48259.57+12064.8 -> 60324.37 | E15: =D15*0.6 -> 36194.622 | F15: =(((D15*0.6)/12)*6)-E15 -> -18097.311 | G15: =(D15*0.05) -> 3016.2185 | H15: =(((C15*0.25)/12)*6)-G15 -> 112033.78 | I15: =-D15*0.2 -> -12064.874 | J15: =(((C15*0.2)/12)*6)+I15 -> 79975.126 | K15: =D15*0.15 -> 9048.6555 | L15: =(((C15*0.25)/12)*6)-K15 -> 106001.34
A16: 1.7.1.8.06.1.1 | B16: L.C. No 87/96 | C16: =130791.45+32697.86 -> 163489.31 | E16: =D16*1 -> 0 | F16: =(((D16*0.6)/12)*6)-E16 -> 0
A17: 1.7.2.8.01.1.1 | B17: ICMS | C17: =22409830.01+5602457.5 -> 28012288 | D17: =12559368.39+3164059.49 -> 15723428 | E17: =D17*0.6 -> 9434056.7 | F17: =(((D17*0.6)/12)*6)-E17 -> -4717028.4 | G17: =(D17*0.05) -> 786171.39 | H17: =(((C17*0.25)/12)*6)-G17 -> 2715364.5 | I17: =-D17*0.2 -> -3144685.6 | J17: =(((C17*0.2)/12)*6)+I17 -> -343456.83 | K17: =D17*0.15 -> 2358514.2 | L17: =(((C17*0.25)/12)*6)-K17 -> 1143021.8
A18: 1.7.2.8.01.2.1 | B18: IPVA | C18: =2323787+580946.75 -> 2904733.8 | D18: =1867508.66+466877.29 -> 2334385.9 | E18: =D18*0.6 -> 1400631.6 | F18: =(((D18*0.6)/12)*6)-E18 -> -700315.78 | G18: =(D18*0.05) -> 116719.3 | H18: =(((C18*0.25)/12)*6)-G18 -> 246372.42 | I18: =-D18*0.2 -> -466877.19 | J18: =(((C18*0.2)/12)*6)+I18 -> -176403.81 | K18: =D18*0.15 -> 350157.89 | L18: =(((C18*0.25)/12)*6)-K18 -> 12933.826
A19: 1.7.2.8.01.3.1 | B19: IPI Exp. | C19: =291734.01+72933.5 -> 364667.51 | D19: =155411.59+38852.94 -> 194264.53 | E19: =D19*0.6 -> 116558.72 | F19: =(((D19*0.6)/12)*6)-E19 -> -58279.359 | G19: =(D19*0.05) -> 9713.2265 | H19: =(((C19*0.25)/12)*6)-G19 -> 35870.212 | I19: =-D19*0.2 -> -38852.906 | J19: =(((C19*0.2)/12)*6)+I19 -> -2386.155 | K19: =D19*0.15 -> 29139.679 | L19: =(((C19*0.25)/12)*6)-K19 -> 16443.759
A20: 1.7.5.8.01.1.1 | B20: FUNDEB | C20: =19076280 -> 19076280 | D20: =12865617.64 -> 12865618 | I20: =-SUM(I12+SUM(I15:I19))-6466208.33 -> -19373.856
B21: TOTAIS: | C21: =SUM(C8:C20) -> 91631584 | D21: =SUM(D8:D20) -> 51707570 | E21: =SUM(E8:E20) -> 23305172 | F21: =SUM(F8:F20) -> -11652586 | G21: =SUM(G8:G20) -> 3263653.7 | H21: =SUM(H8:H20) -> 5785323.1 | I21: =SUM(I8:I20) -> -6466208.3 | J21: =SUM(J8:J20) -> -870141.08 | ... L21: =SUM(L8:L20) -> 3222683.9
C22: Percentual da Receita Realizada em relação a Prevista: | D22: =D21/C21 -> 0.56429856 | F22: Verificação: | G22: Cálculo: | I22: RECURSOS: | J22: ASPS | K22: LIVRE | L22: Total Geral:
C23: % da Despesa liquidada sobre a Receita realizada do FUNDEB | D23: =C27/D20 -> 0.87307684 | F23: Total da MDE | G23: =I33+J33 -> 15327098 | I23: DESPESA | J23: =D27 -> 9549251.3 | L23: =SUM(J23:K23) -> 9549251.3
F24: (-) Plus Fundeb | G24: =D20+I21 -> 6399409.3 | I24: ( - ) 3.1.91.13.20 | J24: =1194420.74 -> 1194420.7 | L24: =SUM(J24:K24) -> 1194420.7
A25: DESPESA | B25: MDE | C25: FUNDEB | D25: ASPS | F25: (-)Rend. da MDE | G25: =B34 -> 137.44 | I25: ( - ) 3.3.91.08 | J25: =126332.59 -> 126332.59 | L25: =SUM(J25:K25) -> 126332.59
A26: EMPENHADO | B26: =4094425.22 -> 4094425.2 | C26: 11232673 | D26: 10244487 | F26: (-)Rend. do FUNDEB | G26: =C34 -> 10075.08 | I26: ( - ) Rendimento | J26: =D34 -> 283.84 | L26: =SUM(J26:K26) -> 283.84
A27: LIQUIDADO | B27: 3976553 | C27: 11232673 | D27: 9549251.3 | F27: (-)31.91.13.99+31.91.13.08 | G27: =SUM(I34:J35) -> 2614596.4 | I27: ( = ) TOTAIS: | J27: =J23-SUM(J24:J26) -> 8228214.2 | K27: =K23-SUM(K24:K26) -> 0 | L27: =L23-SUM(L24:L26) -> 8228214.2
A28: PAGO | B28: 3623585.2 | C28: 10446241 | D28: 8520195.7 | F28: Valor a aplicado | G28: =G23-SUM(G24:G27) -> 6302879.7 | I28: índice Apurado: | J28: =(J27/(SUM(D8:D19))*100) -> 21.183832 | K28: =(K27/(SUM(D8:D19)))*100 -> 0 | L28: =(L27/(SUM(D8:D19)))*100 -> 21.183832
A29: % Emp. | B29: =B26/SUM(D8:D19) -> 0.10541245 | C29: =C26/D20 -> 0.87307684 | D29: =D26/SUM(D8:D19) -> 0.26374799 | F29: % da Educação | G29: =G28/(SUM(D8:D19)) -> 0.1622699 | I29: No PAD-SIAPC do TCE/RS o índice foi de 22,54% da Saúde.
A30: % Liq. + Rep | B30: =(B27-B34)/SUM(D8:D19) -> 0.10237424 | C30: =(C26-C34)/D20 -> 0.87229374 | D30: =(D27-D34)/SUM(D8:D19) -> 0.24584159 | F30: APLICAÇÃO: | G30: =G28-(SUM(D8:D19)*0.25) -> -3407608.5 | H30: =IF(G30>0," = A MAIOR","= A MENOR") -> = A MENOR
A31: %pago | B31: =B28/SUM(D8:D19) -> 0.093290501 | C31: =C27/D20 -> 0.87307684 | D31: =D27/SUM(D8:D19) -> 0.2458489 | E31: TOTAIS | H31: Metodologia de Cálculo realizado conforme descrição por telefone do TCE/RS.
A32: a Liquidar | B32: =B26-B27 -> 117872.27 | C32: =C26-C27 -> 0 | D32: =D26-D27 -> 695235.56 | E32: =SUM(B32:D32) -> 813107.83 | H32: RECURSOS: | I32: MDE | J32: FUNDEB | K32: LIVRE | L32: Total Geral:
A33: a Pagar | B33: =B27-B28 -> 352967.72 | C33: =C27-C28 -> 786432.01 | D33: =D27-D28 -> 1029055.6 | E33: =SUM(B33:D33) -> 2168455.3 | H33: DESPESA | I33: =B26 -> 4094425.2 | J33: =C27 -> 11232673 | K33: 257723.32 | L33: =SUM(I33:K33) -> 15584821
A34: RENDIM.: | B34: =64.11+73.33 -> 137.44 | C34: =10075.08 -> 10075.08 | D34: =126.64+157.2 -> 283.84 | E34: =SUM(B34:D34) -> 10496.36 | H34: ( - ) 3.1.91.13.20 | I34: =448318.48 -> 448318.48 | J34: 1956834.9 | K34: =23059.45 -> 23059.45 | L34: =SUM(I34:K34) -> 2428212.8
A35: Mínimo Anual de 70% do FUNDEB na Remuneração do Magistério | E35: =(J33-(J34+J35+J37))/D20 -> 0.70721627 | H35: ( - ) 3.3.91.08 | I35: =42454.34 -> 42454.34 | J35: =166988.73 -> 166988.73 | K35: =1637.42 -> 1637.42 | L35: =SUM(I35:K35) -> 211080.49
A36: Dedução a Menor para o FUNDEB no ICMS em R$ 19.373,86 | H36: ( - ) Plus do FUNDEB | J36: =D20+I21 -> 6399409.3 | L36: =SUM(I36:K36) -> 6399409.3
A37: Instrução Normativa TCE/RS nº 18/2020 - índices da Saúde e do Ensino. | H37: ( - ) Rendimento | I37: =B34 -> 137.44 | J37: =C34 -> 10075.08 | L37: =SUM(I37:K37) -> 10212.52
H38: ( = ) TOTAIS: | I38: =I33-SUM(I34:I37) -> 3603515 | J38: =J33-SUM(J34:J37) -> 2699364.7 | K38: =K33-SUM(K34:K37) -> 233026.45 | L38: =L33-SUM(L34:L37) -> 6535906.2
H39: Índice Apurado: | I39: =(I38/(SUM(D8:D19)))*100 -> 9.2773785 | J39: =(J38/(SUM(D8:D19)))*100 -> 6.9496113 | K39: =(K38/(SUM(D8:D19))*100) -> 0.59993495 | L39: =(L38/(SUM(D8:D19)))*100 -> 16.826925
I40: =I39/L39 -> 0.55134129 | J40: =J39/L39 -> 0.41300543 | K40: =K39/L39 -> 0.035653274
I41: No PAD-SIAPC do TCE/RS o índice foi de 16,89% da Educação.
A42: Giovani Amestoy da Silva | D42: Ihoko Nakashima Mota | G42: Arlei Lopes Souza | I42: No PAD-SIAPC do TCE/RS não esta deduzindo a Despesa 3.3.91.08 da Educação e da Saúde na apuração do índice.
A43: Prefeito Municipal | D43: Secret. de Município da Fazenda | G43: Contador - CRC/RS: 068452/O-6

Sheet Cronogra
E1: ANEXO II DO CRONOGRAMA DE DESEMBOLSO PARA 2021 | U1: ANEXO III - CRONOGRAMA DE REEMBOLSO E DESEMBOLSO AO MÊS PARA 2021
U2: CRONOGRAMA DE DESEMBOLSO POR ORGÃO PARA O EXERCÍCIO DE 2021
A3: Cronograma | B3: RECEITA CONSOLIDADA REALIZADA | L3: PREVISTO | N3: REESTIMADA | Q3: Seq. | R3: ÓRGÃOS | S3: JANEIRO | T3: FEVEREIRO | U3: MARÇO | V3: ABRIL | W3: MAIO | X3: JUNHO | Y3: JULHO | Z3: AGOSTO | AA3: SETEMBRO | AB3: OUTUBRO | AC3: NOVEMBRO | AD3: DEZEMBRO | AE3: TOTAL
A4: MESES | B4: 2016 | C4: % | D4: 2017 | F4: 2018 | G4: % | H4: 2019 | I4: % | J4: 2020 | K4: % | L4: 2021 | M4: % | N4: 2022 | O4: 2023 | Q4: 1 | R4: Câmara | S4: =4189000/12 -> 349083.33 | T4: =4189000/12 -> 349083.33 | U4: =4189000/12 -> 349083.33 | V4: =4189000/12 -> 349083.33 | W4: =4189000/12 -> 349083.33 | X4: =4189000/12 -> 349083.33 | Y4: =4189000/12 -> 349083.33 | Z4: =4189000/12 -> 349083.33 | ... AD4: =4189000/12 -> 349083.33 | AE4: =SUM(S4:AD4) -> 4189000 | AF4: =AE4/$AE$20 -> 0.029840899
A5: Janeiro | B5: =14399728.14-6630054.7 -> 7769673.4 | C5: =B5/B17 -> 0.08438993 | D5: 8128227.2 | E5: =D5/D17 -> 0.077766632 | F5: 7522241.3 | G5: =F5/F17 -> 0.079831482 | H5: 10690470 | I5: =H5/H17 -> 0.092128812 | J5: 10229896 | K5: =J5/J17 -> 0.082588546 | L5: 11654887 | M5: =L5/L17 -> 0.083025137 | N5: =((F5+H5+J5+L5)/3.15)-354050.16 -> 12375313 | O5: =(H5+J5+L5+N5)/3.15 -> 14270021 | Q5: 2 | R5: Gabinete | S5: =2321581.45*M5 -> 192749.62 | T5: =2321581.45*M6 -> 196936.61 | U5: =2321581.45*M7 -> 184177.54 | V5: =2321581.45*M8 -> 191029.57 | W5: =2321581.45*M9 -> 188976.51 | X5: =2321581.45*M10 -> 171768.81 | Y5: =2321581.45*M11 -> 200982.46 | Z5: =2321581.45*M12 -> 175552.85 | AA5: =2321581.45*M13 -> 173706.73 | AB5: =2321581.45*M14 -> 188600.43 | AC5: =2321581.45*M15 -> 176054.69 | AD5: =2321581.45*M16 -> 281045.64 | AE5: =SUM(S5:AD5) -> 2321581.4 | AF5: =AE5/$AE$20 -> 0.016538094
A6: Fevereiro | B6: 6630054.7 | C6: =B6/B17 -> 0.072012017 | D6: 8406126.3 | E6: =D6/D17 -> 0.080425426 | F6: =7197732.78 -> 7197732.8 | G6: =F6/F17 -> 0.076387563 | H6: =8384491.75 -> 8384491.8 | I6: =H6/H17 -> 0.07225625 | J6: =10875208.14 -> 10875208 | K6: =J6/J17 -> 0.087798312 | L6: 11908060 | M6: =L6/L17 -> 0.084828646 | N6: =(F6+H6+J6+L6)/3.15 -> 12179521 | O6: =(H6+J6+L6+N6)/3.15 -> 13761042 | Q6: 3 | R6: SGM | S6: =1262392.3*M5 -> 104810.29 | T6: =1262392.3*M6 -> 107087.03 | U6: =1262392.3*M7 -> 100149.11 | V6: =1262392.3*M8 -> 103874.99 | W6: =1262392.3*M9 -> 102758.61 | X6: =1262392.3*M10 -> 93401.685 | Y6: =1262392.3*M11 -> 109287.02 | Z6: =1262392.3*M12 -> 95459.309 | AA6: =1262392.3*M13 -> 94455.46 | AB6: =1262392.3*M14 -> 102554.11 | AC6: =1262392.3*M15 -> 95732.191 | AD6: =1262392.3*M16 -> 152822.49 | AE6: =SUM(S6:AD6) -> 1262392.3 | AF6: =AE6/$AE$20 -> 0.0089928194
A7: Março | B7: 6582277.3 | C7: =B7/B17 -> 0.071493085 | D7: =8078817.9 -> 8078817.9 | E7: =D7/D17 -> 0.07729391 | F7: 7899052.6 | G7: =F7/F17 -> 0.083830478 | H7: 8599525.4 | I7: =H7/H17 -> 0.074109377 | J7: 9752914.4 | K7: =J7/J17 -> 0.07873775 | L7: =((D7+F7+H7+J7)/3.15)+238052.79 -> 11136564 | M7: =L7/L17 -> 0.079332795 | N7: =(F7+H7+J7+L7)/3.15 -> 11869224 | O7: =(H7+J7+L7+N7)/3.15 -> 13129596 | Q7: 4 | R7: SMCP | S7: =1831204.8*M5 -> 152036.03 | T7: =1831204.8*M6 -> 155338.62 | U7: =1831204.8*M7 -> 145274.59 | V7: =1831204.8*M8 -> 150679.3 | W7: =1831204.8*M9 -> 149059.89 | X7: =1831204.8*M10 -> 135486.9 | Y7: =1831204.8*M11 -> 158529.89 | Z7: =1831204.8*M12 -> 138471.65 | AA7: =1831204.8*M13 -> 137015.48 | AB7: =1831204.8*M14 -> 148763.25 | AC7: =1831204.8*M15 -> 138867.49 | AD7: =1831204.8*M16 -> 221681.7 | AE7: =SUM(S7:AD7) -> 1831204.8 | AF7: =AE7/$AE$20 -> 0.013044831
A8: Abril | B8: 7609123.8 | C8: =B8/B17 -> 0.082646128 | D8: 8695190.6 | E8: =D8/D17 -> 0.083191042 | F8: 7799663.9 | G8: =F8/F17 -> 0.082775693 | H8: =10080023.23 -> 10080023 | I8: =H8/H17 -> 0.086868078 | J8: =9810398.72 -> 9810398.7 | K8: =J8/J17 -> 0.079201836 | L8: =((D8+F8+H8+J8)/3.15) -> 11550881 | M8: =L8/L17 -> 0.08228424 | N8: =(F8+H8+J8+L8)/3.15 -> 12457450 | O8: =(H8+J8+L8+N8)/3.15 -> 13936112 | Q8: 5 | R8: SMA | S8: =7750365.63*M5 -> 643475.17 | T8: =7750365.63*M6 -> 657453.02 | U8: =7750365.63*M7 -> 614858.16 | V8: =7750365.63*M8 -> 637732.94 | W8: =7750365.63*M9 -> 630879.01 | X8: =7750365.63*M10 -> 573432.85 | Y8: =7750365.63*M11 -> 670959.69 | Z8: =7750365.63*M12 -> 586065.48 | AA8: =7750365.63*M13 -> 579902.42 | AB8: =7750365.63*M14 -> 629623.52 | AC8: =7750365.63*M15 -> 587740.82 | AD8: =7750365.63*M16 -> 938242.54 | AE8: =SUM(S8:AD8) -> 7750365.6 | AF8: =AE8/$AE$20 -> 0.05521076
A9: Maio | B9: 7587298.9 | C9: =B9/B17 -> 0.082409078 | D9: =8219532.42 -> 8219532.4 | E9: =D9/D17 -> 0.078640193 | F9: =7664973.99 -> 7664974 | G9: =F9/F17 -> 0.081346265 | H9: =9454030.45 -> 9454030.4 | I9: =H9/H17 -> 0.081473369 | J9: =10655694.71 -> 10655695 | K9: =J9/J17 -> 0.086026124 | L9: =((D9+F9+H9+J9)/3.15) -> 11426740 | M9: =L9/L17 -> 0.081399903 | N9: =(F9+H9+J9+L9)/3.15 -> 12444901 | O9: =((H9+J9+L9+N9)/3.15)-5409.33 -> 13956929 | Q9: 6 | R9: SMF | S9: =3547551.94*M5 -> 294535.99 | T9: =3547551.94*M6 -> 300934.03 | U9: =3547551.94*M7 -> 281437.21 | V9: =3547551.94*M8 -> 291907.61 | W9: =3547551.94*M9 -> 288770.38 | X9: =3547551.94*M10 -> 262475.72 | Y9: =3547551.94*M11 -> 307116.39 | Z9: =3547551.94*M12 -> 268258.02 | AA9: =3547551.94*M13 -> 265437.02 | AB9: =3547551.94*M14 -> 288195.71 | AC9: =3547551.94*M15 -> 269024.87 | AD9: =3547551.94*M16 -> 429458.98 | AE9: =SUM(S9:AD9) -> 3547551.9 | AF9: =AE9/$AE$20 -> 0.025271458
A10: Junho | B10: 6475322.6 | C10: =B10/B17 -> 0.070331402 | D10: 7486671.7 | E10: =D10/D17 -> 0.071628564 | F10: =7453635.72+55.15 -> 7453690.9 | G10: =F10/F17 -> 0.079103976 | H10: =8906802.9 -> 8906802.9 | I10: =H10/H17 -> 0.076757447 | J10: =8869527.04 -> 8869527 | K10: =J10/J17 -> 0.07160594 | L10: =((D10+F10+H10+J10)/3.15) -> 10386252 | M10: =L10/L17 -> 0.073987844 | N10: =(F10+H10+J10+L10)/3.15 -> 11306753 | O10: =(H10+J10+L10+N10)/3.15 -> 12529948 | Q10: 7 | R10: SMTur | S10: =1229036.08*M5 -> 102040.89 | T10: =1229036.08*M6 -> 104257.47 | U10: =1229036.08*M7 -> 97502.867 | V10: =1229036.08*M8 -> 101130.3 | W10: =1229036.08*M9 -> 100043.42 | X10: =1229036.08*M10 -> 90933.73 | Y10: =1229036.08*M11 -> 106399.32 | Z10: =1229036.08*M12 -> 92936.986 | AA10: =1229036.08*M13 -> 91959.662 | AB10: =1229036.08*M14 -> 99844.324 | AC10: =1229036.08*M15 -> 93202.657 | AD10: =1229036.08*M16 -> 148784.46 | AE10: =SUM(S10:AD10) -> 1229036.1 | AF10: =AE10/$AE$20 -> 0.008755202
A11: Julho | B11: 6763469.2 | C11: =B11/B17 -> 0.073461092 | D11: 9406077.2 | E11: =D11/D17 -> 0.089992433 | F11: 8077958 | G11: =F11/F17 -> 0.085729151 | H11: 9979327.4 | I11: =H11/H17 -> 0.086000296 | J11: =10817635.8 -> 10817636 | K11: =J11/J17 -> 0.087333516 | L11: =((D11+F11+H11+J11)/3.15) -> 12152698 | M11: =L11/L17 -> 0.08657136 | N11: =(F11+H11+J11+L11)/3.15 -> 13024641 | O11: =(H11+J11+L11+N11)/3.15 -> 14595017 | Q11: 8 | R11: SMTSUI | S11: =12475764.3*M5 -> 1035802 | T11: =12475764.3*M6 -> 1058302.2 | U11: =12475764.3*M7 -> 989737.25 | V11: =12475764.3*M8 -> 1026558.8 | W11: =12475764.3*M9 -> 1015526 | X11: =12475764.3*M10 -> 923054.91 | Y11: =12475764.3*M11 -> 1080043.9 | Z11: =12475764.3*M12 -> 943389.66 | AA11: =12475764.3*M13 -> 933468.99 | AB11: =12475764.3*M14 -> 1013505 | AC11: =12475764.3*M15 -> 946086.45 | AD11: =12475764.3*M16 -> 1510289.1 | AE11: =SUM(S11:AD11) -> 12475764 | AF11: =AE11/$AE$20 -> 0.088872766
A12: Agosto | B12: 6706244.7 | C12: =B12/B17 -> 0.072839551 | D12: =7641217.97 -> 7641218 | E12: =D12/D17 -> 0.073107182 | F12: 7400073.4 | G12: =F12/F17 -> 0.078534948 | H12: 8879675.8 | I12: =H12/H17 -> 0.076523669 | J12: =9516468.8 -> 9516468.8 | K12: =J12/J17 -> 0.076828865 | L12: =((D12+F12+H12+J12)/3.15) -> 10615059 | M12: =L12/L17 -> 0.075617785 | N12: =(F12+H12+J12+L12)/3.15 -> 11559136 | O12: =(H12+J12+L12+N12)/3.15 -> 12879473 | Q12: 9 | R12: SEDUC | S12: =38964505.89*M5 -> 3235033.4 | T12: =38964505.89*M6 -> 3305306.3 | U12: =38964505.89*M7 -> 3091163.1 | V12: =38964505.89*M8 -> 3206164.8 | W12: =38964505.89*M9 -> 3171707 | X12: =38964505.89*M10 -> 2882899.8 | Y12: =38964505.89*M11 -> 3373210.3 | Z12: =38964505.89*M12 -> 2946409.6 | AA12: =38964505.89*M13 -> 2915425.2 | AB12: =38964505.89*M14 -> 3165395.1 | AC12: =38964505.89*M15 -> 2954832.3 | AD12: =38964505.89*M16 -> 4716959 | AE12: =SUM(S12:AD12) -> 38964506 | AF12: =AE12/$AE$20 -> 0.27756884
A13: Setembro | B13: 7994407.7 | C13: =B13/B17 -> 0.08683087 | D13: 7402995.9 | E13: =D13/D17 -> 0.070827998 | F13: =6729771.56 -> 6729771.6 | G13: =F13/F17 -> 0.071421219 | H13: =8643003.18 -> 8643003.2 | I13: =H13/H17 -> 0.074484062 | J13: =10310037.68 -> 10310038 | K13: =J13/J17 -> 0.083235548 | L13: =((D13+F13+H13+J13)/3.15) -> 10503431 | M13: =L13/L17 -> 0.074822589 | N13: =(F13+H13+J13+L13)/3.15 -> 11487696 | O13: =(H13+J13+L13+N13)/3.15 -> 12998149 | Q13: 10 | R13: SMS | S13: =27215844.71*M5 -> 2259599.2 | T13: =27215844.71*M6 -> 2308683.3 | U13: =27215844.71*M7 -> 2159109 | V13: =27215844.71*M8 -> 2239435.1 | W13: =27215844.71*M9 -> 2215367.1 | X13: =27215844.71*M10 -> 2013641.7 | Y13: =27215844.71*M11 -> 2356112.7 | Z13: =27215844.71*M12 -> 2058001.9 | AA13: =27215844.71*M13 -> 2036360 | AB13: =27215844.71*M14 -> 2210958.4 | AC13: =27215844.71*M15 -> 2063884.9 | AD13: =27215844.71*M16 -> 3294691.4 | AE13: =SUM(S13:AD13) -> 27215845 | AF13: =AE13/$AE$20 -> 0.19387569
A14: Outubro | B14: 8256815.9 | C14: =B14/B17 -> 0.089681005 | D14: 9451675.9 | E14: =D14/D17 -> 0.090428698 | F14: =7115297.7 -> 7115297.7 | G14: =F14/F17 -> 0.075512702 | H14: =10001253.91 -> 10001254 | I14: =H14/H17 -> 0.086189256 | J14: 9354372.9 | K14: =J14/J17 -> 0.075520223 | L14: =((D14+F14+H14+J14)/3.15) -> 11404000 | M14: =L14/L17 -> 0.081237911 | N14: =(F14+H14+J14+L14)/3.15 -> 12023786 | O14: =(H14+J14+L14+N14)/3.15 -> 13582036 | Q14: 11 | R14: SMAS | S14: =4170062.01*M5 -> 346219.97 | T14: =4170062.01*M6 -> 353740.71 | U14: =4170062.01*M7 -> 330822.67 | V14: =4170062.01*M8 -> 343130.38 | W14: =4170062.01*M9 -> 339442.64 | X14: =4170062.01*M10 -> 308533.9 | Y14: =4170062.01*M11 -> 361007.94 | Z14: =4170062.01*M12 -> 315330.85 | AA14: =4170062.01*M13 -> 312014.84 | AB14: =4170062.01*M14 -> 338767.13 | AC14: =4170062.01*M15 -> 316232.26 | AD14: =4170062.01*M16 -> 504818.71 | AE14: =SUM(S14:AD14) -> 4170062 | AF14: =AE14/$AE$20 -> 0.029705991
A15: Novembro | B15: 7544593.7 | C15: =B15/B17 -> 0.081945238 | D15: 8798730.5 | E15: =D15/D17 -> 0.084181658 | F15: 8267235.2 | G15: =F15/F17 -> 0.087737898 | H15: 7399552.2 | I15: =H15/H17 -> 0.063768194 | J15: =9067503.09 -> 9067503.1 | K15: =J15/J17 -> 0.073204251 | L15: =((D15+F15+H15+J15)/3.15) -> 10645403 | M15: =L15/L17 -> 0.075833947 | N15: =(F15+H15+J15+L15)/3.15 -> 11231649 | O15: =(H15+J15+L15+N15)/3.15 -> 12172733 | Q15: 12 | R15: SMAIC | S15: =1810655.75*M5 -> 150329.94 | T15: =1810655.75*M6 -> 153595.48 | U15: =1810655.75*M7 -> 143644.38 | V15: =1810655.75*M8 -> 148988.43 | W15: =1810655.75*M9 -> 147387.2 | X15: =1810655.75*M10 -> 133966.52 | Y15: =1810655.75*M11 -> 156750.93 | Z15: =1810655.75*M12 -> 136917.78 | AA15: =1810655.75*M13 -> 135477.95 | AB15: =1810655.75*M14 -> 147093.89 | AC15: =1810655.75*M15 -> 137309.17 | AD15: =1810655.75*M16 -> 219194.08 | AE15: =SUM(S15:AD15) -> 1810655.7 | AF15: =AE15/$AE$20 -> 0.012898447
A16: Dezembro | B16: =12149444.83 -> 12149445 | C16: =B16/B17 -> 0.1319606 | D16: 12805493 | E16: =D16/D17 -> 0.12251626 | F16: 11098810 | G16: =F16/F17 -> 0.11778863 | H16: =15020134.53 -> 15020135 | I16: =H16/H17 -> 0.12944119 | J16: 14606142 | K16: =J16/J17 -> 0.11791909 | L16: =((D16+F16+H16+J16)/3.15) -> 16993835 | M16: =L16/L17 -> 0.12105784 | N16: =(F16+H16+J16+L16)/3.15 -> 18323467 | O16: =(H16+J16+L16+N16)/3.15 -> 20617009 | Q16: 13 | R16: Encargos | S16: =3009924.34*M5 -> 249899.38 | T16: =3009924.34*M6 -> 255327.81 | U16: =3009924.34*M7 -> 238785.71 | V16: =3009924.34*M8 -> 247669.34 | W16: =3009924.34*M9 -> 245007.55 | X16: =3009924.34*M10 -> 222697.81 | Y16: =3009924.34*M11 -> 260573.24 | Z16: =3009924.34*M12 -> 227603.81 | AA16: =3009924.34*M13 -> 225210.33 | AB16: =3009924.34*M14 -> 244519.97 | AC16: =3009924.34*M15 -> 228254.44 | AD16: =3009924.34*M16 -> 364374.95 | AE16: =SUM(S16:AD16) -> 3009924.3 | AF16: =AE16/$AE$20 -> 0.021441596
A17: TOTAIS | B17: =SUM(B5:B16) -> 92068727 | C17: =B17/B17 -> 1 | D17: =SUM(D5:D16) -> 1.0452076e+08 | E17: =D17/D17 -> 1 | F17: =SUM(F5:F16) -> 94226502 | G17: =F17/F17 -> 1 | H17: =SUM(H5:H16) -> 1.1603829e+08 | I17: =H17/H17 -> 1 | J17: =SUM(J5:J16) -> 1.238658e+08 | K17: =J17/J17 -> 1 | L17: =SUM(L5:L16) -> 1.4037781e+08 | M17: =L17/L17 -> 1 | N17: =SUM(N5:N16) -> 1.5028354e+08 | O17: =SUM(O5:O16) -> 1.6842806e+08 | Q17: 14 | R17: Reserva | S17: =372483.18*M5 -> 30925.467 | T17: =372483.18*M6 -> 31597.244 | U17: =372483.18*M7 -> 29550.132 | V17: =372483.18*M8 -> 30649.495 | W17: =372483.18*M9 -> 30320.095 | X17: =372483.18*M10 -> 27559.228 | Y17: =372483.18*M11 -> 32246.375 | Z17: =372483.18*M12 -> 28166.353 | AA17: =372483.18*M13 -> 27870.156 | AB17: =372483.18*M14 -> 30259.756 | AC17: =372483.18*M15 -> 28246.87 | AD17: =372483.18*M16 -> 45092.01 | AE17: =SUM(S17:AD17) -> 372483.18 | AF17: =AE17/$AE$20 -> 0.0026534335
A18: % em relação ao ano anterior | D18: =(D17-B17)/B17 -> 0.13524711 | F18: =(F17-D17)/D17 -> -0.09849005 | H18: =(H17-F17)/F17 -> 0.23148253 | J18: =(J17-H17)/H17 -> 0.067456262 | L18: =(L17-J17)/J17 -> 0.13330565 | N18: =(N17-L17)/L17 -> 0.070564768 | O18: =(O17-N17)/N17 -> 0.12073528 | Q18: 15 | R18: FAPS | S18: =25810700.56*M5 -> 2142937 | T18: =25810700.56*M6 -> 2189486.8 | U18: =25810700.56*M7 -> 2047635 | V18: =25810700.56*M8 -> 2123813.9 | W18: =25810700.56*M9 -> 2100988.5 | X18: =25810700.56*M10 -> 1909678.1 | Y18: =25810700.56*M11 -> 2234467.4 | Z18: =25810700.56*M12 -> 1951748 | AA18: =25810700.56*M13 -> 1931223.4 | AB18: =25810700.56*M14 -> 2096807.4 | AC18: =25810700.56*M15 -> 1957327.3 | AD18: =25810700.56*M16 -> 3124587.7 | AE18: =SUM(S18:AD18) -> 25810701 | AF18: =AE18/$AE$20 -> 0.18386596
L19: =140377810.27-L17 -> -0.0023809671 | Q19: 16 | R19: FASM | S19: =4416737.33*M5 -> 366700.22 | T19: =4416737.33*M6 -> 374665.85 | U19: =4416737.33*M7 -> 350392.12 | V19: =4416737.33*M8 -> 363427.87 | W19: =4416737.33*M9 -> 359521.99 | X19: =4416737.33*M10 -> 326784.87 | Y19: =4416737.33*M11 -> 382362.96 | Z19: =4416737.33*M12 -> 333983.89 | AA19: =4416737.33*M13 -> 330471.72 | AB19: =4416737.33*M14 -> 358806.52 | AC19: =4416737.33*M15 -> 334938.63 | AD19: =4416737.33*M16 -> 534680.69 | AE19: =SUM(S19:AD19) -> 4416737.3 | AF19: =AE19/$AE$20 -> 0.031463216
A20: Cronograma | B20: DESPESA CONSOLIDA LIQUIDADA | L20: PREVISTO | N20: REESTIMADA | Q20: = | R20: TOTAL | S20: =SUM(S4:S19) -> 11656178 | T20: =SUM(T4:T19) -> 11901796 | U20: =SUM(U4:U19) -> 11153322 | V20: =SUM(V4:V19) -> 11555276 | W20: =SUM(W4:W19) -> 11434839 | X20: =SUM(X4:X19) -> 10425400 | Y20: =SUM(Y4:Y19) -> 12139134 | Z20: =SUM(Z4:Z19) -> 10647379 | ... AF20: =SUM(AF4:AF19) -> 1
A21: MESES | B21: =B4 -> 2016 | C21: % | D21: =D4 -> 2017 | F21: =F4 -> 2018 | G21: % | H21: =H4 -> 2019 | I21: % | J21: =J4 -> 2020 | K21: % | L21: =L4 -> 2021 | M21: % | N21: =N4 -> 2022 | O21: =O4 -> 2023 | R21: % ao mês | S21: =S20/$AE$20 -> 0.083034334 | T21: =T20/$AE$20 -> 0.084784024 | U21: =U20/$AE$20 -> 0.079452174 | V21: =V20/$AE$20 -> 0.082315546 | W21: =W20/$AE$20 -> 0.081457599 | X21: =X20/$AE$20 -> 0.074266722 | Y21: =Y20/$AE$20 -> 0.086474734 | Z21: =Z20/$AE$20 -> 0.075848024 | ... AE21: =AE20/$AE$20 -> 1
A22: Janeiro | B22: 5345719.2 | C22: =B22/B34 -> 0.058274466 | D22: 5981651 | E22: =D22/D34 -> 0.062053544 | F22: 7670864.2 | G22: =F22/F34 -> 0.072802734 | H22: 7979821.7 | I22: =H22/H34 -> 0.068577943 | J22: =7671797.23 -> 7671797.2 | K22: =J22/J34 -> 0.062068219 | L22: 9502229.8 | M22: =L22/L34 -> 0.072049164 | N22: =(F22+H22+J22+L22)/3.2 -> 10257723 | O22: =(H22+J22+L22+N22)/3.3 -> 10730779 | Q22: Total por Bimestre | S22: 1º Bimestre | T22: =S20+T20 -> 23557974 | U22: 2º Bimestre | V22: =U20+V20 -> 22708598 | W22: 3º Bimestre | X22: =W20+X20 -> 21860239 | Y22: 4º Bimestre | Z22: =Y20+Z20 -> 22786513 | AA22: 5º Bimestre | AB22: =AA20+AB20 -> 21951861 | AC22: 6º Bimestre | AD22: =AC20+AD20 -> 27512625 | AE22: =SUM(S22:AD22) -> 1.4037781e+08 | AF22: =140377810.27-AE20 -> 0
A23: Fevereiro | B23: 5798452 | C23: =B23/B34 -> 0.063209773 | D23: 6665778.9 | E23: =D23/D34 -> 0.069150675 | F23: =7361356.62+32710.31 -> 7394066.9 | G23: =F23/F34 -> 0.070175703 | H23: 7902084.6 | I23: =H23/H34 -> 0.067909876 | J23: =8682002.48 -> 8682002.5 | K23: =J23/J34 -> 0.070241224 | L23: 9870035.5 | M23: =L23/L34 -> 0.074837992 | N23: =(F23+H23+J23+L23)/3 -> 11282730 | O23: =(H23+J23+L23+N23)/3.3 -> 11435410 | Q23: Seq. | R23: ÓRGÃOS | S23: JANEIRO | T23: FEVEREIRO | U23: MARÇO | V23: ABRIL | W23: MAIO | X23: JUNHO | Y23: JULHO | Z23: AGOSTO | AA23: SETEMBRO | AB23: OUTUBRO | AC23: NOVEMBRO | AD23: DEZEMBRO | AE23: TOTAL
A24: Março | B24: 5890259.3 | C24: =B24/B34 -> 0.064210577 | D24: 7484694 | E24: =D24/D34 -> 0.077646086 | F24: 8190765.8 | G24: =F24/F34 -> 0.077737022 | H24: =9215305.68 -> 9215305.7 | I24: =H24/H34 -> 0.079195592 | J24: 9514390.6 | K24: =J24/J34 -> 0.076975611 | L24: =((D24+F24+H24+J24)/3.4)+226036 -> 10345200 | M24: =L24/L34 -> 0.078440849 | N24: =(F24+H24+J24+L24)/3 -> 12421887 | O24: =(H24+J24+L24+N24)/3.3 -> 12574783 | Q24: 1 | R24: Câmara | S24: 272500.6 | T24: 288816.56 | U24: 271577.03 | V24: =261884.04 -> 261884.04 | W24: 286697.43 | X24: 287331.03 | AE24: =SUM(S24:AD24) -> 1668806.7 | AF24: =AE24/$AE$40 -> 0.026691621
A25: Abril | B25: 7183262.3 | C25: =B25/B34 -> 0.078305791 | D25: =7391916.3-2329.01 -> 7389587.3 | E25: =D25/D34 -> 0.07665945 | F25: 7513399.3 | G25: =F25/F34 -> 0.071308264 | H25: 9663995.9 | I25: =H25/H34 -> 0.083051599 | J25: =10634576.05 -> 10634576 | K25: =J25/J34 -> 0.086038405 | L25: =((D25+F25+H25+J25)/3.4) -> 10353400 | M25: =L25/L34 -> 0.078503025 | N25: =(F25+H25+J25+L25)/3 -> 12721790 | O25: =(H25+J25+L25+N25)/3.3 -> 13143564 | Q25: 2 | R25: Gabinete | S25: 181653.21 | T25: 174100.48 | U25: 170867.34 | V25: =161288.32 -> 161288.32 | W25: 166287.82 | X25: 178182.14 | AE25: =SUM(S25:AD25) -> 1032379.3 | AF25: =AE25/$AE$40 -> 0.016512324
A26: Maio | B26: 6519507.1 | C26: =B26/B34 -> 0.071070099 | D26: 8056881.4 | E26: =D26/D34 -> 0.083581947 | F26: 8332242.9 | G26: =F26/F34 -> 0.079079755 | H26: =9721771.29 -> 9721771.3 | I26: =H26/H34 -> 0.083548116 | J26: =8693274.76 -> 8693274.8 | K26: =J26/J34 -> 0.070332422 | L26: =((D26+F26+H26+J26)/3.4) -> 10236521 | M26: =L26/L34 -> 0.077616809 | N26: =(F26+H26+J26+L26)/3 -> 12327937 | O26: =(H26+J26+L26+N26)/3.3 -> 12418031 | Q26: 3 | R26: SGM | S26: 57093.17 | T26: 52779.72 | U26: 60075 | V26: =55713.19 -> 55713.19 | W26: 52815.68 | X26: 61577.78 | AE26: =SUM(S26:AD26) -> 340054.54 | AF26: =AE26/$AE$40 -> 0.0054389804
A27: Junho | B27: 9389677.8 | C27: =B27/B34 -> 0.10235825 | D27: 8550639.5 | E27: =D27/D34 -> 0.088704186 | F27: 9391234.3 | G27: =F27/F34 -> 0.089130444 | H27: 9467661 | I27: =H27/H34 -> 0.081364313 | J27: =10697988.26 -> 10697988 | K27: =J27/J34 -> 0.086551437 | L27: =((D27+F27+H27+J27)/3.4) -> 11208095 | M27: =L27/L34 -> 0.084983618 | N27: =(F27+H27+J27+L27)/3 -> 13588326 | O27: =(H27+J27+L27+N27)/3.3 -> 13624870 | Q27: 4 | R27: SMCP | S27: 124867.31 | T27: 125453.03 | U27: =138017.54 -> 138017.54 | V27: =128644.09 -> 128644.09 | W27: 132426.13 | X27: 135125.87 | AE27: =SUM(S27:AD27) -> 784533.97 | AF27: =AE27/$AE$40 -> 0.012548178
A28: Julho | B28: 7703387 | C28: =B28/B34 -> 0.083975746 | D28: 8123962.6 | E28: =D28/D34 -> 0.084277847 | F28: =8712975.37 -> 8712975.4 | G28: =F28/F34 -> 0.082693216 | H28: 8718239.6 | I28: =H28/H34 -> 0.074923846 | J28: 9134532 | K28: =J28/J34 -> 0.073902387 | L28: =((D28+F28+H28+J28)/3.4) -> 10202856 | M28: =L28/L34 -> 0.07736155 | N28: =(F28+H28+J28+L28)/3 -> 12256201 | O28: =(H28+J28+L28+N28)/3.3 -> 12215706 | Q28: 5 | R28: SMA | S28: 641306.12 | T28: 675401.63 | U28: 760919.67 | V28: =602770.84 -> 602770.84 | W28: 674830.82 | X28: 643394.65 | AE28: =SUM(S28:AD28) -> 3998623.7 | AF28: =AE28/$AE$40 -> 0.063955729
A29: Agosto | B29: 8109803.2 | C29: =B29/B34 -> 0.088406149 | D29: 8191361.9 | E29: =D29/D34 -> 0.084977046 | F29: =8881833.91 -> 8881833.9 | G29: =F29/F34 -> 0.08429582 | H29: 9251295.1 | I29: =H29/H34 -> 0.079504882 | J29: =9036456.79 -> 9036456.8 | K29: =J29/J34 -> 0.073108916 | L29: =((D29+F29+H29+J29)/3.4) -> 10400279 | M29: =L29/L34 -> 0.078858479 | N29: =(F29+H29+J29+L29)/3 -> 12523288 | O29: =(H29+J29+L29+N29)/3.3 -> 12488278 | Q29: 6 | R29: SMF | S29: 259694.11 | T29: 254528.62 | U29: =265796.65 -> 265796.65 | V29: =229132.76 -> 229132.76 | W29: 279843.4 | X29: 252792.81 | AE29: =SUM(S29:AD29) -> 1541788.4 | AF29: =AE29/$AE$40 -> 0.024660034
A30: Setembro | B30: 7384516.2 | C30: =B30/B34 -> 0.080499689 | D30: =7555140.76 -> 7555140.8 | E30: =D30/D34 -> 0.078376899 | F30: 8405663.2 | G30: =F30/F34 -> 0.079776574 | H30: =9019781.08 -> 9019781.1 | I30: =H30/H34 -> 0.077515269 | J30: =10105595.49 -> 10105595 | K30: =J30/J34 -> 0.081758719 | L30: =((D30+F30+H30+J30)/3.4) -> 10319465 | M30: =L30/L34 -> 0.07824572 | N30: =(F30+H30+J30+L30)/3 -> 12616835 | O30: =(H30+J30+L30+N30)/3.3 -> 12745963 | Q30: 7 | R30: SMTur | S30: 58851.92 | T30: 50153.6 | U30: =55556.25 -> 55556.25 | V30: =58785.61 -> 58785.61 | W30: 62776.26 | X30: 58566.02 | AE30: =SUM(S30:AD30) -> 344689.66 | AF30: =AE30/$AE$40 -> 0.0055131165
A31: Outubro | B31: 7353919.7 | C31: =B31/B34 -> 0.080166153 | D31: 7682619.9 | E31: =D31/D34 -> 0.079699365 | F31: 8594186.1 | G31: =F31/F34 -> 0.081565809 | H31: =9257306.49 -> 9257306.5 | I31: =H31/H34 -> 0.079556543 | J31: 9996580.7 | K31: =J31/J34 -> 0.080876741 | L31: =((D31+F31+H31+J31)/3.4) -> 10450204 | M31: =L31/L34 -> 0.079237028 | N31: =(F31+H31+J31+L31)/3 -> 12766092 | O31: =(H31+J31+L31+N31)/3.3 -> 12869753 | Q31: 8 | R31: SMTSUI | S31: 740885.48 | T31: 589309.21 | U31: 913485.51 | V31: =783014.71 -> 783014.71 | W31: 1038389.1 | X31: 974893.93 | AE31: =SUM(S31:AD31) -> 5039978 | AF31: =AE31/$AE$40 -> 0.080611603
A32: Novembro | B32: 7912382.4 | C32: =B32/B34 -> 0.086254036 | D32: 8077679.6 | E32: =D32/D34 -> 0.083797708 | F32: 8884947.5 | G32: =F32/F34 -> 0.084325371 | H32: 9510627.3 | I32: =H32/H34 -> 0.081733562 | J32: =10537885.72 -> 10537886 | K32: =J32/J34 -> 0.085256137 | L32: =((D32+F32+H32+J32)/3.4) -> 10885629 | M32: =L32/L34 -> 0.082538574 | N32: =(F32+H32+J32+L32)/3 -> 13273030 | O32: =(H32+J32+L32+N32)/3.3 -> 13396113 | Q32: 9 | R32: SEDUC | S32: 2501144.2 | T32: 2645212.9 | U32: =2707776.74 -> 2707776.7 | V32: =2760789.37 -> 2760789.4 | W32: 2538135.1 | X32: 2596091.3 | AE32: =SUM(S32:AD32) -> 15749150 | AF32: =AE32/$AE$40 -> 0.25189876
A33: Dezembro | B33: 13142588 | C33: =B33/B34 -> 0.14326927 | D33: 12634998 | E33: =D33/D34 -> 0.13107525 | F33: 13392877 | G33: =F33/F34 -> 0.12710929 | H33: =15787827.89+865628.68 -> 16653457 | I33: =H33/H34 -> 0.14311846 | J33: 18897584 | K33: =J33/J34 -> 0.15288978 | L33: =((D33+F33+H33+J33)/3.4) -> 18111446 | M33: =L33/L34 -> 0.13732719 | N33: =(F33+H33+J33+L33)/3 -> 22351788 | O33: =(H33+J33+L33+N33)/3.3 -> 23034629 | Q33: 10 | R33: SMSMA | S33: 1923273.2 | T33: 1859487.6 | U33: =3319884.02 -> 3319884 | V33: =1694768.04 -> 1694768 | W33: 2841243.2 | X33: 2332381 | AE33: =SUM(S33:AD33) -> 13971037 | AF33: =AE33/$AE$40 -> 0.22345885
A34: TOTAIS | B34: =SUM(B22:B33) -> 91733474 | C34: =B34/B34 -> 1 | D34: =SUM(D22:D33) -> 96394995 | E34: =D34/D34 -> 1 | F34: =SUM(F22:F33) -> 1.0536506e+08 | G34: =F34/F34 -> 1 | H34: =SUM(H22:H33) -> 1.1636135e+08 | I34: =H34/H34 -> 1 | J34: =SUM(J22:J33) -> 1.2360266e+08 | K34: =J34/J34 -> 1 | L34: =SUM(L22:L33) -> 1.3188536e+08 | M34: =L34/L34 -> 1 | N34: =SUM(N22:N33) -> 1.5838763e+08 | O34: =SUM(O22:O33) -> 1.6067788e+08 | Q34: 11 | R34: SMAS | S34: 223988.11 | T34: 238926.62 | U34: =444544.53 -> 444544.53 | V34: =350230.29 -> 350230.29 | W34: 301969.11 | X34: 250021.63 | AE34: =SUM(S34:AD34) -> 1809680.3 | AF34: =AE34/$AE$40 -> 0.028944815
A35: % em relação ao ano anterior | D35: 0.060015321 | F35: 0.20274498 | H35: 0.15953984 | J35: 0.061875221 | L35: 0.11385731 | N35: 0.085121633 | O35: 0.069107984 | Q35: 12 | R35: SMAIC | S35: 86173.57 | T35: 87289.61 | U35: =110850.94 -> 110850.94 | V35: =170732.58 -> 170732.58 | W35: 123830.35 | X35: 100646.67 | AE35: =SUM(S35:AD35) -> 679523.72 | AF35: =AE35/$AE$40 -> 0.010868598
A36: Superávit | B36: =B17-B34 -> 335252.49 | D36: =D17-D34 -> 8125761.5 | F36: =F17-F34 -> -11138555 | H36: =H17-H34 -> -323055.85 | J36: =J17-J34 -> 263135.53 | L36: =L17-L34 -> 8492451.6 | N36: =N17-N34 -> -8104089.4 | O36: =O17-O34 -> 7750185.4 | Q36: 13 | R36: Encargos | S36: 231987.94 | T36: 219845.87 | U36: =232249.03 -> 232249.03 | V36: =197988.6 -> 197988.6 | W36: 276580.63 | X36: 164311.51 | AE36: =SUM(S36:AD36) -> 1322963.6 | AF36: =AE36/$AE$40 -> 0.021160056
Q37: 14 | R37: Reserva | AE37: =SUM(S37:AD37) -> 0 | AF37: =AE37/$AE$40 -> 0
Q38: 15 | R38: FAPS | S38: 1774960.3 | T38: 1896890.3 | U38: =1916270.79 -> 1916270.8 | V38: =1849406 -> 1849406 | W38: 1863619.4 | X38: 1860929.8 | AE38: =SUM(S38:AD38) -> 11162076 | AF38: =AE38/$AE$40 -> 0.17853111
B39: Cronograma | C39: A Vertic | D39: RECEITA/2021 | F39: DIFERENÇA | H39: DESPESA/2021 | I39: A Vertic | J39: DIFERENÇA | L39: SUPERÁVIT/DÉFICIT | Q39: 16 | R39: FASM | S39: 423850.66 | T39: 711839.77 | U39: =329907.73 -> 329907.73 | V39: =490200.6 -> 490200.6 | W39: 504884.87 | X39: 615775.14 | AE39: =SUM(S39:AD39) -> 3076458.8 | AF39: =AE39/$AE$40 -> 0.049206221
B40: MESES | C40: % | D40: REALIZADA | F40: RECEITA | H40: EXECUTADA | I40: % | J40: DESPESA | L40: AO MÊS | Q40: = | R40: TOTAL | S40: =SUM(S24:S39) -> 9502229.8 | T40: =SUM(T24:T39) -> 9870035.5 | U40: =SUM(U24:U39) -> 11697779 | V40: =SUM(V24:V39) -> 9795349 | W40: =SUM(W24:W39) -> 11144329 | X40: =SUM(X24:X39) -> 10512021 | Y40: =SUM(Y24:Y39) -> 0 | Z40: =SUM(Z24:Z39) -> 0 | ... AE40: =SUM(AE24:AE39) -> 62521744 | AF40: =AE40/$AE$40 -> 1
B41: Janeiro | C41: =D41/$D$53 -> 0.16701376 | D41: 11654887 | F41: =D41-L5 -> 0 | H41: 9502229.8 | I41: =H41/$H$53 -> 0.1519828 | J41: =H41-L22 -> 0 | L41: =D41-H41 -> 2152657.1 | S41: =S40-$H41 -> 0 | T41: =T40-H42 -> 0 | U41: =U40-$H43 -> 0 | V41: =V40-$H44 -> 0 | W41: =W40-$H45 -> 0 | X41: =X40-$H46 -> 0 | Y41: =Y40-$H47 -> 0 | Z41: =Z40-$H48 -> 0 | AA41: =AA40-$H49 -> 0 | AB41: =AB40-$H50 -> 0 | AC41: =AC40-$H51 -> 0 | AD41: =AD40-$H52 -> 0 | AE41: =AE40-$H53 -> 0
B42: Fevereiro | C42: =D42/$D$53 -> 0.17064171 | D42: 11908060 | F42: =D42-L6 -> 0 | H42: 9870035.5 | I42: =H42/$H$53 -> 0.15786565 | J42: =H42-L23 -> 0 | L42: =D42-H42 -> 2038024.1 | S42: CRONOGRAMA DA DESPESA POR CATEGORIA | W42: EXERCÍCIO DE 2021
B43: Março | C43: =D43/$D$53 -> 0.16015299 | D43: =11176115.04 -> 11176115 | F43: =D43-L7 -> 39551.047 | H43: 11697779 | I43: =H43/$H$53 -> 0.18709937 | J43: =H43-L24 -> 1352579.2 | L43: =D43-H43 -> -521663.73 | S43: Janeiro | T43: Fevereiro | U43: Março | V43: Abril | W43: Maio | X43: Junho | Y43: Julho | Z43: Agosto | AA43: Setembro | AB43: Outubro | AC43: Novembro | AD43: Dezembro | AE43: TOTAL
B44: Abril | C44: =D44/$D$53 -> 0.16884919 | D44: =11782970.82 -> 11782971 | F44: =D44-L8 -> 232089.4 | H44: =9795349.04 -> 9795349 | I44: =H44/$H$53 -> 0.15667108 | J44: =H44-L25 -> -558050.54 | L44: =D44-H44 -> 1987621.8 | P44: 3. | Q44: DESPESA CORRENTE | S44: =SUM(S45:S47) -> 10156873 | T44: =SUM(T45:T47) -> 10370898 | U44: =SUM(U45:U47) -> 9718698.5 | V44: =SUM(V45:V47) -> 10068950 | W44: =SUM(W45:W47) -> 9964004.7 | X44: =SUM(X45:X47) -> 9084406.9 | Y44: =SUM(Y45:Y47) -> 10577708 | Z44: =SUM(Z45:Z47) -> 9277833.8 | ... AE44: =SUM(AE45:AE47) -> 1.2232137e+08
B45: Maio | C45: =D45/$D$53 -> 0.17180566 | D45: 11989285 | F45: =D45-L9 -> 562544.46 | H45: 11144329 | I45: =H45/$H$53 -> 0.17824726 | J45: =H45-L26 -> 907808.71 | L45: =D45-H45 -> 844955.24 | P45: 3.1. | Q45: Vencimento e Encargos | S45: =89132085.65*S21 -> 7401023.4 | T45: =89132085.65*T21 -> 7556976.9 | U45: =89132085.65*U21 -> 7081738 | V45: =89132085.65*V21 -> 7336956.3 | W45: =89132085.65*W21 -> 7260485.7 | X45: =89132085.65*X21 -> 6619547.8 | Y45: =89132085.65*Y21 -> 7707673.4 | Z45: =89132085.65*Z21 -> 6760492.5 | ... AD45: =89132085.65*AD21 -> 10689799 | AE45: =SUM(S45:AD45) -> 89132086
B46: Junho | C46: =D46/$D$53 -> 0.16153669 | D46: 11272675 | F46: =D46-L10 -> 886423.62 | H46: 10512021 | I46: =H46/$H$53 -> 0.16813385 | J46: =H46-L27 -> -696073.73 | L46: =D46-H46 -> 760653.93 | P46: 3.2. | Q46: Juros e Encargo Dív. | S46: =115171*S21 -> 9563.1473 | T46: =115171*T21 -> 9764.6609 | U46: =115171*U21 -> 9150.5864 | V46: =115171*V21 -> 9480.3637 | W46: =115171*W21 -> 9381.5531 | X46: =115171*X21 -> 8553.3727 | Y46: =115171*Y21 -> 9959.3816 | Z46: =115171*Z21 -> 8735.4927 | ... AD46: =115171*AD21 -> 13812.701 | AE46: =SUM(S46:AD46) -> 115171
B47: Julho | C47: =D47/$D$53 -> 0 | F47: =D47-L11 -> -12152698 | I47: =H47/$H$53 -> 0 | J47: =H47-L28 -> -10202856 | L47: =D47-H47 -> 0 | P47: 3.3. | Q47: Outras Desp. Corrente | S47: =33074109.33*S21 -> 2746286.6 | T47: =33074109.33*T21 -> 2804156.1 | U47: =33074109.33*U21 -> 2627809.9 | V47: =33074109.33*V21 -> 2722513.4 | W47: =33074109.33*W21 -> 2694137.5 | X47: =33074109.33*X21 -> 2456305.7 | Y47: =33074109.33*Y21 -> 2860074.8 | Z47: =33074109.33*Z21 -> 2508605.8 | ... AD47: =33074109.33*AD21 -> 3966647.7 | AE47: =SUM(S47:AD47) -> 33074109
B48: Agosto | C48: =D48/$D$53 -> 0 | F48: =D48-L12 -> -10615059 | I48: =H48/$H$53 -> 0 | J48: =H48-L29 -> -10400279 | L48: =D48-H48 -> 0 | P48: 4. | Q48: DESPESA DE CAPITAL | S48: =SUM(S49:S51) -> 512195.7 | T48: =SUM(T49:T51) -> 522988.64 | U48: =SUM(U49:U51) -> 490099.22 | V48: =SUM(V49:V51) -> 507761.87 | W48: =SUM(W49:W51) -> 502469.64 | X48: =SUM(X49:X51) -> 458112.86 | Y48: =SUM(Y49:Y51) -> 533417.74 | Z48: =SUM(Z49:Z51) -> 467867.08 | ... AE48: =SUM(AE49:AE51) -> 6168480.9
B49: Setembro | C49: =D49/$D$53 -> 0 | F49: =D49-L13 -> -10503431 | I49: =H49/$H$53 -> 0 | J49: =H49-L30 -> -10319465 | L49: =D49-H49 -> 0 | P49: 4.4. | Q49: Investimentos | S49: =5453968.29*S21 -> 452866.62 | T49: =5453968.29*T21 -> 462409.38 | U49: =5453968.29*U21 -> 433329.64 | V49: =5453968.29*V21 -> 448946.38 | W49: =5453968.29*W21 -> 444267.16 | X49: =5453968.29*X21 -> 405048.35 | Y49: =5453968.29*Y21 -> 471630.46 | Z49: =5453968.29*Z21 -> 413672.72 | ... AD49: =5453968.29*AD21 -> 654105.92 | AE49: =SUM(S49:AD49) -> 5453968.3
B50: Outubro | C50: =D50/$D$53 -> 0 | F50: =D50-L14 -> -11404000 | I50: =H50/$H$53 -> 0 | J50: =H50-L31 -> -10450204 | L50: =D50-H50 -> 0 | P50: 4.5. | Q50: Inversões Financeira | S50: =10608*S21 -> 880.82822 | T50: =10608*T21 -> 899.38893 | U50: =10608*U21 -> 842.82866 | V50: =10608*V21 -> 873.20331 | W50: =10608*W21 -> 864.10221 | X50: =10608*X21 -> 787.82139 | Y50: =10608*Y21 -> 917.32398 | Z50: =10608*Z21 -> 804.59583 | ... AD50: =10608*AD21 -> 1272.2398 | AE50: =SUM(S50:AD50) -> 10608
B51: Novembro | C51: =D51/$D$53 -> 0 | F51: =D51-L15 -> -10645403 | I51: =H51/$H$53 -> 0 | J51: =H51-L32 -> -10885629 | L51: =D51-H51 -> 0 | P51: 4.6. | Q51: Amortização da Dívida | S51: =703904.61*S21 -> 58448.251 | T51: =703904.61*T21 -> 59679.866 | U51: =703904.61*U21 -> 55926.752 | V51: =703904.61*V21 -> 57942.292 | W51: =703904.61*W21 -> 57338.379 | X51: =703904.61*X21 -> 52276.688 | Y51: =703904.61*Y21 -> 60869.964 | Z51: =703904.61*Z21 -> 53389.773 | ... AD51: =703904.61*AD21 -> 84420.765 | AE51: =SUM(S51:AD51) -> 703904.61
B52: Dezembro | C52: =D52/$D$53 -> 0 | F52: =D52-L16 -> -16993835 | I52: =H52/$H$53 -> 0 | J52: =H52-L33 -> -18111446 | L52: =D52-H52 -> 0 | P52: TOTAL DA DESPESA FIXADA | S52: =S44+S48 -> 10669069 | T52: =T44+T48 -> 10893886 | U52: =U44+U48 -> 10208798 | V52: =V44+V48 -> 10576712 | W52: =W44+W48 -> 10466474 | X52: =X44+X48 -> 9542519.8 | Y52: =Y44+Y48 -> 11111125 | Z52: =Z44+Z48 -> 9745700.9 | ... AE52: =AE44+AE48 -> 1.2848985e+08
B53: TOTAIS | C53: =SUM(C41:C52) -> 1 | D53: =SUM(D41:D52) -> 69783992 | F53: =SUM(F41:F52) -> -70593818 | G53: =(H53-H34)/H34 -> -0.46269319 | H53: =SUM(H41:H52) -> 62521744 | I53: =SUM(I41:I52) -> 1 | J53: =SUM(J41:J52) -> -69363615 | L53: =SUM(L41:L52) -> 7262248.4 | P53: 9.9. | Q53: Reserva de Contigência | S53: =S20-S52 -> 987109.12 | T53: =T20-T52 -> 1007909.4 | U53: =U20-U52 -> 944524.54 | V53: =V20-V52 -> 978564.19 | W53: =W20-W52 -> 968364.95 | X53: =X20-X52 -> 882880.07 | Y53: =Y20-Y52 -> 1028008.5 | Z53: =Z20-Z52 -> 901678.53 | ... AD53: =AD20-AD52 -> 1425748.5 | AE53: =SUM(S53:AD53) -> 11887963
D54: =69783992.23-D53 -> 0 | H54: =62521743.79-H53 -> 0 | P54: TOTAL GERAL PREVISTO | S54: =S52+S53 -> 11656178 | T54: =T52+T53 -> 11901796 | U54: =U52+U53 -> 11153322 | V54: =V52+V53 -> 11555276 | W54: =W52+W53 -> 11434839 | X54: =X52+X53 -> 10425400 | Y54: =Y52+Y53 -> 12139134 | Z54: =Z52+Z53 -> 10647379 | ... AD54: =AD52+AD53 -> 16835807 | AE54: =SUM(S54:AD54) -> 1.4037781e+08
H55: SUPERÁVIT/DÉFICIT | I55: +/- | J55: =D53-H53 -> 7262248.4 | K55: SOBRE A DESPESA LIQUIDADA.
I56: Restos a Pagar Processados de Exercícios Anteriores Pagos: | J56: 6809544.8 | K56: a Pagar: | L56: =Exec_Orç!K19 -> 21152570 | P56: 3. | Q56: DESPESA CORRENTE | S56: =SUM(S57:S59) -> 9502229.8 | T56: =SUM(T57:T59) -> 9863334.6 | U56: =SUM(U57:U59) -> 11673365 | V56: =SUM(V57:V59) -> 9767509.6 | W56: =SUM(W57:W59) -> 11080310 | X56: =SUM(X57:X59) -> 10433551 | Y56: =SUM(Y57:Y59) -> 0 | Z56: =SUM(Z57:Z59) -> 0 | ... AE56: =SUM(AE57:AE59) -> 62320300 | AF56: =AE56/$AE$64 -> 0.99677802
I57: Restos a Pagar Não Processados de Exercícios Anteriores Pagos: | J57: =(J58-J56) -> -791340 | K57: a Liquidar: | L57: =Exec_Orç!J19 -> 1731688.2 | P57: 3.1. | Q57: Vencimento e Encargos | S57: 7483372.4 | T57: 7755753.4 | U57: =7806919.68 -> 7806919.7 | V57: =7464214.06 -> 7464214.1 | W57: =7290775.62 -> 7290775.6 | X57: 7411621.8 | AE57: =SUM(S57:AD57) -> 45212657 | AF57: =AE57/$AE$64 -> 0.72315093
I58: Totais: | J58: =SUM(B91:O91)+N113 -> 6018204.8 | L58: =L56+L57 -> 22884258 | P58: 3.2. | Q58: Juros e Encargo Dív. | S58: 5579.12 | V58: =11158.24 -> 11158.24 | W58: =11158.24 -> 11158.24 | X58: 5579.12 | AE58: =SUM(S58:AD58) -> 33474.72 | AF58: =AE58/$AE$64 -> 0.00053540925
J59: =J56+J57-J58 -> 0 | P59: 3.3. | Q59: Outras Desp. Corrente | S59: 2013278.3 | T59: 2107581.2 | U59: =3866445.67 -> 3866445.7 | V59: =2292137.34 -> 2292137.3 | W59: =3778375.74 -> 3778375.7 | X59: 3016350.2 | AE59: =SUM(S59:AD59) -> 17074168 | AF59: =AE59/$AE$64 -> 0.27309169
P60: 4. | Q60: DESPESA DE CAPITAL | S60: =SUM(S61:S63) -> 0 | T60: =SUM(T61:T63) -> 6700.86 | U60: =SUM(U61:U63) -> 24413.42 | V60: =SUM(V61:V63) -> 27839.4 | W60: =SUM(W61:W63) -> 64019.8 | X60: =SUM(X61:X63) -> 78470.15 | Y60: =SUM(Y61:Y63) -> 0 | Z60: =SUM(Z61:Z63) -> 0 | ... AE60: =SUM(AE61:AE63) -> 201443.63 | AF60: =AE60/$AE$64 -> 0.0032219772
P61: 4.4. | Q61: Investimentos | T61: 6700.86 | U61: =24413.42 -> 24413.42 | V61: =27839.4 -> 27839.4 | W61: =64019.8 -> 64019.8 | X61: 78470.15 | AE61: =SUM(S61:AD61) -> 201443.63 | AF61: =AE61/$AE$64 -> 0.0032219772
P62: 4.5. | Q62: Inversões Financeira | AE62: =SUM(S62:AD62) -> 0 | AF62: =AE62/$AE$64 -> 0
B63: Giovani Amestoy da Silva | E63: Ihoko Nakashima Mota | I63: Arlei Lopes Souza | P63: 4.6. | Q63: Amortização da Dívida | AE63: =SUM(S63:AD63) -> 0 | AF63: =AE63/$AE$64 -> 0
B64: Prefeito Municipal | E64: Secret. de Município da Fazenda | I64: Contador - CRC/RS: 068452/O-6 | P64: Total da Despesa Liquidada: | S64: =S56+S60 -> 9502229.8 | T64: =T56+T60 -> 9870035.5 | U64: =U56+U60 -> 11697779 | V64: =V56+V60 -> 9795349 | W64: =W56+W60 -> 11144329 | X64: =X56+X60 -> 10512021 | Y64: =Y56+Y60 -> 0 | Z64: =Z56+Z60 -> 0 | ... AF64: =AF56+AF60 -> 1
S65: =H41-S64 -> 0 | T65: =H42-T64 -> 0 | U65: =H43-U64 -> 0 | V65: =H44-V64 -> 0 | W65: =H45-W64 -> 0 | X65: =H46-X64 -> 0 | Y65: =H47-Y64 -> 0 | Z65: =H48-Z64 -> 0 | AA65: =H49-AA64 -> 0 | AB65: =H50-AB64 -> 0 | AC65: =H51-AC64 -> 0 | AD65: =H52-AD64 -> 0 | AE65: =AE64-H53 -> 0
R66: Giovani Amestoy da Silva | U66: Ihoko Nakashima Mota | Y66: Arlei Lopes Souza | AD66: Nota: + Despesa não Liquidada: | AE66: =68392937.41-AE64 -> 5871193.6
AD67: Total da DespesaEmpenhada: | AE67: =AE66+AE64 -> 68392937
AE68: =62521743.79-AE64 -> 0
R70: Cponsolidadas | S70: Janeiro | T70: Fevereiro | U70: Março | V70: Abril | W70: Maio | X70: Junho | Y70: Julho | Z70: Agosto | AA70: Setembro | AB70: Outubro | AC70: Novembro | AD70: Dezembro | AE70: TOTAIS:
C71: EVOLUÇÃO DOS SALDOS DOS RESTOS A PAGAR DO PERÍODO: | R71: Despesas Corr. | S71: =S56 -> 9502229.8 | T71: =T56 -> 9863334.6 | U71: =U56 -> 11673365 | V71: =V56 -> 9767509.6 | W71: =W56 -> 11080310 | X71: =X56 -> 10433551 | Y71: =Y56 -> 0 | Z71: =Z56 -> 0 | ... AD71: =AD56 -> 0 | AE71: =SUM(S71:AD71) -> 62320300
A72: Ano: 2020 | B72: Janeiro | C72: Ano | D72: Fevereiro | E72: Março | F72: Abril | H72: Maio | J72: Junho | K72: Julho | L72: Agosto | M72: Setembro | N72: Outubro | O72: Novembro | R72: Receita Corrente | S72: =10680236.85 -> 10680237 | T72: 10150954 | U72: =9916523.05 -> 9916523.1 | V72: =11591995.86 -> 11591996 | AE72: =SUM(S72:AD72) -> 42339710
A73: 4383.53 | B73: 4383.53 | C73: 2004 | D73: 4383.53 | E73: 4383.53 | F73: 4383.53 | H73: 4383.53 | J73: 4383.53 | R73: % da DC s/ RC: | S73: =S71/S72 -> 0.88970216 | T73: =T71/T72 -> 0.97166578 | U73: =U71/U72 -> 1.1771631 | V73: =V71/V72 -> 0.8426081 | AE73: =AE72/AE56 -> 0.67938873
A74: 57.84 | B74: 57.84 | C74: 2005 | D74: 57.84 | E74: 57.84 | F74: 57.84 | H74: 57.84 | J74: 57.84
A75: 1022.7 | B75: 1022.7 | C75: 2006 | D75: 1022.7 | E75: 1022.7 | F75: 1022.7 | H75: 1022.7 | J75: 1022.7 | T75: SECRETARIA MUNICIPAL DA SAÚDE E MEIO AMBIENTE - SMSMA
A76: 776.55 | B76: 776.55 | C76: 2007 | D76: 776.55 | E76: 776.55 | F76: 776.55 | H76: 776.55 | J76: 776.55
A77: 2046.08 | B77: 2046.08 | C77: 2008 | D77: 2046.08 | E77: 2046.08 | F77: 2046.08 | H77: 2046.08 | J77: 2046.08 | T77: COMPARATIVO DA DESPESA PREVISTA CONSOLIDADA COM A DESPESA PREVISTA PARA A SAÚDE
A78: 2230.9 | B78: 2230.9 | C78: 2009 | D78: 2230.9 | E78: 2230.9 | F78: 2230.9 | H78: 2230.9 | J78: 2230.9 | Q78: Seq. | R78: PREVISTO: | S78: =S3 -> JANEIRO | T78: =T3 -> FEVEREIRO | U78: =U3 -> MARÇO | V78: =V3 -> ABRIL | W78: =W3 -> MAIO | X78: =X3 -> JUNHO | Y78: =Y3 -> JULHO | Z78: =Z3 -> AGOSTO | ... AE78: =AE3 -> TOTAL
A79: 7980.88 | B79: 7980.88 | C79: 2010 | D79: 7980.88 | E79: 7980.88 | F79: 7980.88 | H79: 7980.88 | J79: 7980.88 | Q79: I | R79: TOTAL | S79: =S20 -> 11656178 | T79: =T20 -> 11901796 | U79: =U20 -> 11153322 | V79: =V20 -> 11555276 | W79: =W20 -> 11434839 | X79: =X20 -> 10425400 | Y79: =Y20 -> 12139134 | Z79: =Z20 -> 10647379 | ... AE79: =AE20 -> 1.4037781e+08
A80: 172953.87 | B80: 172953.87 | C80: 2011 | D80: 172953.87 | E80: 172953.87 | F80: 172953.87 | H80: 172953.87 | J80: 172953.87
A81: 2016261.2 | B81: 2002707.6 | C81: 2012 | D81: 1989154 | E81: 1975600.3 | F81: 1962046.7 | H81: 1948493.1 | J81: 1934939.5 | Q81: =Q13 -> 10 | R81: =R13 -> SMS | S81: =S13 -> 2259599.2 | T81: =T13 -> 2308683.3 | U81: =U13 -> 2159109 | V81: =V13 -> 2239435.1 | W81: =W13 -> 2215367.1 | X81: =X13 -> 2013641.7 | ... AE81: =AE13 -> 27215845
A82: 10667.58 | B82: 10667.58 | C82: 2013 | D82: 10667.58 | E82: 10667.58 | F82: 10667.58 | H82: 10667.58 | J82: 10667.58 | R82: % s/ Consolidado | S82: =(S81/S79)*100 -> 19.385422 | T82: =(T81/T79)*100 -> 19.397773 | U82: =(U81/U79)*100 -> 19.358438 | V82: =(V81/V79)*100 -> 19.380196 | W82: =(W81/W79)*100 -> 19.373837 | X82: =(X81/X79)*100 -> 19.314767 | Y82: =(Y81/Y79)*100 -> 19.409232 | Z82: =(Z81/Z79)*100 -> 19.328717 | ... AE82: =(AE81/AE79)*100 -> 19.387569
A83: 536457.43 | B83: 513641.5 | C83: 2014 | D83: 490825.57 | E83: 468009.64 | F83: 445193.71 | H83: 422377.78 | J83: 399561.85
A84: 3209482.3 | B84: 3196828.2 | C84: 2015 | D84: 3184060.8 | E84: 3171406.7 | F84: 3157592.6 | H84: 3144938.5 | J84: 3132284.4 | R84: Bal. Orçamentário | S84: Créditos Orçam. | T84: Disponib. Dotaç. | U84: Empenhado | V84: Liquidado | W84: A Liquidar | X84: Pago | Y84: A Pagar | Z84: Pgtos a EFetuar | AA84: Balcte Orçam.:
A85: 3398020.7 | B85: 3376054.2 | C85: 2016 | D85: 3354087.7 | E85: 3332121.1 | F85: 3255394.1 | H85: 3241116.4 | J85: 3183940.9 | R85: Valores: | S85: =[1]Cruz!I28 -> 1.4478922e+08 | T85: =S85-U85 -> 76396279 | U85: =AE67 -> 68392937 | V85: =AE64 -> 62521744 | W85: =U85-V85 -> 5871193.6 | X85: =58396881.51 -> 58396882 | Y85: =V85-X85 -> 4124862.3 | Z85: =W85+Y85 -> 9996055.9 | AA85: =Z85-W85 -> 4124862.3
A86: 2431405.7 | B86: 2394120.2 | C86: 2017 | D86: 2356834.7 | E86: 2319549.2 | F86: 2282263.7 | H86: 2244978.2 | J86: 2207692.7 | T86: COMPARATIVO DA DESPESA REALIZADA CONSOLIDADA COM A DESPESA REALIZADA NA SAÚDE
A87: 1951977.1 | B87: 1951977.1 | C87: 2018 | D87: 1950772.4 | E87: 1950772.4 | F87: 1950772.4 | H87: 1950038.6 | J87: 1950038.6 | Q87: Seq. | R87: REALIZADO | S87: =S40 -> 9502229.8 | T87: =T40 -> 9870035.5 | U87: =U40 -> 11697779 | V87: =V40 -> 9795349 | W87: =W40 -> 11144329 | X87: =X40 -> 10512021 | Y87: =Y40 -> 0 | Z87: =Z40 -> 0 | ... AE87: =AE40 -> 62521744
A88: 1602004.9 | B88: 1602004.9 | C88: 2019 | D88: 1597163.5 | E88: 1595013.1 | F88: 1595013.1 | H88: 1590916.4 | J88: 1590916.4
A89: 11681226 | B89: 8367616.4 | C89: 2020 | D89: 7165670.7 | E89: 7195049.5 | F89: 6792191.2 | H89: 6524062.2 | J89: 6409256.2 | Q89: =Q33 -> 10 | R89: =R33 -> SMSMA | S89: =S33 -> 1923273.2 | T89: =T33 -> 1859487.6 | U89: =U33 -> 3319884 | V89: =V33 -> 1694768 | W89: =W33 -> 2841243.2 | X89: =X33 -> 2332381 | ... AE89: =AE33 -> 13971037
A90: =SUM(A73:A89) -> 27028955 | B90: =SUM(B73:B89) -> 23607070 | C90: =23607069.89-B90 -> 0 | D90: =SUM(D73:D89) -> 22290689 | E90: =SUM(E73:E89) -> 22209642 | F90: =SUM(F73:F89) -> 21642587 | H90: =SUM(H73:H89) -> 21269041 | J90: =SUM(J73:J89) -> 21010750 | K90: =SUM(K73:K89) -> 0 | L90: =SUM(L73:L89) -> 0 | M90: =SUM(M73:M89) -> 0 | N90: =SUM(N73:N89) -> 0 | O90: =SUM(O73:O89) -> 0 | Q90: II | R90: % s/ Consolidado | S90: =(S89/S87)*100 -> 20.24023 | T90: =(T89/T87)*100 -> 18.839726 | U90: =(U89/U87)*100 -> 28.380465 | V90: =(V89/V87)*100 -> 17.301763 | W90: =(W89/W87)*100 -> 25.494968 | X90: =(X89/X87)*100 -> 22.18775 | Y90: =(Y89/Y87)*100 -> #DIV/0! | Z90: =(Z89/Z87)*100 -> #DIV/0! | ... AE90: =(AE89/AE87)*100 -> 22.345885
A91: Pagos: | B91: =A90-B90 -> 3421885.4 | D91: =B90-D90 -> 1316380.7 | E91: =D90-E90 -> 81047.3 | F91: =E90-F90 -> 567054.53 | H91: =F90-H90 -> 373546.28 | J91: =H90-J90 -> 258290.63
A92: Não Process.: | B92: =22290689.16-B90 -> -1316380.7 | L92: =K90-L90 -> 0 | M92: =L90-M90 -> 0 | N92: =M90-N90 -> 0 | O92: =N90-O90 -> 0
R94: % s/ o Total | S94: =S43 -> Janeiro | T94: =T43 -> Fevereiro | U94: =U43 -> Março | V94: =V43 -> Abril | W94: =W43 -> Maio | X94: =X43 -> Junho | Y94: =Y43 -> Julho | Z94: =Z43 -> Agosto | ... AE94: =AE43 -> TOTAL
R95: % ao mês | S95: =S89/$AE$89 -> 0.13766145 | T95: =T89/$AE$89 -> 0.13309589 | U95: =U89/$AE$89 -> 0.23762617 | V95: =V89/$AE$89 -> 0.12130582 | W95: =W89/$AE$89 -> 0.20336667 | X95: =X89/$AE$89 -> 0.16694401 | Y95: =Y89/$AE$89 -> 0 | Z95: =Z89/$AE$89 -> 0 | ... AD95: =AD89/$AE$89 -> 0 | AE95: =AE89/$AE$20 -> 0.099524541
S98: DESPESA REALIZADO POR BIMESTRE NA SAÚDE EM 2.021
Q99: Total por Bimestre | S99: 1º Bimestre | T99: =S89+T89 -> 3782760.8 | U99: 2º Bimestre | V99: =U89+V89 -> 5014652.1 | W99: 3º Bimestre | X99: =W89+X89 -> 5173624.2 | Y99: 4º Bimestre | Z99: =Y89+Z89 -> 0 | AA99: 5º Bimestre | AB99: =AA89+AB89 -> 0 | AC99: 6º Bimestre | AD99: =AC89+AD89 -> 0 | AE99: =SUM(S99:AD99) -> 13971037
T101: COMPARATIVO DA DESPESA PREVISTA COM A REALIZADA MÊS NO EXERCÍCIO DE 2.020
R102: DIFERENÇA: | S102: =S81-S89 -> 336326.07 | T102: =T81-T89 -> 449195.65 | U102: =U81-U89 -> -1160775 | V102: =V81-V89 -> 544667.06 | W102: =W81-W89 -> -625876.12 | X102: =X81-X89 -> -318739.3 | Y102: =Y81-Y89 -> 2356112.7 | Z102: =Z81-Z89 -> 2058001.9 | ... AE102: =AE81-AE89 -> 13244808
B105: Giovani Amestoy da Silva | E105: Ihoko Nakashima Mota | I105: Arlei Lopes Souza
B106: Prefeito Municipal | E106: Secret. de Município da Fazenda | I106: Contador - CRC/RS: 068452/O-6 | T106: SECRETARIA MUNICIPAL DA EDUCAÇÃO - SEDUC
S108: COMPARATIVO DA DESPESA PREVISTA CONSOLIDADA COM A DESPESA PREVISTA PARA A EDUCAÇÃO NO PERÍODO:
...

Sheet Cruz
D1: PREFEITURA MUNICIPAL DE CAÇAPAVA DO SUL/RS.
B2: CNPJ: | C2: 88142302/0001-45 | E2: Endereço: RUA XV DE NOVEMBRO, Nº 438 / CENTRO / CAÇAPAVA DO SUL / RS / CEP: 96.570-000
D4: CONTROLE DO DÉFICIT ORÇAMENTÁRIO
D6: INSTRUMENTO DE CONTROLE: TERMÔMETRO DE CRUZ
F7: PREVISTA | I7: ATUALIZADA
A8: EXERCICIO DE 2021 | D8: DESPESAS CONSOLIDADAS | F8: Cota Mensal | G8: Valor Líquidado | H8: Receita | I8: Orçado para | J8: Déficit ou | K8: Estouro ou | L8: % s/
A9: Órgãos de Governo | E9: Período:Janeiro a Junho | F9: Acumulada | G9: Até o mês | H9: até o Mês | I9: o Exercício | J9: Superávit | K9: Economia | L9: Total de C
A10: Nº | B10: [A] | F10: [B] | G10: [C] | H10: [D] | I10: [E] | J10: [F] B - C | K10: [G] F / B | L10: [H]
A11: 1 | B11: Câmara Municipal | F11: =SUM(SUM(Cronogra!S4:X4)) -> 2094500 | G11: =Cronogra!AE24 -> 1668806.7 | I11: 4189000 | J11: =F11-G11 -> 425693.31 | K11: =(J11/F11)*100 -> 20.32434 | L11: =(G11/$G$27)*100 -> 2.6691621
A12: 2 | B12: Gabinete do Prefeito | F12: =SUM(SUM(Cronogra!S5:X5)) -> 1125638.7 | G12: =Cronogra!AE25 -> 1032379.3 | I12: 2311581.5 | J12: =F12-G12 -> 93259.341 | K12: =(J12/F12)*100 -> 8.2850159 | L12: =(G12/$G$27)*100 -> 1.6512324
A13: 3 | B13: Secretaria Geral do Município | F13: =SUM(SUM(Cronogra!S6:X6)) -> 612081.72 | G13: =Cronogra!AE26 -> 340054.54 | I13: 1251892.3 | J13: =F13-G13 -> 272027.18 | K13: =(J13/F13)*100 -> 44.442951 | L13: =(G13/$G$27)*100 -> 0.54389804
A14: 4 | B14: Secretaria da Planejamento e Meio Ambiente | F14: =SUM(SUM(Cronogra!S7:X7)) -> 887875.33 | G14: =Cronogra!AE27 -> 784533.97 | I14: 1831204.8 | J14: =F14-G14 -> 103341.36 | K14: =(J14/F14)*100 -> 11.639175 | L14: =(G14/$G$27)*100 -> 1.2548178
A15: 5 | B15: Secretaria de Municipio da Administração | F15: =SUM(SUM(Cronogra!S8:X8)) -> 3757831.2 | G15: =Cronogra!AE28 -> 3998623.7 | I15: 8078865.6 | J15: =F15-G15 -> -240792.57 | K15: =(J15/F15)*100 -> -6.4077538 | L15: =(G15/$G$27)*100 -> 6.3955729
A16: 6 | B16: Secretaria da Fazenda | F16: =SUM(SUM(Cronogra!S9:X9)) -> 1720060.9 | G16: =Cronogra!AE29 -> 1541788.4 | H16: =52151146.73 -> 52151147 | I16: 3547551.9 | J16: =F16-G16 -> 178272.59 | K16: =(J16/F16)*100 -> 10.364318 | L16: =(G16/$G$27)*100 -> 2.4660034
A17: 7 | B17: Secretaria de Municipio da Cultura e do Turismo | F17: =SUM(SUM(Cronogra!S10:X10)) -> 595908.67 | G17: =Cronogra!AE30 -> 344689.66 | I17: 1207536.1 | J17: =F17-G17 -> 251219.01 | K17: =(J17/F17)*100 -> 42.157301 | L17: =(G17/$G$27)*100 -> 0.55131165
A18: 8 | B18: Secretaria de Transporte, Serviços Urbanos e Interior | F18: =SUM(SUM(Cronogra!S11:X11)) -> 6048981.2 | G18: =Cronogra!AE31 -> 5039978 | I18: 12448467 | J18: =F18-G18 -> 1009003.2 | K18: =(J18/F18)*100 -> 16.680548 | L18: =(G18/$G$27)*100 -> 8.0611603
A19: 9 | B19: Secretaria da Educação | F19: =SUM(SUM(Cronogra!S12:X12)) -> 18892274 | G19: =Cronogra!AE32 -> 15749150 | I19: 42368245 | J19: =F19-G19 -> 3143124.8 | K19: =(J19/F19)*100 -> 16.63709 | L19: =(G19/$G$27)*100 -> 25.189876
A20: 10 | B20: Secretaria de Municipio da Saúde | F20: =SUM(SUM(Cronogra!S13:X13)) -> 13195835 | G20: =Cronogra!AE33 -> 13971037 | I20: 29327281 | J20: =F20-G20 -> -775201.65 | K20: =(J20/F20)*100 -> -5.8745932 | L20: =(G20/$G$27)*100 -> 22.345885
A21: 11 | B21: Secretaria de Município da Ação Social | F21: =SUM(SUM(Cronogra!S14:X14)) -> 2021890.3 | G21: =Cronogra!AE34 -> 1809680.3 | I21: 4494711.6 | J21: =F21-G21 -> 212209.99 | K21: =(J21/F21)*100 -> 10.495624 | L21: =(G21/$G$27)*100 -> 2.8944815
A22: 12 | B22: Secretaria de Munic. da Agropecuária Industria e Comércio | F22: =SUM(SUM(Cronogra!S15:X15)) -> 877911.95 | G22: =Cronogra!AE35 -> 679523.72 | I22: 2313005.8 | J22: =F22-G22 -> 198388.23 | K22: =(J22/F22)*100 -> 22.597737 | L22: =(G22/$G$27)*100 -> 1.0868598
A23: 13 | B23: Encargos Gerais do Município | F23: =SUM(SUM(Cronogra!S16:X16)) -> 1459387.6 | G23: =Cronogra!AE36 -> 1322963.6 | I23: 3021924.3 | J23: =F23-G23 -> 136424.02 | K23: =(J23/F23)*100 -> 9.3480319 | L23: =(G23/$G$27)*100 -> 2.1160056
A24: 14 | B24: Reserva de Contigências | F24: =SUM(SUM(Cronogra!S17:X17)) -> 180601.66 | G24: =Cronogra!AE37 -> 0 | I24: 8983.18 | J24: =F24-G24 -> 180601.66 | K24: =(J24/F24)*100 -> 100 | L24: =(G24/$G$27)*100 -> 0
A25: 15 | B25: Regime Próprio de Previdência | F25: =SUM(SUM(Cronogra!S18:X18)) -> 12514539 | G25: =Cronogra!AE38 -> 11162076 | H25: =15316055.8 -> 15316056 | I25: 25810701 | J25: =F25-G25 -> 1352462.7 | K25: =(J25/F25)*100 -> 10.807132 | L25: =(G25/$G$27)*100 -> 17.853111
A26: 16 | B26: Fundo de assistência a Saúde do Servidor Municipal | F26: =SUM(SUM(Cronogra!S19:X19)) -> 2141492.9 | G26: =Cronogra!AE39 -> 3076458.8 | H26: =2316789.7 -> 2316789.7 | I26: 4416737.3 | J26: =F26-G26 -> -934965.84 | K26: =(J26/F26)*100 -> -43.659535 | L26: =(G26/$G$27)*100 -> 4.9206221
A27: Total | F27: =SUM(F11:F26) -> 68126811 | G27: =SUM(G11:G26) -> 62521744 | H27: =SUM(H11:H26) -> 69783992 | I27: =SUM(I11:I26) -> 1.4662769e+08 | J27: =SUM(J11:J26) -> 5605067.4 | L27: =SUM(L11:L26) -> 100
B28: FONTES: | C28: Demonstrativos da Despesas Fixada e Liquidada por Órgão e Receita Efetivamente Realizada.
G29: =G27-Cronogra!AE40 -> 0 | H29: =H27-Cronogra!D53 -> 0 | I29: =146627688.66-I27 -> 0
B30: NOTAS: 1 - | C30: Na coluna: "% s/ Total de C " consta o percentual que cada Órgão representa em relação ao total da Despesa Liquidada, conforme se verifica nos Órgãos de nº 9 que lida
B31: com a Educação representa 25,19% e de Nº 10 que lida com a Saúde 22,35%, respectivamente da Despesa Total Líquidada.
B32: 2 - | C32: O valor constante na coluna: "Cota Mensal Acumulada" foi apurado em conformidade com o Decreto de Desembolso Financeiro e Orçamentário, publicado em janeiro
B33: do corrente ano, que regula os quantitativos referentes ao Cronograma das saídas de acordo com as entradas(Pagamentos igual ou menor que os Recebimentos).
B34: 3 - | C34: =IF(H34>0,"Superávit Orçamentário Consolidado apurado do período","Déficit Orçamentário Consolidado apurado do período") -> Superávit Orçamentário Consolidado apurado do período | H34: =H27-G27 -> 7262248.4 | I34: SOBRE A DESPESA LIQUIDADA CONSOLIDADA.
B35: 4 - | C35: =IF(H35>0,"Superávit Orçamentário da Pref. Municipal apurado do período","Déficit Orçamentário da Pref. Municipal apurado do período") -> Superávit Orçamentário da Pref. Municipal apurado do período | H35: =H16-SUM(G11:G24) -> 3867938.2
B36: 5 - | C36: Restos a Pagar de exercícios anteriores pagos no período de Janeiro a junho de 2021, totalizou: | J36: =Cronogra!J56 -> 6809544.8
C39: Giovani Amestoy da Silva | F39: Ihoko Nakashima Mota | J39: Arlei Lopes Souza
C40: Prefeito Municipal | F40: Secret. de Município da Fazenda | J40: Contador - CRC/RS: 068452/O-6
B74: OBSERVAÇÕES:
B75: 1ª - Os Órgãos que apresentam Déficit Orçamentário estão abaixo do ponto zero na representação gráfica com a coluna invertida para baixo.
B76: 2ª - Os Órgãos que apresentam Superávit Orçamentário e, consequentemente,estão situados acima do ponto zero na representação gráfica, coluna para cima.
B77: 3ª - O déficit é provocado pelo despêndio maior que o previsto para o periodo no Orçamento e Regumentado no Decreto Executivo nº 3037, de 15 Fevereiro de 2013.
C82: Giovani Amestoy da Silva | F82: Ihoko Nakashima Mota | J82: Arlei Lopes Souza
C83: Prefeito Municipal | F83: Secret. de Município da Fazenda | J83: Contador - CRC/RS: 068452/O-6

Sheet Emp
A1: Estado do Rio Grande do Sul - Prefeitura Municipal de Cacapava do Sul
A2: Disponibilidade Financeira do Recurso Vinculado - Junho de 2021
A4: Unidade Gestora: | C4: CONSOLIDADO
D6: Saldo Inicial Vinc. em C/C Bancária | E6: Receita Realizada no Exercício | F6: Transferências Recebidas | G6: Total do Recurso Vinculado | H6: Empenhos Orçam. Efetuados | I6: Empenhos Restos em 31/12/2020 | J6: Total Empenhado | K6: Transferências Devolvidas | L6: Saldo P/Utilização Recurso Vinculado
A7: Fonte de Recursos
A8: 1 | B8: Recurso Livre - Administração Direta Municipal | D8: 4.682.245,45 | E8: 24.531.471,98 | F8: 2.093.662,20 | G8: 31.307.379,63 | H8: 21.124.923,83 | I8: 14.582.056,70 | J8: 35.706.980,53 | K8: 2.093.662,20 | L8: -6.493.263,10
A9: 20 | B9: MDE - Manutenção e Desenvolvimento Ensino | D9: 21.322,44 | E9: 3.262.615,85 | F9: 0,00 | G9: 3.283.938,29 | H9: 4.094.425,22 | I9: 4.165.008,25 | J9: 8.259.433,47 | K9: 0,00 | L9: -4.975.495,18
A10: 30 | B10: FUNDEF | D10: 0,00 | E10: 0,00 | F10: 0,00 | G10: 0,00 | H10: 0,00 | I10: 57,84 | J10: 57,84 | K10: 0,00 | L10: -57,84
A11: 31 | B11: FUNDEB (a partir de 01/01/2007 - Instituído pela EC n° 53/2006) | D11: 467.418,85 | E11: 12.875.692,72 | F11: 0,00 | G11: 13.343.111,57 | H11: 11.232.672,77 | I11: 492.837,01 | J11: 11.725.509,78 | K11: 0,00 | L11: 1.617.601,79
A12: 40 | B12: ASPS - Ações de Serviços Públicos de Saúde | D12: 117.931,20 | E12: 5.822.910,63 | F12: 0,00 | G12: 5.940.841,83 | H12: 10.244.486,88 | I12: 7.343.277,16 | J12: 17.587.764,04 | K12: 0,00 | L12: -11.646.922,21
A13: 50 | B13: RPPS (instituído como FUNDO dentro da Administração Direta) | D13: 33.035.663,09 | E13: 15.316.055,80 | F13: 0,00 | G13: 48.351.718,89 | H13: 11.166.821,60 | I13: 33.584,90 | J13: 11.200.406,50 | K13: 0,00 | L13: 37.151.312,39
A14: 900 | B14: COVID-19 | D14: 4,50 | E14: 0,00 | F14: 0,00 | G14: 4,50 | H14: 0,00 | I14: 0,00 | J14: 0,00 | K14: 0,00 | L14: 4,50
A15: 1022 | B15: PROGRAMA NACIONAL DE ALIMENTACAO ESCOLAR PNAE/FNDE. | D15: 232.186,33 | E15: 258.971,77 | F15: 0,00 | G15: 491.158,10 | H15: 263.423,80 | I15: 0,00 | J15: 263.423,80 | K15: 0,00 | L15: 227.734,30
A16: 1023 | B16: SALARIO EDUCACAO | D16: 516.318,48 | E16: 785.981,77 | F16: 0,00 | G16: 1.302.300,25 | H16: 131.818,03 | I16: 66.203,55 | J16: 198.021,58 | K16: 0,00 | L16: 1.104.278,67
A17: 1024 | B17: TRANSPORTE ESCOLAR | D17: 228.138,49 | E17: 87.455,24 | F17: 0,00 | G17: 315.593,73 | H17: 0,00 | I17: 0,00 | J17: 0,00 | K17: 0,00 | L17: 315.593,73
A18: 1025 | B18: CONVENIO UNIAO FUNDACAO NACIONAL DE DESENVOLVIMENTO DA EDUCACAO - FNDE | D18: 1.350.359,29 | E18: 9.188,63 | F18: 0,00 | G18: 1.359.547,92 | H18: 0,00 | I18: 0,00 | J18: 0,00 | K18: 0,00 | L18: 1.359.547,92
A19: 1026 | B19: Recursos do PEATE/RS | D19: 378.419,89 | E19: 289.993,95 | F19: 0,00 | G19: 668.413,84 | H19: 0,00 | I19: 900,00 | J19: 900,00 | K19: 0,00 | L19: 667.513,84
... A87: 8050 | B87: RECURSO EXTRAORÇAMENTÁRIO DO RPPS | D87: 671.158,65 | E87: 0,00 | F87: 0,00 | G87: 671.158,65 | H87: 0,00 | I87: 0,00 | J87: 0,00 | K87: 0,00 | L87: 671.158,65
A89: Total Geral: | D89: 51.253.703,33 | E89: 69.783.992,23 | F89: 2.093.662,20 | G89: 123.131.357,76 | H89: 68.392.937,41 | I89: 29.440.639,33 | J89: 97.833.576,74 | K89: 2.093.662,20 | L89: 23.204.118,82

Sheet Liquid
A1: Estado do Rio Grande do Sul - Prefeitura Municipal de Cacapava do Sul
A2: Disponibilidade Financeira do Recurso Vinculado - Junho de 2021
A4: Unidade Gestora: | C4: CONSOLIDADO
D6: Saldo Inicial Vinc. em C/C Bancária | E6: Receita Realizada no Exercício | F6: Transferências Recebidas | G6: Total do Recurso Vinculado | H6: Liquidações Orçam. Efetuados | I6: Liquidações de Restos Efetuadas | J6: Total das Liquidações | K6: Transferências Devolvidas | L6: Saldo P/Utilização Recurso Vinculado
A7: Fonte de Recursos
A8: 1 | B8: Recurso Livre - Administração Direta Municipal | D8: 4.682.245,45 | E8: 24.531.471,98 | F8: 2.093.662,20 | G8: 31.307.379,63 | H8: 18.098.764,57 | I8: 287.656,86 | J8: 18.386.421,43 | K8: 2.093.662,20 | L8: 10.827.296,00
A9: 20 | B9: MDE - Manutenção e Desenvolvimento Ensino | D9: 21.322,44 | E9: 3.262.615,85 | F9: 0,00 | G9: 3.283.938,29 | H9: 3.976.552,95 | I9: 158.742,34 | J9: 4.135.295,29 | K9: 0,00 | L9: -851.357,00
A10: 31 | B10: FUNDEB (a partir de 01/01/2007 - Instituído pela EC n° 53/2006) | D10: 467.418,85 | E10: 12.875.692,72 | F10: 0,00 | G10: 13.343.111,57 | H10: 11.232.672,77 | I10: 0,00 | J10: 11.232.672,77 | K10: 0,00 | L10: 2.110.438,80
A11: 40 | B11: ASPS - Ações de Serviços Públicos de Saúde | D11: 117.931,20 | E11: 5.822.910,63 | F11: 0,00 | G11: 5.940.841,83 | H11: 9.549.251,32 | I11: 399.858,40 | J11: 9.949.109,72 | K11: 0,00 | L11: -4.008.267,89
A12: 50 | B12: RPPS (instituído como FUNDO dentro da Administração Direta) | D12: 33.035.663,09 | E12: 15.316.055,80 | F12: 0,00 | G12: 48.351.718,89 | H12: 11.162.076,50 | I12: 0,00 | J12: 11.162.076,50 | K12: 0,00 | L12: 37.189.642,39
A13: 900 | B13: COVID-19 | D13: 4,50 | E13: 0,00 | F13: 0,00 | G13: 4,50 | H13: 0,00 | I13: 0,00 | J13: 0,00 | K13: 0,00 | L13: 4,50
A14: 1022 | B14: PROGRAMA NACIONAL DE ALIMENTACAO ESCOLAR PNAE/FNDE. | D14: 232.186,33 | E14: 258.971,77 | F14: 0,00 | G14: 491.158,10 | H14: 204.089,65 | I14: 0,00 | J14: 204.089,65 | K14: 0,00 | L14: 287.068,45
A15: 1023 | B15: SALARIO EDUCACAO | D15: 516.318,48 | E15: 785.981,77 | F15: 0,00 | G15: 1.302.300,25 | H15: 78.110,96 | I15: 6.200,55 | J15: 84.311,51 | K15: 0,00 | L15: 1.217.988,74
A16: 1024 | B16: TRANSPORTE ESCOLAR | D16: 228.138,49 | E16: 87.455,24 | F16: 0,00 | G16: 315.593,73 | H16: 0,00 | I16: 0,00 | J16: 0,00 | K16: 0,00 | L16: 315.593,73
A17: 1025 | B17: CONVENIO UNIAO FUNDACAO NACIONAL DE DESENVOLVIMENTO DA EDUCACAO - FNDE | D17: 1.350.359,29 | E17: 9.188,63 | F17: 0,00 | G17: 1.359.547,92 | H17: 0,00 | I17: 0,00 | J17: 0,00 | K17: 0,00 | L17: 1.359.547,92
A18: 1026 | B18: Recursos do PEATE/RS | D18: 378.419,89 | E18: 289.993,95 | F18: 0,00 | G18: 668.413,84 | H18: 0,00 | I18: 0,00 | J18: 0,00 | K18: 0,00 | L18: 668.413,84
A19: 1031 | B19: RECURSOS CREDITO EDUCATIVO FUNCRED | D19: 13.638,11 | E19: 54,75 | F19: 0,00 | G19: 13.692,86 | H19: 0,00 | I19: 0,00 | J19: 0,00 | K19: 0,00 | L19: 13.692,86
... A81: 8050 | B81: RECURSO EXTRAORÇAMENTÁRIO DO RPPS | D81: 671.158,65 | E81: 0,00 | F81: 0,00 | G81: 671.158,65 | H81: 0,00 | I81: 0,00 | J81: 0,00 | K81: 0,00 | L81: 671.158,65
A83: Total Geral: | D83: 51.253.703,33 | E83: 69.783.992,23 | F83: 2.093.662,20 | G83: 123.131.357,76 | H83: 62.521.743,79 | I83: 1.017.325,61 | J83: 63.539.069,40 | K83: 2.093.662,20 | L83: 57.498.626,16

Sheet Pgtos
A1: Estado do Rio Grande do Sul - Prefeitura Municipal de Cacapava do Sul
A2: Disponibilidade Financeira do Recurso Vinculado - Julho de 2021
A4: Unidade Gestora: | C4: CONSOLIDADO
D6: Saldo Inicial Vinc. em C/C Bancária | E6: Receita Realizada no Exercício | F6: Transferências Recebidas | G6: Total do Recurso Vinculado | H6: Pagamentos Orçam. Efetuados | I6: Pagamentos de Restos Efetuados | J6: Total dos Pagamentos | K6: Transferências Devolvidas | L6: Saldo P/Utilização Recurso Vinculado
A7: Fonte de Recursos
A8: 1 | B8: Recurso Livre - Administração Direta Municipal | D8: 4.682.245,45 | E8: 27.937.621,60 | F8: 2.093.662,20 | G8: 34.713.529,25 | H8: 17.997.413,63 | I8: 3.018.630,63 | J8: 21.016.044,26 | K8: 2.093.662,20 | L8: 11.603.822,79
A9: 20 | B9: MDE - Manutenção e Desenvolvimento Ensino | D9: 21.322,44 | E9: 3.847.140,44 | F9: 0,00 | G9: 3.868.462,88 | H9: 3.876.381,42 | I9: 912.225,09 | J9: 4.788.606,51 | K9: 0,00 | L9: -920.143,63
A10: 31 | B10: FUNDEB (a partir de 01/01/2007 - Instituído pela EC n° 53/2006) | D10: 467.418,85 | E10: 14.485.329,75 | F10: 0,00 | G10: 14.952.748,60 | H10: 11.222.727,68 | I10: 249.391,86 | J10: 11.472.119,54 | K10: 0,00 | L10: 3.480.629,06
A11: 40 | B11: ASPS - Ações de Serviços Públicos de Saúde | D11: 117.931,20 | E11: 6.667.541,11 | F11: 0,00 | G11: 6.785.472,31 | H11: 9.541.030,74 | I11: 2.021.639,30 | J11: 11.562.670,04 | K11: 0,00 | L11: -4.777.197,73
A12: 50 | B12: RPPS (instituído como FUNDO dentro da Administração Direta) | D12: 33.035.663,09 | E12: 15.739.831,73 | F12: 0,00 | G12: 48.775.494,82 | H12: 11.160.983,86 | I12: 654,00 | J12: 11.161.637,86 | K12: 0,00 | L12: 37.613.856,96
A13: 900 | B13: COVID-19 | D13: 4,50 | E13: 0,00 | F13: 0,00 | G13: 4,50 | H13: 0,00 | I13: 0,00 | J13: 0,00 | K13: 0,00 | L13: 4,50
A14: 1022 | B14: PROGRAMA NACIONAL DE ALIMENTACAO ESCOLAR PNAE/FNDE. | D14: 232.186,33 | E14: 301.902,17 | F14: 0,00 | G14: 534.088,50 | H14: 219.060,23 | I14: 0,00 | J14: 219.060,23 | K14: 0,00 | L14: 315.028,27
A15: 1023 | B15: SALARIO EDUCACAO | D15: 516.318,48 | E15: 911.095,11 | F15: 0,00 | G15: 1.427.413,59 | H15: 83.587,96 | I15: 65.062,83 | J15: 148.650,79 | K15: 0,00 | L15: 1.278.762,80
A16: 1024 | B16: TRANSPORTE ESCOLAR | D16: 228.138,49 | E16: 87.455,24 | F16: 0,00 | G16: 315.593,73 | H16: 0,00 | I16: 0,00 | J16: 0,00 | K16: 0,00 | L16: 315.593,73
A17: 1025 | B17: CONVENIO UNIAO FUNDACAO NACIONAL DE DESENVOLVIMENTO DA EDUCACAO - FNDE | D17: 1.350.359,29 | E17: 9.188,63 | F17: 0,00 | G17: 1.359.547,92 | H17: 0,00 | I17: 0,00 | J17: 0,00 | K17: 0,00 | L17: 1.359.547,92
A18: 1026 | B18: Recursos do PEATE/RS | D18: 378.419,89 | E18: 433.869,25 | F18: 0,00 | G18: 812.289,14 | H18: 0,00 | I18: 0,00 | J18: 0,00 | K18: 0,00 | L18: 812.289,14
A19: 1031 | B19: RECURSOS CREDITO EDUCATIVO FUNCRED | D19: 13.638,11 | E19: 54,75 | F19: 0,00 | G19: 13.692,86 | H19: 0,00 | I19: 0,00 | J19: 0,00 | K19: 0,00 | L19: 13.692,86
... A81: 8050 | B81: RECURSO EXTRAORÇAMENTÁRIO DO RPPS | D81: 671.158,65 | E81: 0,00 | F81: 0,00 | G81: 671.158,65 | H81: 0,00 | I81: 0,00 | J81: 0,00 | K81: 0,00 | L81: 671.158,65
A83: Total Geral: | D83: 51.253.703,33 | E83: 77.337.882,92 | F83: 2.093.662,20 | G83: 130.685.248,45 | H83: 62.346.492,43 | I83: 6.809.544,83 | J83: 69.156.037,26 | K83: 2.093.662,20 | L83: 59.435.548,99

Sheet RAP

Sheet Plan3
